Workbook
Name _1: 'závěsy dle výklopu'!$A$75:$A$76
Name _2: 'závěsy dle výklopu'!$B$75:$B$77
Name _2_strany: 'závěsy dle výklopu'!$AP$2:$AP$3
Name _3: 'závěsy dle výklopu'!$C$75
Name _4_strany: 'závěsy dle výklopu'!$AO$2:$AO$5
Name _A1: 'závěsy dle výklopu'!$B$96:$B$111
Name _A2: 'závěsy dle výklopu'!$D$96
Name _A3: 'závěsy dle výklopu'!$F$96:$F$111
Name _corleone: 'závěsy dle výklopu'!$A$97:$A$139
Name _kombinovane_profily: kombinace_1!$F$18:$F$19
Name _N1: 'závěsy dle výklopu'!$A$96:$A$139
Name _N2: 'závěsy dle výklopu'!$C$96:$C$121
Name _N3: 'závěsy dle výklopu'!$E$96:$E$111
Name _obrazek: IF(kombinace_2!$H$1="PRAVDA",kombinace_2!$G$23,IF(kombinace_2!$H$1="NEPRAVDA",kombinace_2!$G$31,0))
Name _obrazek: IF(kombinace_3!$H$1="PRAVDA",kombinace_3!$G$23,IF(kombinace_3!$H$1="NEPRAVDA",kombinace_3!$G$31,0))
Name _obrazek: IF(kombinace_4!$H$1="PRAVDA",kombinace_4!$G$23,IF(kombinace_4!$H$1="NEPRAVDA",kombinace_4!$G$31,0))
Name _obrazek: IF(kombinace_5!$H$1="PRAVDA",kombinace_5!$G$23,IF(kombinace_5!$H$1="NEPRAVDA",kombinace_5!$G$31,0))
Name _obrazek: IF(kombinace_6!$H$1="PRAVDA",kombinace_6!$G$23,IF(kombinace_6!$H$1="NEPRAVDA",kombinace_6!$G$31,0))
Name _obrazek: IF(kombinace_1!$H$1="PRAVDA",kombinace_1!$G$23,IF(kombinace_1!$H$1="NEPRAVDA",kombinace_1!$G$31,0))
Name _profily_síťka: 'závěsy dle výklopu'!$A$81:$A$90
Name _ramena_HL: 'Translate&Prices&Logo'!$B$618:$B$626
Name _Salice_naložený: kombinace_1!$FA$2:$FA$9
Name _strong_vzpera_horni: 'Translate&Prices&Logo'!$B$595:$B$614
Name _stronglift_klopna: 'Translate&Prices&Logo'!$B$616:$B$617
Name _široký_BLUM_naložený: 'rozpad závěsů bez prázdn. řádků'!$G$24:$G$28
Name _široký_BLUM_polonaložený: 'rozpad závěsů bez prázdn. řádků'!$G$29:$G$32
Name _široký_BLUM_vložený: 'rozpad závěsů bez prázdn. řádků'!$G$33:$G$36
Name _široký_HETTICH_naložený: 'rozpad závěsů bez prázdn. řádků'!$G$37:$G$41
Name _široký_HETTICH_polonaložený: 'rozpad závěsů bez prázdn. řádků'!$G$42:$G$46
Name _široký_HETTICH_vložený: 'rozpad závěsů bez prázdn. řádků'!$G$47:$G$51
Name _široký_STRONGHINGESS3_naložený: 'rozpad závěsů bez prázdn. řádků'!$G$58:$G$60
Name _široký_STRONGHINGESS3_polonaložený: 'rozpad závěsů bez prázdn. řádků'!$G$61:$G$63
Name _široký_STRONGHINGESS3_vložený: 'rozpad závěsů bez prázdn. řádků'!$G$64:$G$66
Name _široký_STRONGHINGESS5_naložený: 'rozpad závěsů bez prázdn. řádků'!$G$52:$G$53
Name _široký_STRONGHINGESS5_polonaložený: 'rozpad závěsů bez prázdn. řádků'!$G$54:$G$55
Name _široký_STRONGHINGESS5_vložený: 'rozpad závěsů bez prázdn. řádků'!$G$56:$G$57
Name _úzký_BLUM_naložený: 'rozpad závěsů bez prázdn. řádků'!$G$2:$G$6
Name _úzký_BLUM_naložený_Rocca: 'rozpad závěsů bez prázdn. řádků'!$G$3:$G$6
Name _úzký_BLUM_polonaložený: 'rozpad závěsů bez prázdn. řádků'!$G$7:$G$8
Name _úzký_BLUM_polonaložený_Rocca: 'rozpad závěsů bez prázdn. řádků'!$G$8
Name _úzký_BLUM_vložený: 'rozpad závěsů bez prázdn. řádků'!$G$9:$G$10
Name _úzký_BLUM_vložený_Rocca: 'rozpad závěsů bez prázdn. řádků'!$G$10
Name _úzký_HETTICH_naložený: 'rozpad závěsů bez prázdn. řádků'!$G$11:$G$14
Name _úzký_HETTICH_polonaložený: 'rozpad závěsů bez prázdn. řádků'!$G$15:$G$17
Name _úzký_HETTICH_vložený: 'rozpad závěsů bez prázdn. řádků'!$G$18:$G$20
Name _úzký_STRONGHINGESS3_naložený: 'rozpad závěsů bez prázdn. řádků'!$G$23
Name _úzký_STRONGHINGESS5_naložený: 'rozpad závěsů bez prázdn. řádků'!$G$21:$I$21
Name _vše_profily: kombinace_1!$A$3:$A$68
Name _vyklopy_blum: kombinace_2!$AB$4:$AB$10
Name _vyklopy_blum: kombinace_3!$AB$4:$AB$10
Name _vyklopy_blum: kombinace_4!$AB$4:$AB$10
Name _vyklopy_blum: kombinace_5!$AB$4:$AB$10
Name _vyklopy_blum: kombinace_6!$AB$4:$AB$10
Name _vyklopy_blum: kombinace_1!$AB$4:$AB$10
Name _vyklopy_blum_kombo: kombinace_1!$AB$50:$AB$53
Name _vyklopy_hettich: kombinace_2!$AB$43:$AB$45
Name _vyklopy_hettich: kombinace_3!$AB$43:$AB$45
Name _vyklopy_hettich: kombinace_4!$AB$43:$AB$45
Name _vyklopy_hettich: kombinace_5!$AB$43:$AB$45
Name _vyklopy_hettich: kombinace_6!$AB$43:$AB$45

Sheet Hlavní
V2: =VLOOKUP(V39,kombinace_1!$EJ$3:$EK$8,2,0) -> PL
K4: ='Translate&Prices&Logo'!$B$247 -> Formularz zamówienia ramek aluminiowych
B14: ='Translate&Prices&Logo'!$B$310 -> Zwykłe ramki | Q14: ='Translate&Prices&Logo'!$B$311 -> Ramki przesuwne
J21: ='Translate&Prices&Logo'!$B$583 -> Zamówienie szkła
B28: ='Translate&Prices&Logo'!$B$281 -> Kolory LACOBEL i MATELAC | Q28: ='Translate&Prices&Logo'!$B$312 -> Rysunki profili i okuć łączących
A38: ='Translate&Prices&Logo'!$B$249 -> Ceny obowiązują od 18.5.2026/Wersja 8.4
V39: 3

Sheet Zakaznik
Q2: ='Translate&Prices&Logo'!$B$542 -> Wprowadzenie
F5: ='Translate&Prices&Logo'!$B$304 -> Zawsze korzystaj z aktualnej wersji formularza, który jest umieszczony na naszej stronie web.
E10: ='Translate&Prices&Logo'!B308 -> Wpisz proszę dane kontaktowe i kliknij w odpowiednie okienko poniżej.
E13: ='Translate&Prices&Logo'!$B$251 -> Klient
E15: ='Translate&Prices&Logo'!$B$255 -> NIP
E17: ='Translate&Prices&Logo'!$B$252 -> Telefon kontaktowy
E19: ='Translate&Prices&Logo'!$B$253 -> Adres e-mail
E21: ='Translate&Prices&Logo'!$B$256 -> Rabat na ramki | P21: %
K22: 0.2
E23: =IF(Hlavní!V39=3,"Dostawa","") -> Dostawa
K24: ↓↓↓ | L24: wpisz adres dostawy poniżej | P24: ↓↓↓
E25: =IF(Hlavní!V39=3,"Adres","") -> Adres
E29: =IF(K23="Dostawa na adres","W przypadku wyboru DOSTAWA NA ADRES do zamówienia zostanie automatycznie doliczona opłata transportowa. Aby uzyskać informacje o kosztach wysyłki powyżej 20 ramek, skontaktuj się z obsługą klienta: tel: 327908582, email: zamowienia@demos-trade.com","")
B34: ="<"&" "&'Translate&Prices&Logo'!$B$576 -> < Powrót | K34: Koszty transportu > | R34: ='Translate&Prices&Logo'!$B$568&" "&">" -> Kolejne > | U34: =IF('Translate&Prices&Logo'!D1=3,1,0) -> 1 | V34: =IF(K23="",0,1) -> 0 | W34: =IF(AND(U34=1,V34=1),1,0) -> 0 | X34: =IF(OR(W34=1,W35=1),1,0) -> 0
U35: ostatní jazyky | W35: =IF('Translate&Prices&Logo'!D1<>3,1,0) -> 0

Sheet cennik transportu PL
P2: ="Powrót" -> Powrót
B12: Ramki zmontowane ze szkłem / szkło :
C13: Pakowane w paczke | E13: Na palecie
B14: max wymiar ramki | C14: do 800 x 800 mm | D14: do 1400 x 800 mm | E14: do 2300 x 750 mm | F14: do 2750 x 750 mm
B15: cena | C15: 35,00 zł | D15: 35,00 zł | E15: 288,00 zł | F15: 332,00 zł
B16: w 1 paczce może być | C16: max 3 sztuki frontów | D16: max 2 sztuki frontów | E16: max 20 sztuki frontów
B18: Aby uzyskać informacje o kosztach wysyłki dla zamówień powyżej 20 ramek, skontaktuj się z obsługą klienta:
B21: Ramki w elementach, same profile (bez szkła): | P21: =IF(Posuv!I17="Dostawa na adres","Ramki przesuwne","")
B22: profile o max długości | C22: do 1400 mm | D22: 1401 - 2850 mm
B23: cena | C23: 35,00 zł | D23: 71,00 zł | P23: Zamówienie szkła
B24: w 1 paczce może być | C24: max 12 sztuki ramek | D24: max 6 sztuki ramek
B26: Przy dostawie na adres w jednym zamówieniu nie można łączyć ramki ze szkłem i bez szkła. | P26: Podsumowanie

Sheet Sklo
AJ1: 800 | AK1: 1400 | AL1: 2300 | AM1: 2750
Q2: ='Translate&Prices&Logo'!$B$542 -> Wprowadzenie | AJ2: 800 | AK2: 800 | AL2: 750
W3: =VLOOKUP(I24,V5:W7,2,0) -> #N/A | AJ3: balík A | AK3: balík B | AL3: paleta A | AM3: paleta B
AJ4: 35 | AK4: 35 | AL4: 288 | AM4: 332
V5: ='Translate&Prices&Logo'!B640 -> Bez modyfikacji | W5: 1 | AJ5: 3 | AK5: 2 | AL5: 20
V6: ='Translate&Prices&Logo'!B641 -> Hartowane (termin dostawy 4 tygodnie) | W6: 2 | AC6: max | AD6: min | AE6: Možné balení | AI6: nejmenší balík
V7: ='Translate&Prices&Logo'!B642 -> Folia | W7: 3 | Z7: {=IF(W3=1,_N1,IF(W3=2,_N2,IF(W3=3,_N3)))} -> #N/A | AC7: =MAX(I21:R22) -> 0 | AD7: =MIN(I21:R22) -> 0 | AE7: =IF(AND(IF($AD7<=AJ$2,"balík A","ne")="balík A",IF($AC$7<=AJ$1,"balík A","ne")="balík A",$AJ$3="balík A"),"balík A","ne") -> balík A | AF7: =IF(AND(IF($AD7<=AK$2,"balík B","ne")="balík B",IF($AC$7<=AK$1,"balík B","ne")="balík B",$AK$3="balík B"),"balík B","ne") -> balík B | AG7: =IF(AND(IF($AD7<=AL$2,"paleta A","ne")="paleta A",IF($AC$7<=AL$1,"paleta A","ne")="paleta A",$AL$3="paleta A"),"paleta A","ne") -> paleta A | AH7: =IF(AND(IF($AD7<=AL$2,"paleta B","ne")="paleta B",IF($AC$7<=AM$1,"paleta B","ne")="paleta B",$AM$3="paleta B"),"paleta B","ne") -> paleta B | AI7: =IF(AE7<>"NE",AE7,IF(AF7<>"NE",AF7,IF(AG7<>"NE",AG7,IF(AH7<>"Ne",AH7,"ne")))) -> balík A | AJ7: =HLOOKUP(AI7,AJ3:AM4,2,0) -> 35 | AK7: cena odpovídající rozměru
C8: ='Translate&Prices&Logo'!$B$251 -> Klient | Z8: #N/A | AJ8: =HLOOKUP(AI7,AJ3:AM5,3,0) -> 3 | AK8: max počet v balíku
U9: =IF(W3=2,'Translate&Prices&Logo'!C96,0) -> #N/A | V9: Kalení cena | Z9: #N/A | AE9: =IF(AND(Hlavní!V39=3,I16="Dostawa na adres"),IF(AE8=6,AJ7,HLOOKUP(AE8,AE6:AI7,2,0)),0) -> 0 | AJ9: =I30 -> 0 | AK9: počet ks
C10: ='Translate&Prices&Logo'!$B$255 -> NIP | U10: =IFERROR(IF(W3=3,(VLOOKUP(I27,'Translate&Prices&Logo'!B93:C95,2,0))*((I21/1000)*(I22/1000)),0),0) -> 0 | V10: Folie cena | Z10: #N/A | AJ10: =CEILING(AJ9/AJ8,1) -> 0 | AK10: počet balíků
Z11: #N/A | AJ11: =AJ10*AJ7 -> 0 | AK11: cena
C12: ='Translate&Prices&Logo'!$B$252 -> Telefon kontaktowy | V12: ='Translate&Prices&Logo'!B97 -> Połysk | Z12: #N/A
V13: ='Translate&Prices&Logo'!B98 -> Matowy | Z13: #N/A
C14: ='Translate&Prices&Logo'!$B$725 -> Rabat | Z14: #N/A
Z15: #N/A
C16: =IF(Hlavní!V39=3,"Dostawa","") -> Dostawa | V16: =VLOOKUP(I29,'Translate&Prices&Logo'!B97:C98,2,0) -> #N/A | W16: =V16*(2*(I21/1000))*(2*(I22/1000)) -> #N/A | Z16: #N/A
C17: =IF(I16="Dostawa na adres","W przypadku wyboru DOSTAWA NA ADRES do zamówienia zostanie automatycznie doliczona opłata transportowa","") | R17: =IF(I16="Dostawa na adres","Cennik transportu - kliknij tutaj","") | Z17: #N/A
C18: =IF(Hlavní!V39=3,"Adres","") -> Adres | Z18: #N/A
V19: =IFERROR((VLOOKUP(I28,'Translate&Prices&Logo'!B101:D165,2,0))*((I21/1000)*(I22/1000))+U9+U10+W16,0) -> 0 | Z19: #N/A
Z20: #N/A
C21: ='Translate&Prices&Logo'!$B$177 -> Szerokość | Z21: #N/A
C22: ='Translate&Prices&Logo'!$B$178 -> Wysokość | Z22: #N/A
V23: ='Translate&Prices&Logo'!B93 -> transparentna | Z23: #N/A
C24: ='Translate&Prices&Logo'!$B$175 -> Rodzaj szkła | V24: ='Translate&Prices&Logo'!B94 -> Biała | Z24: #N/A
V25: ='Translate&Prices&Logo'!B95 -> czarna | Z25: #N/A
I26: ="↥↥"&" "&'Translate&Prices&Logo'!$B$575&" "&C28&" "&"↥↥" -> ↥↥ Nie zmieniaj po wybraniu rodzaj szkła/siatka Rodzaj szkła/siatka ↥↥ | Z26: #N/A
C27: ='Translate&Prices&Logo'!$B$564 -> Rodzaj folii | Z27: #N/A
C28: ='Translate&Prices&Logo'!$B$627 -> Rodzaj szkła/siatka | Z28: #N/A
C29: ='Translate&Prices&Logo'!$B$660 -> Szlifowanie krawędzi | Z29: #N/A
C30: =('Translate&Prices&Logo'!$B$176) -> Ilość sztuk | Z30: #N/A
Z31: #N/A
C32: ='Translate&Prices&Logo'!$B$694 -> Suma | M32: =V19*I30*(1-I14/100) -> 0 | R32: =VLOOKUP('Translate&Prices&Logo'!D1,'závěsy dle výklopu'!A204:B209,2,0) -> zl | Z32: #N/A
Z33: #N/A
Z34: #N/A
C35: =IF(I16="Dostawa na adres","Koszt transportu","") | M35: =IF(AND(I16="Dostawa na adres",I30>0),AJ11,"") | R35: =VLOOKUP('Translate&Prices&Logo'!D1,'závěsy dle výklopu'!A204:B209,2,0) -> zl | Z35: #N/A
Z36: #N/A
Z37: #N/A
Z38: #N/A
Z39: #N/A
Z40: #N/A
Z41: #N/A
Z42: #N/A
Z43: #N/A
Z44: #N/A
Z45: #N/A
Z46: #N/A
Z47: #N/A
... Z64: #N/A

Sheet rozpad závěsů bez prázdn. řádků
A1: typ alurámečku | B1: značka závěsu | C1: naložení dvířek | E1: typ závěsu | F1: barva | G1: Hlavní výběr - concat | H1: závěs 95° | I1: závěs 110° | J1: závěs 120° | K1: ='Translate&Prices&Logo'!$B$630 -> krzyżakowy, wkręt | L1: 6 | M1: ='Translate&Prices&Logo'!$B$631 -> na wkręt (z mimośrodem) | N1: 8 | O1: ='Translate&Prices&Logo'!$B$632 -> krzyżakowy eurowkręt | P1: 10 | Q1: ='Translate&Prices&Logo'!$B$633 -> krzyżakowy expando | R1: 12 | S1: ='Translate&Prices&Logo'!$B$634 -> prosty wkręt | T1: 14 | U1: ='Translate&Prices&Logo'!$B$635 -> prosty eurowkręt | V1: 16 | W1: ='Translate&Prices&Logo'!$B$636 -> prosty expando | X1: 18 | AC1: =$K$1 -> krzyżakowy, wkręt | AD1: 6 | AE1: =VLOOKUP(Ram_1!$H$15,$G:$X,AD1,0) -> #N/A
A2: úzký | B2: BLUM | C2: ='Translate&Prices&Logo'!B555 -> Nakładany | D2: =VLOOKUP(CONCATENATE(A2,"_",B2,"_",C2),$A$69:$B$383,2,0) -> úzký_BLUM_Naložený | E2: ='Translate&Prices&Logo'!$B$584 -> ze sprężyną z tłumieniem | F2: ='Translate&Prices&Logo'!$B$587 -> srebro | G2: =CONCATENATE(H2," ","-"," ",C2," ",E2," - ",F2) -> 118033 - Nakładany ze sprężyną z tłumieniem - srebro | H2: 118033 | I2: - | J2: - | K2: 12306 | L2: =CONCATENATE($K$1," - ",K2) -> krzyżakowy, wkręt - 12306 | M2: N/A | N2: =CONCATENATE($M$1," - ",M2) -> na wkręt (z mimośrodem) - N/A | O2: 12318 | P2: =CONCATENATE($O$1," - ",O2) -> krzyżakowy eurowkręt - 12318 | Q2: 12302 | R2: =CONCATENATE($Q$1," - ",Q2) -> krzyżakowy expando - 12302 | S2: 203387 | T2: =CONCATENATE($S$1," - ",S2) -> prosty wkręt - 203387 | U2: 346624 | V2: =CONCATENATE($U$1," - ",U2) -> prosty eurowkręt - 346624 | W2: 211476 | X2: =CONCATENATE($W$1," - ",W2) -> prosty expando - 211476 | AC2: =$M$1 -> na wkręt (z mimośrodem) | AD2: 8 | AE2: =VLOOKUP(Ram_1!$H$15,$G:$X,AD2,0) -> #N/A
A3: úzký | B3: BLUM | C3: ='Translate&Prices&Logo'!B555 -> Nakładany | D3: =VLOOKUP(CONCATENATE(A3,"_",B3,"_",C3),$A$69:$B$383,2,0) -> úzký_BLUM_Naložený | E3: ='Translate&Prices&Logo'!$B$585 -> ze sprężyną bez tłumienia | F3: ='Translate&Prices&Logo'!$B$587 -> srebro | G3: =CONCATENATE(H3," ","-"," ",C3," ",E3," - ",F3) -> 12106 - Nakładany ze sprężyną bez tłumienia - srebro | H3: 12106 | I3: - | J3: - | K3: 12306 | L3: =CONCATENATE($K$1," - ",K3) -> krzyżakowy, wkręt - 12306 | M3: N/A | N3: =CONCATENATE($M$1," - ",M3) -> na wkręt (z mimośrodem) - N/A | O3: 12318 | P3: =CONCATENATE($O$1," - ",O3) -> krzyżakowy eurowkręt - 12318 | Q3: 12302 | R3: =CONCATENATE($Q$1," - ",Q3) -> krzyżakowy expando - 12302 | S3: 203387 | T3: =CONCATENATE($S$1," - ",S3) -> prosty wkręt - 203387 | U3: 346624 | V3: =CONCATENATE($U$1," - ",U3) -> prosty eurowkręt - 346624 | W3: 211476 | X3: =CONCATENATE($W$1," - ",W3) -> prosty expando - 211476 | AC3: =$O$1 -> krzyżakowy eurowkręt | AD3: 10 | AE3: =VLOOKUP(Ram_1!$H$15,$G:$X,AD3,0) -> #N/A
A4: úzký | B4: BLUM | C4: ='Translate&Prices&Logo'!B555 -> Nakładany | D4: =VLOOKUP(CONCATENATE(A4,"_",B4,"_",C4),$A$69:$B$383,2,0) -> úzký_BLUM_Naložený | E4: ='Translate&Prices&Logo'!$B$585 -> ze sprężyną bez tłumienia | F4: onyx | G4: =CONCATENATE(H4," ","-"," ",C4," ",E4," - ",F4) -> 306329 - Nakładany ze sprężyną bez tłumienia - onyx | H4: 306329 | I4: - | J4: - | K4: 458360 | L4: =CONCATENATE($K$1," - ",K4) -> krzyżakowy, wkręt - 458360 | M4: N/A | N4: =CONCATENATE($M$1," - ",M4) -> na wkręt (z mimośrodem) - N/A | O4: N/A | P4: =CONCATENATE($O$1," - ",O4) -> krzyżakowy eurowkręt - N/A | Q4: 347124 | R4: =CONCATENATE($Q$1," - ",Q4) -> krzyżakowy expando - 347124 | S4: 306320 | T4: =CONCATENATE($S$1," - ",S4) -> prosty wkręt - 306320 | U4: N/A | V4: =CONCATENATE($U$1," - ",U4) -> prosty eurowkręt - N/A | W4: 409651 | X4: =CONCATENATE($W$1," - ",W4) -> prosty expando - 409651 | AC4: =$Q$1 -> krzyżakowy expando | AD4: 12 | AE4: =VLOOKUP(Ram_1!$H$15,$G:$X,AD4,0) -> #N/A
A5: úzký | B5: BLUM | C5: ='Translate&Prices&Logo'!B555 -> Nakładany | D5: =VLOOKUP(CONCATENATE(A5,"_",B5,"_",C5),$A$69:$B$383,2,0) -> úzký_BLUM_Naložený | E5: ='Translate&Prices&Logo'!$B$586 -> tip-on bez sprężyny/tłumienie | F5: ='Translate&Prices&Logo'!$B$587 -> srebro | G5: =CONCATENATE(H5," ","-"," ",C5," ",E5," - ",F5) -> 12109 - Nakładany tip-on bez sprężyny/tłumienie - srebro | H5: 12109 | I5: - | J5: 13764 | K5: 12306 | L5: =CONCATENATE($K$1," - ",K5) -> krzyżakowy, wkręt - 12306 | M5: N/A | N5: =CONCATENATE($M$1," - ",M5) -> na wkręt (z mimośrodem) - N/A | O5: 12318 | P5: =CONCATENATE($O$1," - ",O5) -> krzyżakowy eurowkręt - 12318 | Q5: 12302 | R5: =CONCATENATE($Q$1," - ",Q5) -> krzyżakowy expando - 12302 | S5: 203387 | T5: =CONCATENATE($S$1," - ",S5) -> prosty wkręt - 203387 | U5: 346624 | V5: =CONCATENATE($U$1," - ",U5) -> prosty eurowkręt - 346624 | W5: 211476 | X5: =CONCATENATE($W$1," - ",W5) -> prosty expando - 211476 | AC5: =$S$1 -> prosty wkręt | AD5: 14 | AE5: =VLOOKUP(Ram_1!$H$15,$G:$X,AD5,0) -> #N/A
A6: úzký | B6: BLUM | C6: ='Translate&Prices&Logo'!B555 -> Nakładany | D6: =VLOOKUP(CONCATENATE(A6,"_",B6,"_",C6),$A$69:$B$383,2,0) -> úzký_BLUM_Naložený | E6: ='Translate&Prices&Logo'!$B$586 -> tip-on bez sprężyny/tłumienie | F6: onyx | G6: =CONCATENATE(H6," ","-"," ",C6," ",E6," - ",F6) -> 497120 - Nakładany tip-on bez sprężyny/tłumienie - onyx | H6: 497120 | Q6: 347124 | R6: =CONCATENATE($Q$1," - ",Q6) -> krzyżakowy expando - 347124 | S6: 306320 | T6: =CONCATENATE($S$1," - ",S6) -> prosty wkręt - 306320
A7: úzký | B7: BLUM | C7: ='Translate&Prices&Logo'!B556 -> Półnakładany | D7: =VLOOKUP(CONCATENATE(A7,"_",B7,"_",C7),$A$69:$B$383,2,0) -> úzký_BLUM_Polonaložený | E7: ='Translate&Prices&Logo'!$B$584 -> ze sprężyną z tłumieniem | F7: ='Translate&Prices&Logo'!$B$587 -> srebro | G7: =CONCATENATE(H7," ","-"," ",C7," ",E7," - ",F7) -> 118120 - Półnakładany ze sprężyną z tłumieniem - srebro | H7: 118120 | I7: - | J7: - | K7: 12306 | L7: =CONCATENATE($K$1," - ",K7) -> krzyżakowy, wkręt - 12306 | M7: N/A | N7: =CONCATENATE($M$1," - ",M7) -> na wkręt (z mimośrodem) - N/A | O7: 12318 | P7: =CONCATENATE($O$1," - ",O7) -> krzyżakowy eurowkręt - 12318 | Q7: 12302 | R7: =CONCATENATE($Q$1," - ",Q7) -> krzyżakowy expando - 12302 | S7: 203387 | T7: =CONCATENATE($S$1," - ",S7) -> prosty wkręt - 203387 | U7: 346624 | V7: =CONCATENATE($U$1," - ",U7) -> prosty eurowkręt - 346624 | W7: 211476 | X7: =CONCATENATE($W$1," - ",W7) -> prosty expando - 211476 | AC7: =$U$1 -> prosty eurowkręt | AD7: 16 | AE7: =VLOOKUP(Ram_1!$H$15,$G:$X,AD7,0) -> #N/A
A8: úzký | B8: BLUM | C8: ='Translate&Prices&Logo'!B556 -> Półnakładany | D8: =VLOOKUP(CONCATENATE(A8,"_",B8,"_",C8),$A$69:$B$383,2,0) -> úzký_BLUM_Polonaložený | E8: ='Translate&Prices&Logo'!$B$585 -> ze sprężyną bez tłumienia | F8: ='Translate&Prices&Logo'!$B$587 -> srebro | G8: =CONCATENATE(H8," ","-"," ",C8," ",E8," - ",F8) -> 12107 - Półnakładany ze sprężyną bez tłumienia - srebro | H8: 12107 | I8: - | J8: - | K8: 12306 | L8: =CONCATENATE($K$1," - ",K8) -> krzyżakowy, wkręt - 12306 | M8: N/A | N8: =CONCATENATE($M$1," - ",M8) -> na wkręt (z mimośrodem) - N/A | O8: 12318 | P8: =CONCATENATE($O$1," - ",O8) -> krzyżakowy eurowkręt - 12318 | Q8: 12302 | R8: =CONCATENATE($Q$1," - ",Q8) -> krzyżakowy expando - 12302 | S8: 203387 | T8: =CONCATENATE($S$1," - ",S8) -> prosty wkręt - 203387 | U8: 346624 | V8: =CONCATENATE($U$1," - ",U8) -> prosty eurowkręt - 346624 | W8: 211476 | X8: =CONCATENATE($W$1," - ",W8) -> prosty expando - 211476 | AC8: =$W$1 -> prosty expando | AD8: 18 | AE8: =VLOOKUP(Ram_1!$H$15,$G:$X,AD8,0) -> #N/A
A9: úzký | B9: BLUM | C9: ='Translate&Prices&Logo'!B557 -> Wpuszczany | D9: =VLOOKUP(CONCATENATE(A9,"_",B9,"_",C9),$A$69:$B$383,2,0) -> úzký_BLUM_Vložený | E9: ='Translate&Prices&Logo'!$B$584 -> ze sprężyną z tłumieniem | F9: ='Translate&Prices&Logo'!$B$587 -> srebro | G9: =CONCATENATE(H9," ","-"," ",C9," ",E9," - ",F9) -> 118121 - Wpuszczany ze sprężyną z tłumieniem - srebro | H9: 118121 | I9: - | J9: - | K9: 12306 | L9: =CONCATENATE($K$1," - ",K9) -> krzyżakowy, wkręt - 12306 | M9: N/A | N9: =CONCATENATE($M$1," - ",M9) -> na wkręt (z mimośrodem) - N/A | O9: 12318 | P9: =CONCATENATE($O$1," - ",O9) -> krzyżakowy eurowkręt - 12318 | Q9: 12302 | R9: =CONCATENATE($Q$1," - ",Q9) -> krzyżakowy expando - 12302 | S9: 203387 | T9: =CONCATENATE($S$1," - ",S9) -> prosty wkręt - 203387 | U9: 346624 | V9: =CONCATENATE($U$1," - ",U9) -> prosty eurowkręt - 346624 | W9: 211476 | X9: =CONCATENATE($W$1," - ",W9) -> prosty expando - 211476
A10: úzký | B10: BLUM | C10: ='Translate&Prices&Logo'!B557 -> Wpuszczany | D10: =VLOOKUP(CONCATENATE(A10,"_",B10,"_",C10),$A$69:$B$383,2,0) -> úzký_BLUM_Vložený | E10: ='Translate&Prices&Logo'!$B$585 -> ze sprężyną bez tłumienia | F10: ='Translate&Prices&Logo'!$B$587 -> srebro | G10: =CONCATENATE(H10," ","-"," ",C10," ",E10," - ",F10) -> 12108 - Wpuszczany ze sprężyną bez tłumienia - srebro | H10: 12108 | I10: - | J10: - | K10: 12306 | L10: =CONCATENATE($K$1," - ",K10) -> krzyżakowy, wkręt - 12306 | M10: N/A | N10: =CONCATENATE($M$1," - ",M10) -> na wkręt (z mimośrodem) - N/A | O10: 12318 | P10: =CONCATENATE($O$1," - ",O10) -> krzyżakowy eurowkręt - 12318 | Q10: 12302 | R10: =CONCATENATE($Q$1," - ",Q10) -> krzyżakowy expando - 12302 | S10: 203387 | T10: =CONCATENATE($S$1," - ",S10) -> prosty wkręt - 203387 | U10: 346624 | V10: =CONCATENATE($U$1," - ",U10) -> prosty eurowkręt - 346624 | W10: 211476 | X10: =CONCATENATE($W$1," - ",W10) -> prosty expando - 211476
A11: úzký | B11: HETTICH | C11: ='Translate&Prices&Logo'!B555 -> Nakładany | D11: =VLOOKUP(CONCATENATE(A11,"_",B11,"_",C11),$A$69:$B$383,2,0) -> úzký_HETTICH_Naložený | E11: ='Translate&Prices&Logo'!$B$584 -> ze sprężyną z tłumieniem | F11: ='Translate&Prices&Logo'!$B$587 -> srebro | G11: =CONCATENATE(H11," ","-"," ",C11," ",E11," - ",F11) -> 300279 - Nakładany ze sprężyną z tłumieniem - srebro | H11: 300279 | I11: - | J11: - | K11: 106403 | L11: =CONCATENATE($K$1," - ",K11) -> krzyżakowy, wkręt - 106403 | M11: N/A | N11: =CONCATENATE($M$1," - ",M11) -> na wkręt (z mimośrodem) - N/A | O11: 119240 | P11: =CONCATENATE($O$1," - ",O11) -> krzyżakowy eurowkręt - 119240 | Q11: 136276 | R11: =CONCATENATE($Q$1," - ",Q11) -> krzyżakowy expando - 136276 | S11: 300319 | T11: =CONCATENATE($S$1," - ",S11) -> prosty wkręt - 300319 | U11: N/A | V11: =CONCATENATE($U$1," - ",U11) -> prosty eurowkręt - N/A | W11: N/A | X11: =CONCATENATE($W$1," - ",W11) -> prosty expando - N/A
A12: úzký | B12: HETTICH | C12: ='Translate&Prices&Logo'!B555 -> Nakładany | D12: =VLOOKUP(CONCATENATE(A12,"_",B12,"_",C12),$A$69:$B$383,2,0) -> úzký_HETTICH_Naložený | E12: ='Translate&Prices&Logo'!$B$584 -> ze sprężyną z tłumieniem | F12: ='Translate&Prices&Logo'!$B$588 -> czarny | G12: =CONCATENATE(H12," ","-"," ",C12," ",E12," - ",F12) -> 344697 - Nakładany ze sprężyną z tłumieniem - czarny | H12: 344697 | I12: - | J12: - | K12: N/A | L12: =CONCATENATE($K$1," - ",K12) -> krzyżakowy, wkręt - N/A | M12: N/A | N12: =CONCATENATE($M$1," - ",M12) -> na wkręt (z mimośrodem) - N/A | O12: N/A | P12: =CONCATENATE($O$1," - ",O12) -> krzyżakowy eurowkręt - N/A | Q12: 344727 | R12: =CONCATENATE($Q$1," - ",Q12) -> krzyżakowy expando - 344727 | S12: 397949 | T12: =CONCATENATE($S$1," - ",S12) -> prosty wkręt - 397949 | U12: N/A | V12: =CONCATENATE($U$1," - ",U12) -> prosty eurowkręt - N/A | W12: N/A | X12: =CONCATENATE($W$1," - ",W12) -> prosty expando - N/A
A13: úzký | B13: HETTICH | C13: ='Translate&Prices&Logo'!B555 -> Nakładany | D13: =VLOOKUP(CONCATENATE(A13,"_",B13,"_",C13),$A$69:$B$383,2,0) -> úzký_HETTICH_Naložený | E13: ='Translate&Prices&Logo'!$B$585 -> ze sprężyną bez tłumienia | F13: ='Translate&Prices&Logo'!$B$587 -> srebro | G13: =CONCATENATE(H13," ","-"," ",C13," ",E13," - ",F13) -> 300282 - Nakładany ze sprężyną bez tłumienia - srebro | H13: 300282 | I13: - | J13: - | K13: 106403 | L13: =CONCATENATE($K$1," - ",K13) -> krzyżakowy, wkręt - 106403 | M13: N/A | N13: =CONCATENATE($M$1," - ",M13) -> na wkręt (z mimośrodem) - N/A | O13: 119240 | P13: =CONCATENATE($O$1," - ",O13) -> krzyżakowy eurowkręt - 119240 | Q13: 136276 | R13: =CONCATENATE($Q$1," - ",Q13) -> krzyżakowy expando - 136276 | S13: 300319 | T13: =CONCATENATE($S$1," - ",S13) -> prosty wkręt - 300319 | U13: N/A | V13: =CONCATENATE($U$1," - ",U13) -> prosty eurowkręt - N/A | W13: N/A | X13: =CONCATENATE($W$1," - ",W13) -> prosty expando - N/A
A14: úzký | B14: HETTICH | C14: ='Translate&Prices&Logo'!B555 -> Nakładany | D14: =VLOOKUP(CONCATENATE(A14,"_",B14,"_",C14),$A$69:$B$383,2,0) -> úzký_HETTICH_Naložený | E14: ='Translate&Prices&Logo'!$B$586 -> tip-on bez sprężyny/tłumienie | F14: ='Translate&Prices&Logo'!$B$587 -> srebro | G14: =CONCATENATE(H14," ","-"," ",C14," ",E14," - ",F14) -> 300285 - Nakładany tip-on bez sprężyny/tłumienie - srebro | H14: 300285 | I14: - | J14: - | K14: 106403 | L14: =CONCATENATE($K$1," - ",K14) -> krzyżakowy, wkręt - 106403 | M14: N/A | N14: =CONCATENATE($M$1," - ",M14) -> na wkręt (z mimośrodem) - N/A | O14: 119240 | P14: =CONCATENATE($O$1," - ",O14) -> krzyżakowy eurowkręt - 119240 | Q14: 136276 | R14: =CONCATENATE($Q$1," - ",Q14) -> krzyżakowy expando - 136276 | S14: 300319 | T14: =CONCATENATE($S$1," - ",S14) -> prosty wkręt - 300319 | U14: N/A | V14: =CONCATENATE($U$1," - ",U14) -> prosty eurowkręt - N/A | W14: N/A | X14: =CONCATENATE($W$1," - ",W14) -> prosty expando - N/A
A15: úzký | B15: HETTICH | C15: ='Translate&Prices&Logo'!B556 -> Półnakładany | D15: =VLOOKUP(CONCATENATE(A15,"_",B15,"_",C15),$A$69:$B$383,2,0) -> úzký_HETTICH_Polonaložený | E15: ='Translate&Prices&Logo'!$B$584 -> ze sprężyną z tłumieniem | F15: ='Translate&Prices&Logo'!$B$587 -> srebro | G15: =CONCATENATE(H15," ","-"," ",C15," ",E15," - ",F15) -> 300280 - Półnakładany ze sprężyną z tłumieniem - srebro | H15: 300280 | I15: - | J15: - | K15: 106403 | L15: =CONCATENATE($K$1," - ",K15) -> krzyżakowy, wkręt - 106403 | M15: N/A | N15: =CONCATENATE($M$1," - ",M15) -> na wkręt (z mimośrodem) - N/A | O15: 119240 | P15: =CONCATENATE($O$1," - ",O15) -> krzyżakowy eurowkręt - 119240 | Q15: 136276 | R15: =CONCATENATE($Q$1," - ",Q15) -> krzyżakowy expando - 136276 | S15: 300319 | T15: =CONCATENATE($S$1," - ",S15) -> prosty wkręt - 300319 | U15: N/A | V15: =CONCATENATE($U$1," - ",U15) -> prosty eurowkręt - N/A | W15: N/A | X15: =CONCATENATE($W$1," - ",W15) -> prosty expando - N/A
A16: úzký | B16: HETTICH | C16: ='Translate&Prices&Logo'!B556 -> Półnakładany | D16: =VLOOKUP(CONCATENATE(A16,"_",B16,"_",C16),$A$69:$B$383,2,0) -> úzký_HETTICH_Polonaložený | E16: ='Translate&Prices&Logo'!$B$585 -> ze sprężyną bez tłumienia | F16: ='Translate&Prices&Logo'!$B$587 -> srebro | G16: =CONCATENATE(H16," ","-"," ",C16," ",E16," - ",F16) -> 300283 - Półnakładany ze sprężyną bez tłumienia - srebro | H16: 300283 | I16: - | J16: - | K16: 106403 | L16: =CONCATENATE($K$1," - ",K16) -> krzyżakowy, wkręt - 106403 | M16: N/A | N16: =CONCATENATE($M$1," - ",M16) -> na wkręt (z mimośrodem) - N/A | O16: 119240 | P16: =CONCATENATE($O$1," - ",O16) -> krzyżakowy eurowkręt - 119240 | Q16: 136276 | R16: =CONCATENATE($Q$1," - ",Q16) -> krzyżakowy expando - 136276 | S16: 300319 | T16: =CONCATENATE($S$1," - ",S16) -> prosty wkręt - 300319 | U16: N/A | V16: =CONCATENATE($U$1," - ",U16) -> prosty eurowkręt - N/A | W16: N/A | X16: =CONCATENATE($W$1," - ",W16) -> prosty expando - N/A
A17: úzký | B17: HETTICH | C17: ='Translate&Prices&Logo'!B556 -> Półnakładany | D17: =VLOOKUP(CONCATENATE(A17,"_",B17,"_",C17),$A$69:$B$383,2,0) -> úzký_HETTICH_Polonaložený | E17: ='Translate&Prices&Logo'!$B$586 -> tip-on bez sprężyny/tłumienie | F17: ='Translate&Prices&Logo'!$B$587 -> srebro | G17: =CONCATENATE(H17," ","-"," ",C17," ",E17," - ",F17) -> 300286 - Półnakładany tip-on bez sprężyny/tłumienie - srebro | H17: 300286 | I17: - | J17: - | K17: 106403 | L17: =CONCATENATE($K$1," - ",K17) -> krzyżakowy, wkręt - 106403 | M17: N/A | N17: =CONCATENATE($M$1," - ",M17) -> na wkręt (z mimośrodem) - N/A | O17: 119240 | P17: =CONCATENATE($O$1," - ",O17) -> krzyżakowy eurowkręt - 119240 | Q17: 136276 | R17: =CONCATENATE($Q$1," - ",Q17) -> krzyżakowy expando - 136276 | S17: 300319 | T17: =CONCATENATE($S$1," - ",S17) -> prosty wkręt - 300319 | U17: N/A | V17: =CONCATENATE($U$1," - ",U17) -> prosty eurowkręt - N/A | W17: N/A | X17: =CONCATENATE($W$1," - ",W17) -> prosty expando - N/A
A18: úzký | B18: HETTICH | C18: ='Translate&Prices&Logo'!B557 -> Wpuszczany | D18: =VLOOKUP(CONCATENATE(A18,"_",B18,"_",C18),$A$69:$B$383,2,0) -> úzký_HETTICH_Vložený | E18: ='Translate&Prices&Logo'!$B$584 -> ze sprężyną z tłumieniem | F18: ='Translate&Prices&Logo'!$B$587 -> srebro | G18: =CONCATENATE(H18," ","-"," ",C18," ",E18," - ",F18) -> 300281 - Wpuszczany ze sprężyną z tłumieniem - srebro | H18: 300281 | I18: - | J18: - | K18: 106403 | L18: =CONCATENATE($K$1," - ",K18) -> krzyżakowy, wkręt - 106403 | M18: N/A | N18: =CONCATENATE($M$1," - ",M18) -> na wkręt (z mimośrodem) - N/A | O18: 119240 | P18: =CONCATENATE($O$1," - ",O18) -> krzyżakowy eurowkręt - 119240 | Q18: 136276 | R18: =CONCATENATE($Q$1," - ",Q18) -> krzyżakowy expando - 136276 | S18: 300319 | T18: =CONCATENATE($S$1," - ",S18) -> prosty wkręt - 300319 | U18: N/A | V18: =CONCATENATE($U$1," - ",U18) -> prosty eurowkręt - N/A | W18: N/A | X18: =CONCATENATE($W$1," - ",W18) -> prosty expando - N/A
A19: úzký | B19: HETTICH | C19: ='Translate&Prices&Logo'!B557 -> Wpuszczany | D19: =VLOOKUP(CONCATENATE(A19,"_",B19,"_",C19),$A$69:$B$383,2,0) -> úzký_HETTICH_Vložený | E19: ='Translate&Prices&Logo'!$B$585 -> ze sprężyną bez tłumienia | F19: ='Translate&Prices&Logo'!$B$587 -> srebro | G19: =CONCATENATE(H19," ","-"," ",C19," ",E19," - ",F19) -> 300284 - Wpuszczany ze sprężyną bez tłumienia - srebro | H19: 300284 | I19: - | J19: - | K19: 106403 | L19: =CONCATENATE($K$1," - ",K19) -> krzyżakowy, wkręt - 106403 | M19: N/A | N19: =CONCATENATE($M$1," - ",M19) -> na wkręt (z mimośrodem) - N/A | O19: 119240 | P19: =CONCATENATE($O$1," - ",O19) -> krzyżakowy eurowkręt - 119240 | Q19: 136276 | R19: =CONCATENATE($Q$1," - ",Q19) -> krzyżakowy expando - 136276 | S19: 300319 | T19: =CONCATENATE($S$1," - ",S19) -> prosty wkręt - 300319 | U19: N/A | V19: =CONCATENATE($U$1," - ",U19) -> prosty eurowkręt - N/A | W19: N/A | X19: =CONCATENATE($W$1," - ",W19) -> prosty expando - N/A
A20: úzký | B20: HETTICH | C20: ='Translate&Prices&Logo'!B557 -> Wpuszczany | D20: =VLOOKUP(CONCATENATE(A20,"_",B20,"_",C20),$A$69:$B$383,2,0) -> úzký_HETTICH_Vložený | E20: ='Translate&Prices&Logo'!$B$586 -> tip-on bez sprężyny/tłumienie | F20: ='Translate&Prices&Logo'!$B$587 -> srebro | G20: =CONCATENATE(H20," ","-"," ",C20," ",E20," - ",F20) -> 300287 - Wpuszczany tip-on bez sprężyny/tłumienie - srebro | H20: 300287 | I20: - | J20: - | K20: 106403 | L20: =CONCATENATE($K$1," - ",K20) -> krzyżakowy, wkręt - 106403 | M20: N/A | N20: =CONCATENATE($M$1," - ",M20) -> na wkręt (z mimośrodem) - N/A | O20: 119240 | P20: =CONCATENATE($O$1," - ",O20) -> krzyżakowy eurowkręt - 119240 | Q20: 136276 | R20: =CONCATENATE($Q$1," - ",Q20) -> krzyżakowy expando - 136276 | S20: 300319 | T20: =CONCATENATE($S$1," - ",S20) -> prosty wkręt - 300319 | U20: N/A | V20: =CONCATENATE($U$1," - ",U20) -> prosty eurowkręt - N/A | W20: N/A | X20: =CONCATENATE($W$1," - ",W20) -> prosty expando - N/A
A21: úzký | B21: STRONG | C21: ='Translate&Prices&Logo'!B555 -> Nakładany | D21: =VLOOKUP(CONCATENATE(A21,"_",B21,"_",C21),$A$69:$B$383,2,0) -> úzký_STRONG_Naložený | E21: ='Translate&Prices&Logo'!$B$584 -> ze sprężyną z tłumieniem | F21: ='Translate&Prices&Logo'!$B$587 -> srebro | G21: =CONCATENATE(I21," ","-"," ",C21," ",E21," - ",F21) -> 92584T - Nakładany ze sprężyną z tłumieniem - srebro | H21: - | I21: 92584T | J21: - | K21: 92590T | L21: =CONCATENATE($K$1," - ",K21) -> krzyżakowy, wkręt - 92590T | M21: 92594T | N21: =CONCATENATE($M$1," - ",M21) -> na wkręt (z mimośrodem) - 92594T | O21: 92591T | P21: =CONCATENATE($O$1," - ",O21) -> krzyżakowy eurowkręt - 92591T | Q21: N/A | R21: =CONCATENATE($Q$1," - ",Q21) -> krzyżakowy expando - N/A | S21: N/A | T21: =CONCATENATE($S$1," - ",S21) -> prosty wkręt - N/A | U21: N/A | V21: =CONCATENATE($U$1," - ",U21) -> prosty eurowkręt - N/A | W21: N/A | X21: =CONCATENATE($W$1," - ",W21) -> prosty expando - N/A
A22: úzký | B22: STRONGHINGES | C22: ='Translate&Prices&Logo'!B555 -> Nakładany | D22: =VLOOKUP(CONCATENATE(A22,"_",B22,"_",C22),$A$69:$B$383,2,0) -> #N/A | E22: ='Translate&Prices&Logo'!$B$584 -> ze sprężyną z tłumieniem | F22: ='Translate&Prices&Logo'!$B$587 -> srebro | G22: =CONCATENATE(I22," ","-"," ",C22," ",E22," - ",F22) -> 350863 - Nakładany ze sprężyną z tłumieniem - srebro | H22: - | I22: 350863 | J22: - | K22: 92596 | L22: =CONCATENATE($K$1," - ",K22) -> krzyżakowy, wkręt - 92596 | M22: 315856 | N22: =CONCATENATE($M$1," - ",M22) -> na wkręt (z mimośrodem) - 315856 | O22: 92597 | P22: =CONCATENATE($O$1," - ",O22) -> krzyżakowy eurowkręt - 92597 | Q22: N/A | R22: =CONCATENATE($Q$1," - ",Q22) -> krzyżakowy expando - N/A | S22: N/A | T22: =CONCATENATE($S$1," - ",S22) -> prosty wkręt - N/A | U22: N/A | V22: =CONCATENATE($U$1," - ",U22) -> prosty eurowkręt - N/A | W22: N/A | X22: =CONCATENATE($W$1," - ",W22) -> prosty expando - N/A
A23: úzký | B23: STRONGHINGES | C23: ='Translate&Prices&Logo'!B555 -> Nakładany | D23: =VLOOKUP(CONCATENATE(A23,"_",B23,"_",C23),$A$69:$B$383,2,0) -> #N/A | E23: ='Translate&Prices&Logo'!$B$586 -> tip-on bez sprężyny/tłumienie | F23: ='Translate&Prices&Logo'!$B$587 -> srebro | G23: =CONCATENATE(I23," ","-"," ",C23," ",E23," - ",F23) -> 350864 - Nakładany tip-on bez sprężyny/tłumienie - srebro | H23: - | I23: 350864 | J23: - | K23: 92596 | L23: =CONCATENATE($K$1," - ",K23) -> krzyżakowy, wkręt - 92596 | M23: 315856 | N23: =CONCATENATE($M$1," - ",M23) -> na wkręt (z mimośrodem) - 315856 | O23: 92597 | P23: =CONCATENATE($O$1," - ",O23) -> krzyżakowy eurowkręt - 92597 | Q23: N/A | R23: =CONCATENATE($Q$1," - ",Q23) -> krzyżakowy expando - N/A | S23: N/A | T23: =CONCATENATE($S$1," - ",S23) -> prosty wkręt - N/A | U23: N/A | V23: =CONCATENATE($U$1," - ",U23) -> prosty eurowkręt - N/A | W23: N/A | X23: =CONCATENATE($W$1," - ",W23) -> prosty expando - N/A
A24: široký | B24: BLUM | C24: ='Translate&Prices&Logo'!B555 -> Nakładany | D24: =VLOOKUP(CONCATENATE(A24,"_",B24,"_",C24),$A$69:$B$383,2,0) -> široký_BLUM_Naložený | E24: ='Translate&Prices&Logo'!$B$584 -> ze sprężyną z tłumieniem | F24: ='Translate&Prices&Logo'!$B$587 -> srebro | G24: =CONCATENATE(I24," ","-"," ",C24," ",E24," - ",F24) -> 12047 - Nakładany ze sprężyną z tłumieniem - srebro | H24: - | I24: 12047 | J24: - | K24: 12306 | L24: =CONCATENATE($K$1," - ",K24) -> krzyżakowy, wkręt - 12306 | M24: N/A | N24: =CONCATENATE($M$1," - ",M24) -> na wkręt (z mimośrodem) - N/A | O24: 12318 | P24: =CONCATENATE($O$1," - ",O24) -> krzyżakowy eurowkręt - 12318 | Q24: 12302 | R24: =CONCATENATE($Q$1," - ",Q24) -> krzyżakowy expando - 12302 | S24: 203387 | T24: =CONCATENATE($S$1," - ",S24) -> prosty wkręt - 203387 | U24: 346624 | V24: =CONCATENATE($U$1," - ",U24) -> prosty eurowkręt - 346624 | W24: 211476 | X24: =CONCATENATE($W$1," - ",W24) -> prosty expando - 211476
A25: široký | B25: BLUM | C25: ='Translate&Prices&Logo'!B555 -> Nakładany | D25: =VLOOKUP(CONCATENATE(A25,"_",B25,"_",C25),$A$69:$B$383,2,0) -> široký_BLUM_Naložený | E25: ='Translate&Prices&Logo'!$B$584 -> ze sprężyną z tłumieniem | F25: ='Translate&Prices&Logo'!$B$588 -> czarny | G25: =CONCATENATE(I25," ","-"," ",C25," ",E25," - ",F25) -> 306317 - Nakładany ze sprężyną z tłumieniem - czarny | H25: - | I25: 306317 | J25: - | K25: 458360 | L25: =CONCATENATE($K$1," - ",K25) -> krzyżakowy, wkręt - 458360 | M25: N/A | N25: =CONCATENATE($M$1," - ",M25) -> na wkręt (z mimośrodem) - N/A | O25: N/A | P25: =CONCATENATE($O$1," - ",O25) -> krzyżakowy eurowkręt - N/A | Q25: 347124 | R25: =CONCATENATE($Q$1," - ",Q25) -> krzyżakowy expando - 347124 | S25: 306320 | T25: =CONCATENATE($S$1," - ",S25) -> prosty wkręt - 306320 | U25: N/A | V25: =CONCATENATE($U$1," - ",U25) -> prosty eurowkręt - N/A | W25: 409651 | X25: =CONCATENATE($W$1," - ",W25) -> prosty expando - 409651
A26: široký | B26: BLUM | C26: ='Translate&Prices&Logo'!B555 -> Nakładany | D26: =VLOOKUP(CONCATENATE(A26,"_",B26,"_",C26),$A$69:$B$383,2,0) -> široký_BLUM_Naložený | E26: ='Translate&Prices&Logo'!$B$585 -> ze sprężyną bez tłumienia | F26: ='Translate&Prices&Logo'!$B$587 -> srebro | G26: =CONCATENATE(I26," ","-"," ",C26," ",E26," - ",F26) -> 12052 - Nakładany ze sprężyną bez tłumienia - srebro | H26: - | I26: 12052 | J26: - | K26: 12306 | L26: =CONCATENATE($K$1," - ",K26) -> krzyżakowy, wkręt - 12306 | M26: N/A | N26: =CONCATENATE($M$1," - ",M26) -> na wkręt (z mimośrodem) - N/A | O26: 12318 | P26: =CONCATENATE($O$1," - ",O26) -> krzyżakowy eurowkręt - 12318 | Q26: 12302 | R26: =CONCATENATE($Q$1," - ",Q26) -> krzyżakowy expando - 12302 | S26: 203387 | T26: =CONCATENATE($S$1," - ",S26) -> prosty wkręt - 203387 | U26: 346624 | V26: =CONCATENATE($U$1," - ",U26) -> prosty eurowkręt - 346624 | W26: 211476 | X26: =CONCATENATE($W$1," - ",W26) -> prosty expando - 211476
A27: široký | B27: BLUM | C27: ='Translate&Prices&Logo'!B555 -> Nakładany | D27: =VLOOKUP(CONCATENATE(A27,"_",B27,"_",C27),$A$69:$B$383,2,0) -> široký_BLUM_Naložený | E27: ='Translate&Prices&Logo'!$B$586 -> tip-on bez sprężyny/tłumienie | F27: ='Translate&Prices&Logo'!$B$587 -> srebro | G27: =CONCATENATE(I27," ","-"," ",C27," ",E27," - ",F27) -> 226668 - Nakładany tip-on bez sprężyny/tłumienie - srebro | H27: - | I27: 226668 | J27: - | K27: 12306 | L27: =CONCATENATE($K$1," - ",K27) -> krzyżakowy, wkręt - 12306 | M27: N/A | N27: =CONCATENATE($M$1," - ",M27) -> na wkręt (z mimośrodem) - N/A | O27: 12318 | P27: =CONCATENATE($O$1," - ",O27) -> krzyżakowy eurowkręt - 12318 | Q27: 12302 | R27: =CONCATENATE($Q$1," - ",Q27) -> krzyżakowy expando - 12302 | S27: 203387 | T27: =CONCATENATE($S$1," - ",S27) -> prosty wkręt - 203387 | U27: 346624 | V27: =CONCATENATE($U$1," - ",U27) -> prosty eurowkręt - 346624 | W27: 211476 | X27: =CONCATENATE($W$1," - ",W27) -> prosty expando - 211476
A28: široký | B28: BLUM | C28: ='Translate&Prices&Logo'!B555 -> Nakładany | D28: =VLOOKUP(CONCATENATE(A28,"_",B28,"_",C28),$A$69:$B$383,2,0) -> široký_BLUM_Naložený | E28: ='Translate&Prices&Logo'!$B$586 -> tip-on bez sprężyny/tłumienie | F28: onyx | G28: =CONCATENATE(H28," ","-"," ",C28," ",E28," - ",F28) -> 318173 - Nakładany tip-on bez sprężyny/tłumienie - onyx | H28: 318173 | Q28: 347124 | R28: =CONCATENATE($Q$1," - ",Q28) -> krzyżakowy expando - 347124 | S28: 306320 | T28: =CONCATENATE($S$1," - ",S28) -> prosty wkręt - 306320
A29: široký | B29: BLUM | C29: ='Translate&Prices&Logo'!B556 -> Półnakładany | D29: =VLOOKUP(CONCATENATE(A29,"_",B29,"_",C29),$A$69:$B$383,2,0) -> široký_BLUM_Polonaložený | E29: ='Translate&Prices&Logo'!$B$584 -> ze sprężyną z tłumieniem | F29: ='Translate&Prices&Logo'!$B$587 -> srebro | G29: =CONCATENATE(I29," ","-"," ",C29," ",E29," - ",F29) -> 12048 - Półnakładany ze sprężyną z tłumieniem - srebro | H29: - | I29: 12048 | J29: - | K29: 12306 | L29: =CONCATENATE($K$1," - ",K29) -> krzyżakowy, wkręt - 12306 | M29: N/A | N29: =CONCATENATE($M$1," - ",M29) -> na wkręt (z mimośrodem) - N/A | O29: 12318 | P29: =CONCATENATE($O$1," - ",O29) -> krzyżakowy eurowkręt - 12318 | Q29: 12302 | R29: =CONCATENATE($Q$1," - ",Q29) -> krzyżakowy expando - 12302 | S29: 203387 | T29: =CONCATENATE($S$1," - ",S29) -> prosty wkręt - 203387 | U29: 346624 | V29: =CONCATENATE($U$1," - ",U29) -> prosty eurowkręt - 346624 | W29: 211476 | X29: =CONCATENATE($W$1," - ",W29) -> prosty expando - 211476
A30: široký | B30: BLUM | C30: ='Translate&Prices&Logo'!B556 -> Półnakładany | D30: =VLOOKUP(CONCATENATE(A30,"_",B30,"_",C30),$A$69:$B$383,2,0) -> široký_BLUM_Polonaložený | E30: ='Translate&Prices&Logo'!$B$584 -> ze sprężyną z tłumieniem | F30: ='Translate&Prices&Logo'!$B$588 -> czarny | G30: =CONCATENATE(I30," ","-"," ",C30," ",E30," - ",F30) -> 306318 - Półnakładany ze sprężyną z tłumieniem - czarny | H30: - | I30: 306318 | J30: - | K30: 458360 | L30: =CONCATENATE($K$1," - ",K30) -> krzyżakowy, wkręt - 458360 | M30: N/A | N30: =CONCATENATE($M$1," - ",M30) -> na wkręt (z mimośrodem) - N/A | O30: N/A | P30: =CONCATENATE($O$1," - ",O30) -> krzyżakowy eurowkręt - N/A | Q30: 347124 | R30: =CONCATENATE($Q$1," - ",Q30) -> krzyżakowy expando - 347124 | S30: 306320 | T30: =CONCATENATE($S$1," - ",S30) -> prosty wkręt - 306320 | U30: N/A | V30: =CONCATENATE($U$1," - ",U30) -> prosty eurowkręt - N/A | W30: 409651 | X30: =CONCATENATE($W$1," - ",W30) -> prosty expando - 409651
A31: široký | B31: BLUM | C31: ='Translate&Prices&Logo'!B556 -> Półnakładany | D31: =VLOOKUP(CONCATENATE(A31,"_",B31,"_",C31),$A$69:$B$383,2,0) -> široký_BLUM_Polonaložený | E31: ='Translate&Prices&Logo'!$B$585 -> ze sprężyną bez tłumienia | F31: ='Translate&Prices&Logo'!$B$587 -> srebro | G31: =CONCATENATE(I31," ","-"," ",C31," ",E31," - ",F31) -> 12053 - Półnakładany ze sprężyną bez tłumienia - srebro | H31: - | I31: 12053 | J31: - | K31: 12306 | L31: =CONCATENATE($K$1," - ",K31) -> krzyżakowy, wkręt - 12306 | M31: N/A | N31: =CONCATENATE($M$1," - ",M31) -> na wkręt (z mimośrodem) - N/A | O31: 12318 | P31: =CONCATENATE($O$1," - ",O31) -> krzyżakowy eurowkręt - 12318 | Q31: 12302 | R31: =CONCATENATE($Q$1," - ",Q31) -> krzyżakowy expando - 12302 | S31: 203387 | T31: =CONCATENATE($S$1," - ",S31) -> prosty wkręt - 203387 | U31: 346624 | V31: =CONCATENATE($U$1," - ",U31) -> prosty eurowkręt - 346624 | W31: 211476 | X31: =CONCATENATE($W$1," - ",W31) -> prosty expando - 211476
A32: široký | B32: BLUM | C32: ='Translate&Prices&Logo'!B556 -> Półnakładany | D32: =VLOOKUP(CONCATENATE(A32,"_",B32,"_",C32),$A$69:$B$383,2,0) -> široký_BLUM_Polonaložený | E32: ='Translate&Prices&Logo'!$B$586 -> tip-on bez sprężyny/tłumienie | F32: ='Translate&Prices&Logo'!$B$587 -> srebro | G32: =CONCATENATE(I32," ","-"," ",C32," ",E32," - ",F32) -> 226670 - Półnakładany tip-on bez sprężyny/tłumienie - srebro | H32: - | I32: 226670 | J32: - | K32: 12306 | L32: =CONCATENATE($K$1," - ",K32) -> krzyżakowy, wkręt - 12306 | M32: N/A | N32: =CONCATENATE($M$1," - ",M32) -> na wkręt (z mimośrodem) - N/A | O32: 12318 | P32: =CONCATENATE($O$1," - ",O32) -> krzyżakowy eurowkręt - 12318 | Q32: 12302 | R32: =CONCATENATE($Q$1," - ",Q32) -> krzyżakowy expando - 12302 | S32: 203387 | T32: =CONCATENATE($S$1," - ",S32) -> prosty wkręt - 203387 | U32: 346624 | V32: =CONCATENATE($U$1," - ",U32) -> prosty eurowkręt - 346624 | W32: 211476 | X32: =CONCATENATE($W$1," - ",W32) -> prosty expando - 211476
A33: široký | B33: BLUM | C33: ='Translate&Prices&Logo'!B557 -> Wpuszczany | D33: =VLOOKUP(CONCATENATE(A33,"_",B33,"_",C33),$A$69:$B$383,2,0) -> široký_BLUM_Vložený | E33: ='Translate&Prices&Logo'!$B$584 -> ze sprężyną z tłumieniem | F33: ='Translate&Prices&Logo'!$B$587 -> srebro | G33: =CONCATENATE(I33," ","-"," ",C33," ",E33," - ",F33) -> 12049 - Wpuszczany ze sprężyną z tłumieniem - srebro | H33: - | I33: 12049 | J33: - | K33: 12306 | L33: =CONCATENATE($K$1," - ",K33) -> krzyżakowy, wkręt - 12306 | M33: N/A | N33: =CONCATENATE($M$1," - ",M33) -> na wkręt (z mimośrodem) - N/A | O33: 12318 | P33: =CONCATENATE($O$1," - ",O33) -> krzyżakowy eurowkręt - 12318 | Q33: 12302 | R33: =CONCATENATE($Q$1," - ",Q33) -> krzyżakowy expando - 12302 | S33: 203387 | T33: =CONCATENATE($S$1," - ",S33) -> prosty wkręt - 203387 | U33: 346624 | V33: =CONCATENATE($U$1," - ",U33) -> prosty eurowkręt - 346624 | W33: 211476 | X33: =CONCATENATE($W$1," - ",W33) -> prosty expando - 211476
A34: široký | B34: BLUM | C34: ='Translate&Prices&Logo'!B557 -> Wpuszczany | D34: =VLOOKUP(CONCATENATE(A34,"_",B34,"_",C34),$A$69:$B$383,2,0) -> široký_BLUM_Vložený | E34: ='Translate&Prices&Logo'!$B$584 -> ze sprężyną z tłumieniem | F34: ='Translate&Prices&Logo'!$B$588 -> czarny | G34: =CONCATENATE(I34," ","-"," ",C34," ",E34," - ",F34) -> 306319 - Wpuszczany ze sprężyną z tłumieniem - czarny | H34: - | I34: 306319 | J34: - | K34: 458360 | L34: =CONCATENATE($K$1," - ",K34) -> krzyżakowy, wkręt - 458360 | M34: N/A | N34: =CONCATENATE($M$1," - ",M34) -> na wkręt (z mimośrodem) - N/A | O34: N/A | P34: =CONCATENATE($O$1," - ",O34) -> krzyżakowy eurowkręt - N/A | Q34: 347124 | R34: =CONCATENATE($Q$1," - ",Q34) -> krzyżakowy expando - 347124 | S34: 306320 | T34: =CONCATENATE($S$1," - ",S34) -> prosty wkręt - 306320 | U34: N/A | V34: =CONCATENATE($U$1," - ",U34) -> prosty eurowkręt - N/A | W34: 409651 | X34: =CONCATENATE($W$1," - ",W34) -> prosty expando - 409651
A35: široký | B35: BLUM | C35: ='Translate&Prices&Logo'!B557 -> Wpuszczany | D35: =VLOOKUP(CONCATENATE(A35,"_",B35,"_",C35),$A$69:$B$383,2,0) -> široký_BLUM_Vložený | E35: ='Translate&Prices&Logo'!$B$585 -> ze sprężyną bez tłumienia | F35: ='Translate&Prices&Logo'!$B$587 -> srebro | G35: =CONCATENATE(I35," ","-"," ",C35," ",E35," - ",F35) -> 12059 - Wpuszczany ze sprężyną bez tłumienia - srebro | H35: - | I35: 12059 | J35: - | K35: 12306 | L35: =CONCATENATE($K$1," - ",K35) -> krzyżakowy, wkręt - 12306 | M35: N/A | N35: =CONCATENATE($M$1," - ",M35) -> na wkręt (z mimośrodem) - N/A | O35: 12318 | P35: =CONCATENATE($O$1," - ",O35) -> krzyżakowy eurowkręt - 12318 | Q35: 12302 | R35: =CONCATENATE($Q$1," - ",Q35) -> krzyżakowy expando - 12302 | S35: 203387 | T35: =CONCATENATE($S$1," - ",S35) -> prosty wkręt - 203387 | U35: 346624 | V35: =CONCATENATE($U$1," - ",U35) -> prosty eurowkręt - 346624 | W35: 211476 | X35: =CONCATENATE($W$1," - ",W35) -> prosty expando - 211476
A36: široký | B36: BLUM | C36: ='Translate&Prices&Logo'!B557 -> Wpuszczany | D36: =VLOOKUP(CONCATENATE(A36,"_",B36,"_",C36),$A$69:$B$383,2,0) -> široký_BLUM_Vložený | E36: ='Translate&Prices&Logo'!$B$586 -> tip-on bez sprężyny/tłumienie | F36: ='Translate&Prices&Logo'!$B$587 -> srebro | G36: =CONCATENATE(I36," ","-"," ",C36," ",E36," - ",F36) -> 226671 - Wpuszczany tip-on bez sprężyny/tłumienie - srebro | H36: - | I36: 226671 | J36: - | K36: 12306 | L36: =CONCATENATE($K$1," - ",K36) -> krzyżakowy, wkręt - 12306 | M36: N/A | N36: =CONCATENATE($M$1," - ",M36) -> na wkręt (z mimośrodem) - N/A | O36: 12318 | P36: =CONCATENATE($O$1," - ",O36) -> krzyżakowy eurowkręt - 12318 | Q36: 12302 | R36: =CONCATENATE($Q$1," - ",Q36) -> krzyżakowy expando - 12302 | S36: 203387 | T36: =CONCATENATE($S$1," - ",S36) -> prosty wkręt - 203387 | U36: 346624 | V36: =CONCATENATE($U$1," - ",U36) -> prosty eurowkręt - 346624 | W36: 211476 | X36: =CONCATENATE($W$1," - ",W36) -> prosty expando - 211476
A37: široký | B37: HETTICH | C37: ='Translate&Prices&Logo'!B555 -> Nakładany | D37: =VLOOKUP(CONCATENATE(A37,"_",B37,"_",C37),$A$69:$B$383,2,0) -> široký_HETTICH_Naložený | E37: ='Translate&Prices&Logo'!$B$584 -> ze sprężyną z tłumieniem | F37: ='Translate&Prices&Logo'!$B$587 -> srebro | G37: =CONCATENATE(I37," ","-"," ",C37," ",E37," - ",F37) -> 104717 - Nakładany ze sprężyną z tłumieniem - srebro | H37: - | I37: 104717 | J37: - | K37: 106403 | L37: =CONCATENATE($K$1," - ",K37) -> krzyżakowy, wkręt - 106403 | M37: N/A | N37: =CONCATENATE($M$1," - ",M37) -> na wkręt (z mimośrodem) - N/A | O37: 119240 | P37: =CONCATENATE($O$1," - ",O37) -> krzyżakowy eurowkręt - 119240 | Q37: 136276 | R37: =CONCATENATE($Q$1," - ",Q37) -> krzyżakowy expando - 136276 | S37: 300319 | T37: =CONCATENATE($S$1," - ",S37) -> prosty wkręt - 300319 | U37: N/A | V37: =CONCATENATE($U$1," - ",U37) -> prosty eurowkręt - N/A | W37: N/A | X37: =CONCATENATE($W$1," - ",W37) -> prosty expando - N/A
A38: široký | B38: HETTICH | C38: ='Translate&Prices&Logo'!B555 -> Nakładany | D38: =VLOOKUP(CONCATENATE(A38,"_",B38,"_",C38),$A$69:$B$383,2,0) -> široký_HETTICH_Naložený | E38: ='Translate&Prices&Logo'!$B$584 -> ze sprężyną z tłumieniem | F38: ='Translate&Prices&Logo'!$B$588 -> czarny | G38: =CONCATENATE(I38," ","-"," ",C38," ",E38," - ",F38) -> 344691 - Nakładany ze sprężyną z tłumieniem - czarny | H38: - | I38: 344691 | J38: - | K38: N/A | L38: =CONCATENATE($K$1," - ",K38) -> krzyżakowy, wkręt - N/A | M38: N/A | N38: =CONCATENATE($M$1," - ",M38) -> na wkręt (z mimośrodem) - N/A | O38: 344727 | P38: =CONCATENATE($O$1," - ",O38) -> krzyżakowy eurowkręt - 344727 | Q38: 344727 | R38: =CONCATENATE($Q$1," - ",Q38) -> krzyżakowy expando - 344727 | S38: 397949 | T38: =CONCATENATE($S$1," - ",S38) -> prosty wkręt - 397949 | U38: N/A | V38: =CONCATENATE($U$1," - ",U38) -> prosty eurowkręt - N/A | W38: N/A | X38: =CONCATENATE($W$1," - ",W38) -> prosty expando - N/A
A39: široký | B39: HETTICH | C39: ='Translate&Prices&Logo'!B555 -> Nakładany | D39: =VLOOKUP(CONCATENATE(A39,"_",B39,"_",C39),$A$69:$B$383,2,0) -> široký_HETTICH_Naložený | E39: ='Translate&Prices&Logo'!$B$585 -> ze sprężyną bez tłumienia | F39: ='Translate&Prices&Logo'!$B$587 -> srebro | G39: =CONCATENATE(I39," ","-"," ",C39," ",E39," - ",F39) -> 232346 - Nakładany ze sprężyną bez tłumienia - srebro | H39: - | I39: 232346 | J39: - | K39: 106403 | L39: =CONCATENATE($K$1," - ",K39) -> krzyżakowy, wkręt - 106403 | M39: N/A | N39: =CONCATENATE($M$1," - ",M39) -> na wkręt (z mimośrodem) - N/A | O39: 119240 | P39: =CONCATENATE($O$1," - ",O39) -> krzyżakowy eurowkręt - 119240 | Q39: 136276 | R39: =CONCATENATE($Q$1," - ",Q39) -> krzyżakowy expando - 136276 | S39: 300319 | T39: =CONCATENATE($S$1," - ",S39) -> prosty wkręt - 300319 | U39: N/A | V39: =CONCATENATE($U$1," - ",U39) -> prosty eurowkręt - N/A | W39: N/A | X39: =CONCATENATE($W$1," - ",W39) -> prosty expando - N/A
A40: široký | B40: HETTICH | C40: ='Translate&Prices&Logo'!B555 -> Nakładany | D40: =VLOOKUP(CONCATENATE(A40,"_",B40,"_",C40),$A$69:$B$383,2,0) -> široký_HETTICH_Naložený | E40: ='Translate&Prices&Logo'!$B$586 -> tip-on bez sprężyny/tłumienie | F40: ='Translate&Prices&Logo'!$B$587 -> srebro | G40: =CONCATENATE(I40," ","-"," ",C40," ",E40," - ",F40) -> 245723 - Nakładany tip-on bez sprężyny/tłumienie - srebro | H40: - | I40: 245723 | J40: - | K40: 106403 | L40: =CONCATENATE($K$1," - ",K40) -> krzyżakowy, wkręt - 106403 | M40: N/A | N40: =CONCATENATE($M$1," - ",M40) -> na wkręt (z mimośrodem) - N/A | O40: 119240 | P40: =CONCATENATE($O$1," - ",O40) -> krzyżakowy eurowkręt - 119240 | Q40: 136276 | R40: =CONCATENATE($Q$1," - ",Q40) -> krzyżakowy expando - 136276 | S40: 300319 | T40: =CONCATENATE($S$1," - ",S40) -> prosty wkręt - 300319 | U40: N/A | V40: =CONCATENATE($U$1," - ",U40) -> prosty eurowkręt - N/A | W40: N/A | X40: =CONCATENATE($W$1," - ",W40) -> prosty expando - N/A
A41: široký | B41: HETTICH | C41: ='Translate&Prices&Logo'!B555 -> Nakładany | D41: =VLOOKUP(CONCATENATE(A41,"_",B41,"_",C41),$A$69:$B$383,2,0) -> široký_HETTICH_Naložený | E41: ='Translate&Prices&Logo'!$B$586 -> tip-on bez sprężyny/tłumienie | F41: ='Translate&Prices&Logo'!$B$588 -> czarny | G41: =CONCATENATE(I41," ","-"," ",C41," ",E41," - ",F41) -> 344694 - Nakładany tip-on bez sprężyny/tłumienie - czarny | H41: - | I41: 344694 | J41: - | K41: N/A | L41: =CONCATENATE($K$1," - ",K41) -> krzyżakowy, wkręt - N/A | M41: N/A | N41: =CONCATENATE($M$1," - ",M41) -> na wkręt (z mimośrodem) - N/A | O41: N/A | P41: =CONCATENATE($O$1," - ",O41) -> krzyżakowy eurowkręt - N/A | Q41: 344727 | R41: =CONCATENATE($Q$1," - ",Q41) -> krzyżakowy expando - 344727 | S41: 397949 | T41: =CONCATENATE($S$1," - ",S41) -> prosty wkręt - 397949 | U41: N/A | V41: =CONCATENATE($U$1," - ",U41) -> prosty eurowkręt - N/A | W41: N/A | X41: =CONCATENATE($W$1," - ",W41) -> prosty expando - N/A
A42: široký | B42: HETTICH | C42: ='Translate&Prices&Logo'!B556 -> Półnakładany | D42: =VLOOKUP(CONCATENATE(A42,"_",B42,"_",C42),$A$69:$B$383,2,0) -> široký_HETTICH_Polonaložený | E42: ='Translate&Prices&Logo'!$B$584 -> ze sprężyną z tłumieniem | F42: ='Translate&Prices&Logo'!$B$587 -> srebro | G42: =CONCATENATE(I42," ","-"," ",C42," ",E42," - ",F42) -> 104718 - Półnakładany ze sprężyną z tłumieniem - srebro | H42: - | I42: 104718 | J42: - | K42: 106403 | L42: =CONCATENATE($K$1," - ",K42) -> krzyżakowy, wkręt - 106403 | M42: N/A | N42: =CONCATENATE($M$1," - ",M42) -> na wkręt (z mimośrodem) - N/A | O42: 119240 | P42: =CONCATENATE($O$1," - ",O42) -> krzyżakowy eurowkręt - 119240 | Q42: 136276 | R42: =CONCATENATE($Q$1," - ",Q42) -> krzyżakowy expando - 136276 | S42: 300319 | T42: =CONCATENATE($S$1," - ",S42) -> prosty wkręt - 300319 | U42: N/A | V42: =CONCATENATE($U$1," - ",U42) -> prosty eurowkręt - N/A | W42: N/A | X42: =CONCATENATE($W$1," - ",W42) -> prosty expando - N/A
A43: široký | B43: HETTICH | C43: ='Translate&Prices&Logo'!B556 -> Półnakładany | D43: =VLOOKUP(CONCATENATE(A43,"_",B43,"_",C43),$A$69:$B$383,2,0) -> široký_HETTICH_Polonaložený | E43: ='Translate&Prices&Logo'!$B$584 -> ze sprężyną z tłumieniem | F43: ='Translate&Prices&Logo'!$B$588 -> czarny | G43: =CONCATENATE(I43," ","-"," ",C43," ",E43," - ",F43) -> 344692 - Półnakładany ze sprężyną z tłumieniem - czarny | H43: - | I43: 344692 | J43: - | K43: N/A | L43: =CONCATENATE($K$1," - ",K43) -> krzyżakowy, wkręt - N/A | M43: N/A | N43: =CONCATENATE($M$1," - ",M43) -> na wkręt (z mimośrodem) - N/A | O43: N/A | P43: =CONCATENATE($O$1," - ",O43) -> krzyżakowy eurowkręt - N/A | Q43: 344727 | R43: =CONCATENATE($Q$1," - ",Q43) -> krzyżakowy expando - 344727 | S43: 397949 | T43: =CONCATENATE($S$1," - ",S43) -> prosty wkręt - 397949 | U43: N/A | V43: =CONCATENATE($U$1," - ",U43) -> prosty eurowkręt - N/A | W43: N/A | X43: =CONCATENATE($W$1," - ",W43) -> prosty expando - N/A
A44: široký | B44: HETTICH | C44: ='Translate&Prices&Logo'!B556 -> Półnakładany | D44: =VLOOKUP(CONCATENATE(A44,"_",B44,"_",C44),$A$69:$B$383,2,0) -> široký_HETTICH_Polonaložený | E44: ='Translate&Prices&Logo'!$B$585 -> ze sprężyną bez tłumienia | F44: ='Translate&Prices&Logo'!$B$587 -> srebro | G44: =CONCATENATE(I44," ","-"," ",C44," ",E44," - ",F44) -> 232347 - Półnakładany ze sprężyną bez tłumienia - srebro | H44: - | I44: 232347 | J44: - | K44: 106403 | L44: =CONCATENATE($K$1," - ",K44) -> krzyżakowy, wkręt - 106403 | M44: N/A | N44: =CONCATENATE($M$1," - ",M44) -> na wkręt (z mimośrodem) - N/A | O44: 119240 | P44: =CONCATENATE($O$1," - ",O44) -> krzyżakowy eurowkręt - 119240 | Q44: 136276 | R44: =CONCATENATE($Q$1," - ",Q44) -> krzyżakowy expando - 136276 | S44: 300319 | T44: =CONCATENATE($S$1," - ",S44) -> prosty wkręt - 300319 | U44: N/A | V44: =CONCATENATE($U$1," - ",U44) -> prosty eurowkręt - N/A | W44: N/A | X44: =CONCATENATE($W$1," - ",W44) -> prosty expando - N/A
A45: široký | B45: HETTICH | C45: ='Translate&Prices&Logo'!B556 -> Półnakładany | D45: =VLOOKUP(CONCATENATE(A45,"_",B45,"_",C45),$A$69:$B$383,2,0) -> široký_HETTICH_Polonaložený | E45: ='Translate&Prices&Logo'!$B$586 -> tip-on bez sprężyny/tłumienie | F45: ='Translate&Prices&Logo'!$B$587 -> srebro | G45: =CONCATENATE(I45," ","-"," ",C45," ",E45," - ",F45) -> 245724 - Półnakładany tip-on bez sprężyny/tłumienie - srebro | H45: - | I45: 245724 | J45: - | K45: 106403 | L45: =CONCATENATE($K$1," - ",K45) -> krzyżakowy, wkręt - 106403 | M45: N/A | N45: =CONCATENATE($M$1," - ",M45) -> na wkręt (z mimośrodem) - N/A | O45: 119240 | P45: =CONCATENATE($O$1," - ",O45) -> krzyżakowy eurowkręt - 119240 | Q45: 136276 | R45: =CONCATENATE($Q$1," - ",Q45) -> krzyżakowy expando - 136276 | S45: 300319 | T45: =CONCATENATE($S$1," - ",S45) -> prosty wkręt - 300319 | U45: N/A | V45: =CONCATENATE($U$1," - ",U45) -> prosty eurowkręt - N/A | W45: N/A | X45: =CONCATENATE($W$1," - ",W45) -> prosty expando - N/A
A46: široký | B46: HETTICH | C46: ='Translate&Prices&Logo'!B556 -> Półnakładany | D46: =VLOOKUP(CONCATENATE(A46,"_",B46,"_",C46),$A$69:$B$383,2,0) -> široký_HETTICH_Polonaložený | E46: ='Translate&Prices&Logo'!$B$586 -> tip-on bez sprężyny/tłumienie | F46: ='Translate&Prices&Logo'!$B$588 -> czarny | G46: =CONCATENATE(I46," ","-"," ",C46," ",E46," - ",F46) -> 344695 - Półnakładany tip-on bez sprężyny/tłumienie - czarny | H46: - | I46: 344695 | J46: - | K46: N/A | L46: =CONCATENATE($K$1," - ",K46) -> krzyżakowy, wkręt - N/A | M46: N/A | N46: =CONCATENATE($M$1," - ",M46) -> na wkręt (z mimośrodem) - N/A | O46: N/A | P46: =CONCATENATE($O$1," - ",O46) -> krzyżakowy eurowkręt - N/A | Q46: 344727 | R46: =CONCATENATE($Q$1," - ",Q46) -> krzyżakowy expando - 344727 | S46: 397949 | T46: =CONCATENATE($S$1," - ",S46) -> prosty wkręt - 397949 | U46: N/A | V46: =CONCATENATE($U$1," - ",U46) -> prosty eurowkręt - N/A | W46: N/A | X46: =CONCATENATE($W$1," - ",W46) -> prosty expando - N/A
A47: široký | B47: HETTICH | C47: ='Translate&Prices&Logo'!B557 -> Wpuszczany | D47: =VLOOKUP(CONCATENATE(A47,"_",B47,"_",C47),$A$69:$B$383,2,0) -> široký_HETTICH_Vložený | E47: ='Translate&Prices&Logo'!$B$584 -> ze sprężyną z tłumieniem | F47: ='Translate&Prices&Logo'!$B$587 -> srebro | G47: =CONCATENATE(I47," ","-"," ",C47," ",E47," - ",F47) -> 104719 - Wpuszczany ze sprężyną z tłumieniem - srebro | H47: - | I47: 104719 | J47: - | K47: 106403 | L47: =CONCATENATE($K$1," - ",K47) -> krzyżakowy, wkręt - 106403 | M47: N/A | N47: =CONCATENATE($M$1," - ",M47) -> na wkręt (z mimośrodem) - N/A | O47: 119240 | P47: =CONCATENATE($O$1," - ",O47) -> krzyżakowy eurowkręt - 119240 | Q47: 136276 | R47: =CONCATENATE($Q$1," - ",Q47) -> krzyżakowy expando - 136276 | S47: 300319 | T47: =CONCATENATE($S$1," - ",S47) -> prosty wkręt - 300319 | U47: N/A | V47: =CONCATENATE($U$1," - ",U47) -> prosty eurowkręt - N/A | W47: N/A | X47: =CONCATENATE($W$1," - ",W47) -> prosty expando - N/A
A48: široký | B48: HETTICH | C48: ='Translate&Prices&Logo'!B557 -> Wpuszczany | D48: =VLOOKUP(CONCATENATE(A48,"_",B48,"_",C48),$A$69:$B$383,2,0) -> široký_HETTICH_Vložený | E48: ='Translate&Prices&Logo'!$B$584 -> ze sprężyną z tłumieniem | F48: ='Translate&Prices&Logo'!$B$588 -> czarny | G48: =CONCATENATE(I48," ","-"," ",C48," ",E48," - ",F48) -> 344693 - Wpuszczany ze sprężyną z tłumieniem - czarny | H48: - | I48: 344693 | J48: - | K48: N/A | L48: =CONCATENATE($K$1," - ",K48) -> krzyżakowy, wkręt - N/A | M48: N/A | N48: =CONCATENATE($M$1," - ",M48) -> na wkręt (z mimośrodem) - N/A | O48: N/A | P48: =CONCATENATE($O$1," - ",O48) -> krzyżakowy eurowkręt - N/A | Q48: 344727 | R48: =CONCATENATE($Q$1," - ",Q48) -> krzyżakowy expando - 344727 | S48: 397949 | T48: =CONCATENATE($S$1," - ",S48) -> prosty wkręt - 397949 | U48: N/A | V48: =CONCATENATE($U$1," - ",U48) -> prosty eurowkręt - N/A | W48: N/A | X48: =CONCATENATE($W$1," - ",W48) -> prosty expando - N/A
A49: široký | B49: HETTICH | C49: ='Translate&Prices&Logo'!B557 -> Wpuszczany | D49: =VLOOKUP(CONCATENATE(A49,"_",B49,"_",C49),$A$69:$B$383,2,0) -> široký_HETTICH_Vložený | E49: ='Translate&Prices&Logo'!$B$585 -> ze sprężyną bez tłumienia | F49: ='Translate&Prices&Logo'!$B$587 -> srebro | G49: =CONCATENATE(I49," ","-"," ",C49," ",E49," - ",F49) -> 232348 - Wpuszczany ze sprężyną bez tłumienia - srebro | H49: - | I49: 232348 | J49: - | K49: 106403 | L49: =CONCATENATE($K$1," - ",K49) -> krzyżakowy, wkręt - 106403 | M49: N/A | N49: =CONCATENATE($M$1," - ",M49) -> na wkręt (z mimośrodem) - N/A | O49: 119240 | P49: =CONCATENATE($O$1," - ",O49) -> krzyżakowy eurowkręt - 119240 | Q49: 136276 | R49: =CONCATENATE($Q$1," - ",Q49) -> krzyżakowy expando - 136276 | S49: 300319 | T49: =CONCATENATE($S$1," - ",S49) -> prosty wkręt - 300319 | U49: N/A | V49: =CONCATENATE($U$1," - ",U49) -> prosty eurowkręt - N/A | W49: N/A | X49: =CONCATENATE($W$1," - ",W49) -> prosty expando - N/A
A50: široký | B50: HETTICH | C50: ='Translate&Prices&Logo'!B557 -> Wpuszczany | D50: =VLOOKUP(CONCATENATE(A50,"_",B50,"_",C50),$A$69:$B$383,2,0) -> široký_HETTICH_Vložený | E50: ='Translate&Prices&Logo'!$B$586 -> tip-on bez sprężyny/tłumienie | F50: ='Translate&Prices&Logo'!$B$587 -> srebro | G50: =CONCATENATE(I50," ","-"," ",C50," ",E50," - ",F50) -> 245725 - Wpuszczany tip-on bez sprężyny/tłumienie - srebro | H50: - | I50: 245725 | J50: - | K50: 106403 | L50: =CONCATENATE($K$1," - ",K50) -> krzyżakowy, wkręt - 106403 | M50: N/A | N50: =CONCATENATE($M$1," - ",M50) -> na wkręt (z mimośrodem) - N/A | O50: 119240 | P50: =CONCATENATE($O$1," - ",O50) -> krzyżakowy eurowkręt - 119240 | Q50: 136276 | R50: =CONCATENATE($Q$1," - ",Q50) -> krzyżakowy expando - 136276 | S50: 300319 | T50: =CONCATENATE($S$1," - ",S50) -> prosty wkręt - 300319 | U50: N/A | V50: =CONCATENATE($U$1," - ",U50) -> prosty eurowkręt - N/A | W50: N/A | X50: =CONCATENATE($W$1," - ",W50) -> prosty expando - N/A
A51: široký | B51: HETTICH | C51: ='Translate&Prices&Logo'!B557 -> Wpuszczany | D51: =VLOOKUP(CONCATENATE(A51,"_",B51,"_",C51),$A$69:$B$383,2,0) -> široký_HETTICH_Vložený | E51: ='Translate&Prices&Logo'!$B$586 -> tip-on bez sprężyny/tłumienie | F51: ='Translate&Prices&Logo'!$B$588 -> czarny | G51: =CONCATENATE(I51," ","-"," ",C51," ",E51," - ",F51) -> 344696 - Wpuszczany tip-on bez sprężyny/tłumienie - czarny | H51: - | I51: 344696 | J51: - | K51: N/A | L51: =CONCATENATE($K$1," - ",K51) -> krzyżakowy, wkręt - N/A | M51: N/A | N51: =CONCATENATE($M$1," - ",M51) -> na wkręt (z mimośrodem) - N/A | O51: N/A | P51: =CONCATENATE($O$1," - ",O51) -> krzyżakowy eurowkręt - N/A | Q51: 344727 | R51: =CONCATENATE($Q$1," - ",Q51) -> krzyżakowy expando - 344727 | S51: 397949 | T51: =CONCATENATE($S$1," - ",S51) -> prosty wkręt - 397949 | U51: N/A | V51: =CONCATENATE($U$1," - ",U51) -> prosty eurowkręt - N/A | W51: N/A | X51: =CONCATENATE($W$1," - ",W51) -> prosty expando - N/A
A52: široký | B52: STRONG | C52: ='Translate&Prices&Logo'!B555 -> Nakładany | D52: =VLOOKUP(CONCATENATE(A52,"_",B52,"_",C52),$A$69:$B$383,2,0) -> široký_STRONG_Naložený | E52: ='Translate&Prices&Logo'!$B$584 -> ze sprężyną z tłumieniem | F52: ='Translate&Prices&Logo'!$B$587 -> srebro | G52: =CONCATENATE(I52," ","-"," ",C52," ",E52," - ",F52) -> 92580T - Nakładany ze sprężyną z tłumieniem - srebro | H52: - | I52: 92580T | J52: - | K52: 92590T | L52: =CONCATENATE($K$1," - ",K52) -> krzyżakowy, wkręt - 92590T | M52: 92594T | N52: =CONCATENATE($M$1," - ",M52) -> na wkręt (z mimośrodem) - 92594T | O52: 92591T | P52: =CONCATENATE($O$1," - ",O52) -> krzyżakowy eurowkręt - 92591T | Q52: N/A | R52: =CONCATENATE($Q$1," - ",Q52) -> krzyżakowy expando - N/A | S52: N/A | T52: =CONCATENATE($S$1," - ",S52) -> prosty wkręt - N/A | U52: N/A | V52: =CONCATENATE($U$1," - ",U52) -> prosty eurowkręt - N/A | W52: N/A | X52: =CONCATENATE($W$1," - ",W52) -> prosty expando - N/A
A53: široký | B53: STRONG | C53: ='Translate&Prices&Logo'!B555 -> Nakładany | D53: =VLOOKUP(CONCATENATE(A53,"_",B53,"_",C53),$A$69:$B$383,2,0) -> široký_STRONG_Naložený | E53: ='Translate&Prices&Logo'!$B$585 -> ze sprężyną bez tłumienia | F53: ='Translate&Prices&Logo'!$B$587 -> srebro | G53: =CONCATENATE(I53," ","-"," ",C53," ",E53," - ",F53) -> 198818 - Nakładany ze sprężyną bez tłumienia - srebro | H53: - | I53: 198818 | J53: - | K53: 92590T | L53: =CONCATENATE($K$1," - ",K53) -> krzyżakowy, wkręt - 92590T | M53: 92594T | N53: =CONCATENATE($M$1," - ",M53) -> na wkręt (z mimośrodem) - 92594T | O53: 92591T | P53: =CONCATENATE($O$1," - ",O53) -> krzyżakowy eurowkręt - 92591T | Q53: N/A | R53: =CONCATENATE($Q$1," - ",Q53) -> krzyżakowy expando - N/A | S53: N/A | T53: =CONCATENATE($S$1," - ",S53) -> prosty wkręt - N/A | U53: N/A | V53: =CONCATENATE($U$1," - ",U53) -> prosty eurowkręt - N/A | W53: N/A | X53: =CONCATENATE($W$1," - ",W53) -> prosty expando - N/A
A54: široký | B54: STRONG | C54: ='Translate&Prices&Logo'!B556 -> Półnakładany | D54: =VLOOKUP(CONCATENATE(A54,"_",B54,"_",C54),$A$69:$B$383,2,0) -> široký_STRONG_Polonaložený | E54: ='Translate&Prices&Logo'!$B$584 -> ze sprężyną z tłumieniem | F54: ='Translate&Prices&Logo'!$B$587 -> srebro | G54: =CONCATENATE(I54," ","-"," ",C54," ",E54," - ",F54) -> 92581T - Półnakładany ze sprężyną z tłumieniem - srebro | H54: - | I54: 92581T | J54: - | K54: 92590T | L54: =CONCATENATE($K$1," - ",K54) -> krzyżakowy, wkręt - 92590T | M54: 92594T | N54: =CONCATENATE($M$1," - ",M54) -> na wkręt (z mimośrodem) - 92594T | O54: 92591T | P54: =CONCATENATE($O$1," - ",O54) -> krzyżakowy eurowkręt - 92591T | Q54: N/A | R54: =CONCATENATE($Q$1," - ",Q54) -> krzyżakowy expando - N/A | S54: N/A | T54: =CONCATENATE($S$1," - ",S54) -> prosty wkręt - N/A | U54: N/A | V54: =CONCATENATE($U$1," - ",U54) -> prosty eurowkręt - N/A | W54: N/A | X54: =CONCATENATE($W$1," - ",W54) -> prosty expando - N/A
A55: široký | B55: STRONG | C55: ='Translate&Prices&Logo'!B556 -> Półnakładany | D55: =VLOOKUP(CONCATENATE(A55,"_",B55,"_",C55),$A$69:$B$383,2,0) -> široký_STRONG_Polonaložený | E55: ='Translate&Prices&Logo'!$B$585 -> ze sprężyną bez tłumienia | F55: ='Translate&Prices&Logo'!$B$587 -> srebro | G55: =CONCATENATE(I55," ","-"," ",C55," ",E55," - ",F55) -> 198819 - Półnakładany ze sprężyną bez tłumienia - srebro | H55: - | I55: 198819 | J55: - | K55: 92590T | L55: =CONCATENATE($K$1," - ",K55) -> krzyżakowy, wkręt - 92590T | M55: 92594T | N55: =CONCATENATE($M$1," - ",M55) -> na wkręt (z mimośrodem) - 92594T | O55: 92591T | P55: =CONCATENATE($O$1," - ",O55) -> krzyżakowy eurowkręt - 92591T | Q55: N/A | R55: =CONCATENATE($Q$1," - ",Q55) -> krzyżakowy expando - N/A | S55: N/A | T55: =CONCATENATE($S$1," - ",S55) -> prosty wkręt - N/A | U55: N/A | V55: =CONCATENATE($U$1," - ",U55) -> prosty eurowkręt - N/A | W55: N/A | X55: =CONCATENATE($W$1," - ",W55) -> prosty expando - N/A
A56: široký | B56: STRONG | C56: ='Translate&Prices&Logo'!B557 -> Wpuszczany | D56: =VLOOKUP(CONCATENATE(A56,"_",B56,"_",C56),$A$69:$B$383,2,0) -> široký_STRONG_Vložený | E56: ='Translate&Prices&Logo'!$B$584 -> ze sprężyną z tłumieniem | F56: ='Translate&Prices&Logo'!$B$587 -> srebro | G56: =CONCATENATE(I56," ","-"," ",C56," ",E56," - ",F56) -> 92582T - Wpuszczany ze sprężyną z tłumieniem - srebro | H56: - | I56: 92582T | J56: - | K56: 92592T | L56: =CONCATENATE($K$1," - ",K56) -> krzyżakowy, wkręt - 92592T | M56: 397954 | N56: =CONCATENATE($M$1," - ",M56) -> na wkręt (z mimośrodem) - 397954 | O56: 92593T | P56: =CONCATENATE($O$1," - ",O56) -> krzyżakowy eurowkręt - 92593T | Q56: N/A | R56: =CONCATENATE($Q$1," - ",Q56) -> krzyżakowy expando - N/A | S56: N/A | T56: =CONCATENATE($S$1," - ",S56) -> prosty wkręt - N/A | U56: N/A | V56: =CONCATENATE($U$1," - ",U56) -> prosty eurowkręt - N/A | W56: N/A | X56: =CONCATENATE($W$1," - ",W56) -> prosty expando - N/A
A57: široký | B57: STRONG | C57: ='Translate&Prices&Logo'!B557 -> Wpuszczany | D57: =VLOOKUP(CONCATENATE(A57,"_",B57,"_",C57),$A$69:$B$383,2,0) -> široký_STRONG_Vložený | E57: ='Translate&Prices&Logo'!$B$585 -> ze sprężyną bez tłumienia | F57: ='Translate&Prices&Logo'!$B$587 -> srebro | G57: =CONCATENATE(I57," ","-"," ",C57," ",E57," - ",F57) -> 198820 - Wpuszczany ze sprężyną bez tłumienia - srebro | H57: - | I57: 198820 | J57: - | K57: 92592T | L57: =CONCATENATE($K$1," - ",K57) -> krzyżakowy, wkręt - 92592T | M57: 397954 | N57: =CONCATENATE($M$1," - ",M57) -> na wkręt (z mimośrodem) - 397954 | O57: 92593T | P57: =CONCATENATE($O$1," - ",O57) -> krzyżakowy eurowkręt - 92593T | Q57: N/A | R57: =CONCATENATE($Q$1," - ",Q57) -> krzyżakowy expando - N/A | S57: N/A | T57: =CONCATENATE($S$1," - ",S57) -> prosty wkręt - N/A | U57: N/A | V57: =CONCATENATE($U$1," - ",U57) -> prosty eurowkręt - N/A | W57: N/A | X57: =CONCATENATE($W$1," - ",W57) -> prosty expando - N/A
A58: široký | B58: STRONGHINGES | C58: ='Translate&Prices&Logo'!B555 -> Nakładany | D58: =VLOOKUP(CONCATENATE(A58,"_",B58,"_",C58),$A$69:$B$383,2,0) -> široký_STRONGHINGES_Naložený | E58: ='Translate&Prices&Logo'!$B$584 -> ze sprężyną z tłumieniem | F58: ='Translate&Prices&Logo'!$B$587 -> srebro | G58: =CONCATENATE(I58," ","-"," ",C58," ",E58," - ",F58) -> 350827 - Nakładany ze sprężyną z tłumieniem - srebro | H58: - | I58: 350827 | J58: - | K58: 92596 | L58: =CONCATENATE($K$1," - ",K58) -> krzyżakowy, wkręt - 92596 | M58: 315856 | N58: =CONCATENATE($M$1," - ",M58) -> na wkręt (z mimośrodem) - 315856 | O58: 92597 | P58: =CONCATENATE($O$1," - ",O58) -> krzyżakowy eurowkręt - 92597 | Q58: N/A | R58: =CONCATENATE($Q$1," - ",Q58) -> krzyżakowy expando - N/A | S58: N/A | T58: =CONCATENATE($S$1," - ",S58) -> prosty wkręt - N/A | U58: N/A | V58: =CONCATENATE($U$1," - ",U58) -> prosty eurowkręt - N/A | W58: N/A | X58: =CONCATENATE($W$1," - ",W58) -> prosty expando - N/A
A59: široký | B59: STRONGHINGES | C59: ='Translate&Prices&Logo'!B555 -> Nakładany | D59: =VLOOKUP(CONCATENATE(A59,"_",B59,"_",C59),$A$69:$B$383,2,0) -> široký_STRONGHINGES_Naložený | E59: ='Translate&Prices&Logo'!$B$585 -> ze sprężyną bez tłumienia | F59: ='Translate&Prices&Logo'!$B$587 -> srebro | G59: =CONCATENATE(I59," ","-"," ",C59," ",E59," - ",F59) -> 350834 - Nakładany ze sprężyną bez tłumienia - srebro | H59: - | I59: 350834 | J59: - | K59: 92596 | L59: =CONCATENATE($K$1," - ",K59) -> krzyżakowy, wkręt - 92596 | M59: 315856 | N59: =CONCATENATE($M$1," - ",M59) -> na wkręt (z mimośrodem) - 315856 | O59: 92597 | P59: =CONCATENATE($O$1," - ",O59) -> krzyżakowy eurowkręt - 92597 | Q59: N/A | R59: =CONCATENATE($Q$1," - ",Q59) -> krzyżakowy expando - N/A | S59: N/A | T59: =CONCATENATE($S$1," - ",S59) -> prosty wkręt - N/A | U59: N/A | V59: =CONCATENATE($U$1," - ",U59) -> prosty eurowkręt - N/A | W59: N/A | X59: =CONCATENATE($W$1," - ",W59) -> prosty expando - N/A
A60: široký | B60: STRONGHINGES | C60: ='Translate&Prices&Logo'!B555 -> Nakładany | D60: =VLOOKUP(CONCATENATE(A60,"_",B60,"_",C60),$A$69:$B$383,2,0) -> široký_STRONGHINGES_Naložený | E60: ='Translate&Prices&Logo'!$B$586 -> tip-on bez sprężyny/tłumienie | F60: ='Translate&Prices&Logo'!$B$587 -> srebro | G60: =CONCATENATE(I60," ","-"," ",C60," ",E60," - ",F60) -> 350837 - Nakładany tip-on bez sprężyny/tłumienie - srebro | H60: - | I60: 350837 | J60: - | K60: 92596 | L60: =CONCATENATE($K$1," - ",K60) -> krzyżakowy, wkręt - 92596 | M60: 315856 | N60: =CONCATENATE($M$1," - ",M60) -> na wkręt (z mimośrodem) - 315856 | O60: 92597 | P60: =CONCATENATE($O$1," - ",O60) -> krzyżakowy eurowkręt - 92597 | Q60: N/A | R60: =CONCATENATE($Q$1," - ",Q60) -> krzyżakowy expando - N/A | S60: N/A | T60: =CONCATENATE($S$1," - ",S60) -> prosty wkręt - N/A | U60: N/A | V60: =CONCATENATE($U$1," - ",U60) -> prosty eurowkręt - N/A | W60: N/A | X60: =CONCATENATE($W$1," - ",W60) -> prosty expando - N/A
A61: široký | B61: STRONGHINGES | C61: ='Translate&Prices&Logo'!B556 -> Półnakładany | D61: =VLOOKUP(CONCATENATE(A61,"_",B61,"_",C61),$A$69:$B$383,2,0) -> široký_STRONGHINGES_Polonaložený | E61: ='Translate&Prices&Logo'!$B$584 -> ze sprężyną z tłumieniem | F61: ='Translate&Prices&Logo'!$B$587 -> srebro | G61: =CONCATENATE(I61," ","-"," ",C61," ",E61," - ",F61) -> 350828 - Półnakładany ze sprężyną z tłumieniem - srebro | H61: - | I61: 350828 | J61: - | K61: 92596 | L61: =CONCATENATE($K$1," - ",K61) -> krzyżakowy, wkręt - 92596 | M61: 315856 | N61: =CONCATENATE($M$1," - ",M61) -> na wkręt (z mimośrodem) - 315856 | O61: 92597 | P61: =CONCATENATE($O$1," - ",O61) -> krzyżakowy eurowkręt - 92597 | Q61: N/A | R61: =CONCATENATE($Q$1," - ",Q61) -> krzyżakowy expando - N/A | S61: N/A | T61: =CONCATENATE($S$1," - ",S61) -> prosty wkręt - N/A | U61: N/A | V61: =CONCATENATE($U$1," - ",U61) -> prosty eurowkręt - N/A | W61: N/A | X61: =CONCATENATE($W$1," - ",W61) -> prosty expando - N/A
A62: široký | B62: STRONGHINGES | C62: ='Translate&Prices&Logo'!B556 -> Półnakładany | D62: =VLOOKUP(CONCATENATE(A62,"_",B62,"_",C62),$A$69:$B$383,2,0) -> široký_STRONGHINGES_Polonaložený | E62: ='Translate&Prices&Logo'!$B$585 -> ze sprężyną bez tłumienia | F62: ='Translate&Prices&Logo'!$B$587 -> srebro | G62: =CONCATENATE(I62," ","-"," ",C62," ",E62," - ",F62) -> 350835 - Półnakładany ze sprężyną bez tłumienia - srebro | H62: - | I62: 350835 | J62: - | K62: 92596 | L62: =CONCATENATE($K$1," - ",K62) -> krzyżakowy, wkręt - 92596 | M62: 315856 | N62: =CONCATENATE($M$1," - ",M62) -> na wkręt (z mimośrodem) - 315856 | O62: 92597 | P62: =CONCATENATE($O$1," - ",O62) -> krzyżakowy eurowkręt - 92597 | Q62: N/A | R62: =CONCATENATE($Q$1," - ",Q62) -> krzyżakowy expando - N/A | S62: N/A | T62: =CONCATENATE($S$1," - ",S62) -> prosty wkręt - N/A | U62: N/A | V62: =CONCATENATE($U$1," - ",U62) -> prosty eurowkręt - N/A | W62: N/A | X62: =CONCATENATE($W$1," - ",W62) -> prosty expando - N/A
A63: široký | B63: STRONGHINGES | C63: ='Translate&Prices&Logo'!B556 -> Półnakładany | D63: =VLOOKUP(CONCATENATE(A63,"_",B63,"_",C63),$A$69:$B$383,2,0) -> široký_STRONGHINGES_Polonaložený | E63: ='Translate&Prices&Logo'!$B$586 -> tip-on bez sprężyny/tłumienie | F63: ='Translate&Prices&Logo'!$B$587 -> srebro | G63: =CONCATENATE(I63," ","-"," ",C63," ",E63," - ",F63) -> 350838 - Półnakładany tip-on bez sprężyny/tłumienie - srebro | H63: - | I63: 350838 | J63: - | K63: 92596 | L63: =CONCATENATE($K$1," - ",K63) -> krzyżakowy, wkręt - 92596 | M63: 315856 | N63: =CONCATENATE($M$1," - ",M63) -> na wkręt (z mimośrodem) - 315856 | O63: 92597 | P63: =CONCATENATE($O$1," - ",O63) -> krzyżakowy eurowkręt - 92597 | Q63: N/A | R63: =CONCATENATE($Q$1," - ",Q63) -> krzyżakowy expando - N/A | S63: N/A | T63: =CONCATENATE($S$1," - ",S63) -> prosty wkręt - N/A | U63: N/A | V63: =CONCATENATE($U$1," - ",U63) -> prosty eurowkręt - N/A | W63: N/A | X63: =CONCATENATE($W$1," - ",W63) -> prosty expando - N/A
A64: široký | B64: STRONGHINGES | C64: ='Translate&Prices&Logo'!B557 -> Wpuszczany | D64: =VLOOKUP(CONCATENATE(A64,"_",B64,"_",C64),$A$69:$B$383,2,0) -> široký_STRONGHINGES_Vložený | E64: ='Translate&Prices&Logo'!$B$584 -> ze sprężyną z tłumieniem | F64: ='Translate&Prices&Logo'!$B$587 -> srebro | G64: =CONCATENATE(I64," ","-"," ",C64," ",E64," - ",F64) -> 350829 - Wpuszczany ze sprężyną z tłumieniem - srebro | H64: - | I64: 350829 | J64: - | K64: 92598 | L64: =CONCATENATE($K$1," - ",K64) -> krzyżakowy, wkręt - 92598 | M64: 350868 | N64: =CONCATENATE($M$1," - ",M64) -> na wkręt (z mimośrodem) - 350868 | O64: 92599 | P64: =CONCATENATE($O$1," - ",O64) -> krzyżakowy eurowkręt - 92599 | Q64: N/A | R64: =CONCATENATE($Q$1," - ",Q64) -> krzyżakowy expando - N/A | S64: N/A | T64: =CONCATENATE($S$1," - ",S64) -> prosty wkręt - N/A | U64: N/A | V64: =CONCATENATE($U$1," - ",U64) -> prosty eurowkręt - N/A | W64: N/A | X64: =CONCATENATE($W$1," - ",W64) -> prosty expando - N/A
A65: široký | B65: STRONGHINGES | C65: ='Translate&Prices&Logo'!B557 -> Wpuszczany | D65: =VLOOKUP(CONCATENATE(A65,"_",B65,"_",C65),$A$69:$B$383,2,0) -> široký_STRONGHINGES_Vložený | E65: ='Translate&Prices&Logo'!$B$585 -> ze sprężyną bez tłumienia | F65: ='Translate&Prices&Logo'!$B$587 -> srebro | G65: =CONCATENATE(I65," ","-"," ",C65," ",E65," - ",F65) -> 350836 - Wpuszczany ze sprężyną bez tłumienia - srebro | H65: - | I65: 350836 | J65: - | K65: 92598 | L65: =CONCATENATE($K$1," - ",K65) -> krzyżakowy, wkręt - 92598 | M65: 350868 | N65: =CONCATENATE($M$1," - ",M65) -> na wkręt (z mimośrodem) - 350868 | O65: 92599 | P65: =CONCATENATE($O$1," - ",O65) -> krzyżakowy eurowkręt - 92599 | Q65: N/A | R65: =CONCATENATE($Q$1," - ",Q65) -> krzyżakowy expando - N/A | S65: N/A | T65: =CONCATENATE($S$1," - ",S65) -> prosty wkręt - N/A | U65: N/A | V65: =CONCATENATE($U$1," - ",U65) -> prosty eurowkręt - N/A | W65: N/A | X65: =CONCATENATE($W$1," - ",W65) -> prosty expando - N/A
A66: široký | B66: STRONGHINGES | C66: ='Translate&Prices&Logo'!B557 -> Wpuszczany | D66: =VLOOKUP(CONCATENATE(A66,"_",B66,"_",C66),$A$69:$B$383,2,0) -> široký_STRONGHINGES_Vložený | E66: ='Translate&Prices&Logo'!$B$586 -> tip-on bez sprężyny/tłumienie | F66: ='Translate&Prices&Logo'!$B$587 -> srebro | G66: =CONCATENATE(I66," ","-"," ",C66," ",E66," - ",F66) -> 350839 - Wpuszczany tip-on bez sprężyny/tłumienie - srebro | H66: - | I66: 350839 | J66: - | K66: 92598 | L66: =CONCATENATE($K$1," - ",K66) -> krzyżakowy, wkręt - 92598 | M66: 350868 | N66: =CONCATENATE($M$1," - ",M66) -> na wkręt (z mimośrodem) - 350868 | O66: 92599 | P66: =CONCATENATE($O$1," - ",O66) -> krzyżakowy eurowkręt - 92599 | Q66: N/A | R66: =CONCATENATE($Q$1," - ",Q66) -> krzyżakowy expando - N/A | S66: N/A | T66: =CONCATENATE($S$1," - ",S66) -> prosty wkręt - N/A | U66: N/A | V66: =CONCATENATE($U$1," - ",U66) -> prosty eurowkręt - N/A | W66: N/A | X66: =CONCATENATE($W$1," - ",W66) -> prosty expando - N/A
A69: úzký_BLUM_Naložený | B69: úzký_BLUM_Naložený | C69: CZ
A70: úzký_BLUM_Naložený | B70: úzký_BLUM_Naložený | C70: CZ
A71: úzký_BLUM_Naložený | B71: úzký_BLUM_Naložený | C71: CZ
A72: úzký_BLUM_Naložený | B72: úzký_BLUM_Naložený | C72: CZ
A73: úzký_BLUM_Polonaložený | B73: úzký_BLUM_Polonaložený | C73: CZ
A74: úzký_BLUM_Polonaložený | B74: úzký_BLUM_Polonaložený | C74: CZ
A75: úzký_BLUM_Vložený | B75: úzký_BLUM_Vložený | C75: CZ
A76: úzký_BLUM_Vložený | B76: úzký_BLUM_Vložený | C76: CZ
A77: úzký_HETTICH_Naložený | B77: úzký_HETTICH_Naložený | C77: CZ
A78: úzký_HETTICH_Naložený | B78: úzký_HETTICH_Naložený | C78: CZ
A79: úzký_HETTICH_Naložený | B79: úzký_HETTICH_Naložený | C79: CZ
A80: úzký_HETTICH_Naložený | B80: úzký_HETTICH_Naložený | C80: CZ
A81: úzký_HETTICH_Polonaložený | B81: úzký_HETTICH_Polonaložený | C81: CZ | G81: 92584T - Naložený s pružinou a tlumením - stříbrná
A82: úzký_HETTICH_Polonaložený | B82: úzký_HETTICH_Polonaložený | C82: CZ
A83: úzký_HETTICH_Polonaložený | B83: úzký_HETTICH_Polonaložený | C83: CZ
A84: úzký_HETTICH_Vložený | B84: úzký_HETTICH_Vložený | C84: CZ
A85: úzký_HETTICH_Vložený | B85: úzký_HETTICH_Vložený | C85: CZ
A86: úzký_HETTICH_Vložený | B86: úzký_HETTICH_Vložený | C86: CZ
A87: úzký_STRONG_Naložený | B87: úzký_STRONG_Naložený | C87: CZ
A88: úzký_STRONGHINGES_Naložený | B88: úzký_STRONGHINGES_Naložený | C88: CZ
A89: úzký_STRONGHINGES_Naložený | B89: úzký_STRONGHINGES_Naložený | C89: CZ
A90: široký_BLUM_Naložený | B90: široký_BLUM_Naložený | C90: CZ
A91: široký_BLUM_Naložený | B91: široký_BLUM_Naložený | C91: CZ
A92: široký_BLUM_Naložený | B92: široký_BLUM_Naložený | C92: CZ
A93: široký_BLUM_Naložený | B93: široký_BLUM_Naložený | C93: CZ
... A257: široký_STRONGHINGES_Wpuszczany | B257: široký_STRONGHINGES_Vložený | C257: PL
A258: úzký_BLUM_Ráütődő | B258: úzký_BLUM_Naložený | C258: HU | D258: Félig ráütődő
A259: úzký_BLUM_Ráütődő | B259: úzký_BLUM_Naložený | C259: HU | D259: Közézáródó
A260: úzký_BLUM_Ráütődő | B260: úzký_BLUM_Naložený | C260: HU
A261: úzký_BLUM_Ráütődő | B261: úzký_BLUM_Naložený | C261: HU
A262: úzký_BLUM_Félig ráütődő | B262: úzký_BLUM_Polonaložený | C262: HU
A263: úzký_BLUM_Félig ráütődő | B263: úzký_BLUM_Polonaložený | C263: HU
A264: úzký_BLUM_Közézáródó | B264: úzký_BLUM_Vložený | C264: HU
A265: úzký_BLUM_Közézáródó | B265: úzký_BLUM_Vložený | C265: HU
...

Sheet Translate&Prices&Logo
A1: Verze: | B1: 8.4 | D1: =Hlavní!V39 -> 3 | AA1: BRW (elox.) - maximální doporučená délka profilu 2500 mm | AB1: BRW (elox.) | AH1: Čiré | AI1: Czyste
AA2: BRW antracit RAL 7021 - maximální doporučená délka profilu 2500 mm | AB2: BRW antracyt RAL 7021 | AH2: Bez úprav | AI2: Bez modyfikacji
G3: Kurz | H3: 25.05 | I3: Kurz | J3: 6 | K3: Kurz 100HUF | L3: 6.2 | AA3: BRW bílá mat RAL 9003 - maximální doporučená délka profilu 2500 mm | AB3: BRW bialy matowy RAL 9003 | AH3: Kalené | AI3: Hartowane
B4: Název | C4: Cena CZ | E4: Cena CZ | G4: Cena SK | I4: Cena PL | K4: Cena HU | AA4: BRW bílá lesk RAL 9003 - maximální doporučená délka profilu 2500 mm | AB4: BRW bialy połysk RAL 9003 | AH4: Folie | AI4: Folia
B5: Profil | C5: ZC nová/profil | D5: ZC nová/konst. | E5: ZC nová/profil | F5: ZC nová/konst. | G5: ZC nová/profil | H5: ZC nová/konst. | I5: ZC nová/profil | J5: ZC nová/konst. | K5: ZC nová/profil | L5: ZC nová/konst. | M5: čeština | N5: Slovenština | O5: Polština | P5: Maďarština | Q5: Angličtina | R5: Francouština | S5: max doporučená délka | U5: mx výška | V5: max šířka | AA5: BRW hnědá - maximální doporučená délka profilu 2500 mm | AB5: BRW brąz | AH5: Čiré kalené (dodání 3 týdny) | AI5: Czyste hartowane
A6: Profily | B6: =IF($D$1=1,M6, IF($D$1=2,N6, IF($D$1=3,O6, IF($D$1=4,P6, IF($D$1=5,Q6, IF($D$1=6,R6,0)))))) -> BRW (elox.) - maksymalna zalecana długość profilu 2500 mm | C6: =IF($D$1=1,E6,IF(OR($D$1=2,$D$1=5,),G6,IF($D$1=3,I6,IF($D$1=4,K6,IF($D$1=6,G6*1.3,0))))) -> 49.03416 | D6: =IF($D$1=1,F6,IF(OR($D$1=2,$D$1=5),H6,IF($D$1=3,J6,IF($D$1=4,L6,IF($D$1=6,H6*1.3,0))))) -> 31.92048 | E6: 373.07693 | F6: 211.47318 | G6: 12.894191 | H6: 7.3270563 | I6: 49.03416 | J6: 31.92048 | K6: 4704.8563 | L6: 2844.5266 | M6: BRW (elox.) - maximální doporučená délka profilu 2500 mm | N6: BRW (elox.) - maximálna odporúčaná odporúčaná dĺžka profilu 2500 mm | O6: BRW (elox.) - maksymalna zalecana długość profilu 2500 mm | P6: BRW (elox.) - maximális ajánlott profilhosszúság 2500 mm | Q6: BRW (elox.) - maximum profile length 2500 mm | R6: BRW (elox.) - longueur maximale recommandée du profil 2500 mm | S6: 2500 | T6: 2500 | U6: 2700 | V6: 700 | AA6: BRW broušené - maximální doporučená délka profilu 2500 mm | AB6: BRW szczotkowany | AH6: Satinato | AI6: Satinato
B7: =IF($D$1=1,M7, IF($D$1=2,N7, IF($D$1=3,O7, IF($D$1=4,P7, IF($D$1=5,Q7, IF($D$1=6,R7,0)))))) -> BRW antracyt RAL 7021 - maksymalna zalecana długość profilu 2500 mm | C7: =IF($D$1=1,E7,IF(OR($D$1=2,$D$1=5,),G7,IF($D$1=3,I7,IF($D$1=4,K7,IF($D$1=6,G7*1.3,0))))) -> 88.153039 | D7: =IF($D$1=1,F7,IF(OR($D$1=2,$D$1=5),H7,IF($D$1=3,J7,IF($D$1=4,L7,IF($D$1=6,H7*1.3,0))))) -> 31.92048 | E7: 670.71334 | F7: 211.47318 | G7: 23.181026 | H7: 7.3270563 | I7: 88.153039 | J7: 31.92048 | K7: 8458.3355 | L7: 2844.5266 | M7: BRW antracit RAL 7021 - maximální doporučená délka profilu 2500 mm | N7: BRW antracit RAL 7021 - maximálna odporúčaná dĺžka profilu 2500 mm | O7: BRW antracyt RAL 7021 - maksymalna zalecana długość profilu 2500 mm | P7: BRW antracit RAL 7021 - maximális ajánlott profilhosszúság 2500 mm | Q7: BRW anthracite RAL 7021 - maximum profile length 2500 mm | R7: BRW antracite RAL 7021 - longueur maximale recommandée du profil 2500 mm | S7: 2500 | T7: 2500 | U7: 2700 | V7: 700 | AA7: BRW černá mat - maximální doporučená délka profilu 2500 mm | AB7: BRW Czarny matowy | AH7: MASTER SOFT | AI7: MASTER SOFT
B8: =IF($D$1=1,M8, IF($D$1=2,N8, IF($D$1=3,O8, IF($D$1=4,P8, IF($D$1=5,Q8, IF($D$1=6,R8,0)))))) -> BRW bialy matowy RAL 9003 - maksymalna zalecana długość profilu 2500 mm | C8: =IF($D$1=1,E8,IF(OR($D$1=2,$D$1=5,),G8,IF($D$1=3,I8,IF($D$1=4,K8,IF($D$1=6,G8*1.3,0))))) -> 79.003981 | D8: =IF($D$1=1,F8,IF(OR($D$1=2,$D$1=5),H8,IF($D$1=3,J8,IF($D$1=4,L8,IF($D$1=6,H8*1.3,0))))) -> 31.92048 | E8: 601.10263 | F8: 211.47318 | G8: 20.775158 | H8: 7.3270563 | I8: 79.003981 | J8: 31.92048 | K8: 7580.478 | L8: 2844.5266 | M8: BRW bílá mat RAL 9003 - maximální doporučená délka profilu 2500 mm | N8: BRW biela matt RAL 9003 - maximálna odporúčaná dĺžka profilu 2500 mm | O8: BRW bialy matowy RAL 9003 - maksymalna zalecana długość profilu 2500 mm | P8: BRW fehér matt RAL 9003 - maximális ajánlott profilhosszúság 2500 mm | Q8: BRW white matt RAL 9003 - maximum profile length 2500 mm | R8: BRW blanc mat RAL 9003 - longueur maximale recommandée du profil 2500 mm | S8: 2500 | T8: 2500 | U8: 2700 | V8: 700 | AA8: BRW zlatá - maximální doporučená délka profilu 2500 mm | AB8: BRW złota | AH8: Satinato hnědé / Decormat Braz | AI8: Satinato brązowe
B9: =IF($D$1=1,M9, IF($D$1=2,N9, IF($D$1=3,O9, IF($D$1=4,P9, IF($D$1=5,Q9, IF($D$1=6,R9,0)))))) -> BRW bialy połysk RAL 9003 - maksymalna zalecana długość profilu 2500 mm | C9: =IF($D$1=1,E9,IF(OR($D$1=2,$D$1=5,),G9,IF($D$1=3,I9,IF($D$1=4,K9,IF($D$1=6,G9*1.3,0))))) -> 79.003981 | D9: =IF($D$1=1,F9,IF(OR($D$1=2,$D$1=5),H9,IF($D$1=3,J9,IF($D$1=4,L9,IF($D$1=6,H9*1.3,0))))) -> 31.92048 | E9: 601.10263 | F9: 211.47318 | G9: 20.775158 | H9: 7.3270563 | I9: 79.003981 | J9: 31.92048 | K9: 7580.478 | L9: 2844.5266 | M9: BRW bílá lesk RAL 9003 - maximální doporučená délka profilu 2500 mm | N9: BRW biela lesk RAL 9003 - maximálna odporúčaná dĺžka profilu 2500 mm | O9: BRW bialy połysk RAL 9003 - maksymalna zalecana długość profilu 2500 mm | P9: BRW fehér fényes RAL 9003 - maximális ajánlott profilhosszúság 2500 mm | Q9: BRW white gloss RAL 9003 - maximum profile length 2500 mm | R9: BRW blanc brillant RAL 9003 - longueur maximale recommandée du profil 2500 mm | S9: 2500 | T9: 2500 | U9: 2700 | V9: 700 | AA9: BRW černá broušená - maximální doporučená délka profilu 2500 mm | AB9: BRW czarna szczotka | AH9: Satinato grafit / Decormat grafit | AI9: Satinato grafit
B10: =IF($D$1=1,M10, IF($D$1=2,N10, IF($D$1=3,O10, IF($D$1=4,P10, IF($D$1=5,Q10, IF($D$1=6,R10,0)))))) -> BRW brąz - maksymalna zalecana długość profilu 2500 mm | C10: =IF($D$1=1,E10,IF(OR($D$1=2,$D$1=5,),G10,IF($D$1=3,I10,IF($D$1=4,K10,IF($D$1=6,G10*1.3,0))))) -> 50.67117 | D10: =IF($D$1=1,F10,IF(OR($D$1=2,$D$1=5),H10,IF($D$1=3,J10,IF($D$1=4,L10,IF($D$1=6,H10*1.3,0))))) -> 31.92048 | E10: 385.53214 | F10: 211.47318 | G10: 13.324665 | H10: 7.3270563 | I10: 50.67117 | J10: 31.92048 | K10: 4861.9283 | L10: 2844.5266 | M10: BRW hnědá - maximální doporučená délka profilu 2500 mm | N10: BRW hnědá - maximálna odporúčaná dĺžka profilu 2500 mm | O10: BRW brąz - maksymalna zalecana długość profilu 2500 mm | P10: BRW barna - maximális ajánlott profilhosszúság 2500 mm | Q10: BRW brown - maximum profile length 2500 mm | R10: BRW marron - longueur maximale recommandée du profil 2500 mm | S10: 2500 | T10: 2500 | U10: 2700 | V10: 700 | AA10: BRW světlá nerez (INOX ACIER gratta) - maximální doporučená délka profilu 2500 mm | AB10: BRW INOX ACIER gratta | AH10: Planibel dark grey | AI10: Planibel dark grey
B11: =IF($D$1=1,M11, IF($D$1=2,N11, IF($D$1=3,O11, IF($D$1=4,P11, IF($D$1=5,Q11, IF($D$1=6,R11,0)))))) -> BRW szczotkowany - maksymalna zalecana długość profilu 2500 mm | C11: =IF($D$1=1,E11,IF(OR($D$1=2,$D$1=5,),G11,IF($D$1=3,I11,IF($D$1=4,K11,IF($D$1=6,G11*1.3,0))))) -> 71.118567 | D11: =IF($D$1=1,F11,IF(OR($D$1=2,$D$1=5),H11,IF($D$1=3,J11,IF($D$1=4,L11,IF($D$1=6,H11*1.3,0))))) -> 31.92048 | E11: 541.10637 | F11: 211.47318 | G11: 18.701583 | H11: 7.3270563 | I11: 71.118567 | J11: 31.92048 | K11: 6823.868 | L11: 2844.5266 | M11: BRW broušené - maximální doporučená délka profilu 2500 mm | N11: BRW brúsené - maximálna odporúčaná dĺžka profilu 2500 mm | O11: BRW szczotkowany - maksymalna zalecana długość profilu 2500 mm | P11: BRW csiszolt - maximális ajánlott profilhosszúság 2500 mm | Q11: BRW brushed - maximum profile length 2500 mm | R11: BRW brossé - longueur maximale recommandée du profil 2500 mm | S11: 2500 | T11: 2500 | U11: 2700 | V11: 700 | AA11: BRW tmavá nerez br. (INOX LIJA) - maximální doporučená délka profilu 2500 mm | AB11: BRW INOX LIJA | AH11: Venus VG10 | AI11: Venus VG10
B12: =IF($D$1=1,M12, IF($D$1=2,N12, IF($D$1=3,O12, IF($D$1=4,P12, IF($D$1=5,Q12, IF($D$1=6,R12,0)))))) -> BRW Czarny matowy - maksymalna zalecana długość profilu 2500 mm | C12: =IF($D$1=1,E12,IF(OR($D$1=2,$D$1=5,),G12,IF($D$1=3,I12,IF($D$1=4,K12,IF($D$1=6,G12*1.3,0))))) -> 48.644323 | D12: =IF($D$1=1,F12,IF(OR($D$1=2,$D$1=5),H12,IF($D$1=3,J12,IF($D$1=4,L12,IF($D$1=6,H12*1.3,0))))) -> 32.28984 | E12: 370.11085 | F12: 213.92019 | G12: 12.791678 | H12: 7.4118395 | I12: 48.644323 | J12: 32.28984 | K12: 4667.4512 | L12: 2877.4414 | M12: BRW černá mat - maximální doporučená délka profilu 2500 mm | N12: BRW čierna matt - maximálna odporúčaná dĺžka profilu 2500 mm | O12: BRW Czarny matowy - maksymalna zalecana długość profilu 2500 mm | P12: BRW fekete matt - maximális ajánlott profilhosszúság 2500 mm | Q12: BRW black matt - maximum profile length 2500 mm | R12: BRW noir mat - longueur maximale recommandée du profil 2500 mm | S12: 2500 | T12: 2500 | U12: 2700 | V12: 700 | AA12: Corleone (elox.) - maximální doporučená délka profilu 1500 mm | AB12: Corleone (elox.) | AH12: Stopsol bronz | AI12: Stopsol brąz
B13: =IF($D$1=1,M13, IF($D$1=2,N13, IF($D$1=3,O13, IF($D$1=4,P13, IF($D$1=5,Q13, IF($D$1=6,R13,0)))))) -> BRW złota- maksymalna zalecana długość profilu 2500 mm | C13: =IF($D$1=1,E13,IF(OR($D$1=2,$D$1=5,),G13,IF($D$1=3,I13,IF($D$1=4,K13,IF($D$1=6,G13*1.3,0))))) -> 98.814492 | D13: =IF($D$1=1,F13,IF(OR($D$1=2,$D$1=5),H13,IF($D$1=3,J13,IF($D$1=4,L13,IF($D$1=6,H13*1.3,0))))) -> 31.92048 | E13: 751.83111 | F13: 211.47318 | G13: 25.984598 | H13: 7.3270563 | I13: 98.814492 | J13: 31.92048 | K13: 9481.3082 | L13: 2844.5266 | M13: BRW zlatá - maximální doporučená délka profilu 2500 mm | N13: BRW zlatá - maximálna odporúčaná dĺžka profilu 2500 mm | O13: BRW złota- maksymalna zalecana długość profilu 2500 mm | P13: BRW arany - maximális ajánlott profilhosszúság 2500 mm | Q13: BRW gold - maximum profile length 2500 mm | R13: BRW doré - longueur maximale recommandée du profil 2500 mm | S13: 2500 | T13: 2500 | U13: 2700 | V13: 700 | AA13: Corleone černá mat - maximální doporučená délka profilu 1500 mm | AB13: Corleone czarny matowy | AH13: Lakomat | AI13: Lakomat
B14: =IF($D$1=1,M14, IF($D$1=2,N14, IF($D$1=3,O14, IF($D$1=4,P14, IF($D$1=5,Q14, IF($D$1=6,R14,0)))))) -> BRW czarna szczotka - maksymalna zalecana długość profilu 2500 mm | C14: =IF($D$1=1,E14,IF(OR($D$1=2,$D$1=5,),G14,IF($D$1=3,I14,IF($D$1=4,K14,IF($D$1=6,G14*1.3,0))))) -> 54.70659 | D14: =IF($D$1=1,F14,IF(OR($D$1=2,$D$1=5),H14,IF($D$1=3,J14,IF($D$1=4,L14,IF($D$1=6,H14*1.3,0))))) -> 32.28984 | E14: 416.23567 | F14: 213.92019 | G14: 14.385833 | H14: 7.4118395 | I14: 54.70659 | J14: 32.28984 | K14: 5249.1292 | L14: 2877.4414 | M14: BRW černá broušená - maximální doporučená délka profilu 2500 mm | N14: BRW čierna brúsená - maximálna odporúčaná dĺžka profilu 2500 mm | O14: BRW czarna szczotka - maksymalna zalecana długość profilu 2500 mm | P14: BRW fekete csiszolt - maximális ajánlott profilhosszúság 2500 mm | Q14: BRW black brushed - maximum profile length 2500 mm | R14: BRW noir brossé - longueur maximale recommandée du profil 2500 mm | S14: 2500 | T14: 2500 | U14: 2700 | V14: 700 | AA14: Imola (elox.) - maximální doporučená délka profilu 2500 mm | AB14: Imola (elox.) | AH14: MASTER FLEX | AI14: MASTER FLEX
B15: =IF($D$1=1,M15, IF($D$1=2,N15, IF($D$1=3,O15, IF($D$1=4,P15, IF($D$1=5,Q15, IF($D$1=6,R15,0)))))) -> BRW INOX ACIER gratta - maksymalna zalecana długość profilu 2500 mm | C15: =IF($D$1=1,E15,IF(OR($D$1=2,$D$1=5,),G15,IF($D$1=3,I15,IF($D$1=4,K15,IF($D$1=6,G15*1.3,0))))) -> 68.726502 | D15: =IF($D$1=1,F15,IF(OR($D$1=2,$D$1=5),H15,IF($D$1=3,J15,IF($D$1=4,L15,IF($D$1=6,H15*1.3,0))))) -> 31.92048 | E15: 522.90632 | F15: 211.47318 | G15: 18.072557 | H15: 7.3270563 | I15: 68.726502 | J15: 31.92048 | K15: 6594.348 | L15: 2844.5266 | M15: BRW světlá nerez (INOX ACIER gratta) - maximální doporučená délka profilu 2500 mm | N15: BRW svetlá nerez (INOX ACIER gratta)- maximálna odporúčaná dĺžka profilu 2500 mm | O15: BRW INOX ACIER gratta - maksymalna zalecana długość profilu 2500 mm | P15: BRW nemesacél INOX ACIER gratta - maximális ajánlott profilhosszúság 2500 mm | Q15: BRW Light Stainless Steel (INOX ACIER gratta) - maximum profile length 2500 mm | R15: BRW inox clair (INOX ACIER gratta) - longueur maximale recommandée du profil 2500 mm | S15: 2500 | T15: 2500 | U15: 2700 | V15: 700 | AA15: Imola černá mat - maximální doporučená délka profilu 2500 mm | AB15: Imola Czarny matowy | AH15: Antisol bronz | AI15: Antisol brąz
B16: =IF($D$1=1,M16, IF($D$1=2,N16, IF($D$1=3,O16, IF($D$1=4,P16, IF($D$1=5,Q16, IF($D$1=6,R16,0)))))) -> BRW INOX LIJA - maksymalna zalecana długość profilu 2500 mm | C16: =IF($D$1=1,E16,IF(OR($D$1=2,$D$1=5,),G16,IF($D$1=3,I16,IF($D$1=4,K16,IF($D$1=6,G16*1.3,0))))) -> 58.97043 | D16: =IF($D$1=1,F16,IF(OR($D$1=2,$D$1=5),H16,IF($D$1=3,J16,IF($D$1=4,L16,IF($D$1=6,H16*1.3,0))))) -> 31.92048 | E16: 448.67714 | F16: 211.47318 | G16: 15.507067 | H16: 7.3270563 | I16: 58.97043 | J16: 31.92048 | K16: 5658.2472 | L16: 2844.5266 | M16: BRW tmavá nerez br. (INOX LIJA) - maximální doporučená délka profilu 2500 mm | N16: BRW tmavá nerez brúsená (INOX LIJA) - maximálna odporúčaná dĺžka profilu 2500 mm | O16: BRW INOX LIJA - maksymalna zalecana długość profilu 2500 mm | P16: BRW nemesacél csiszolt (INOX LIJA) - maximális ajánlott profilhosszúság 2500 mm | Q16: BRW dark stainless steel (INOX LIJA)- maximum profile length 2500 mm | R16: BRW inox foncé brossé (INOX LIJA) - longueur maximale recommandée du profil 2500 mm | S16: 2500 | T16: 2500 | U16: 2700 | V16: 700 | AA16: Imola bílá mat RAL 9003 - maximální doporučená délka profilu 2500 mm | AB16: Imola bialy matowy RAL 9003 | AH16: Antisol grafit | AI16: Antisol grafit
B17: =IF($D$1=1,M17, IF($D$1=2,N17, IF($D$1=3,O17, IF($D$1=4,P17, IF($D$1=5,Q17, IF($D$1=6,R17,0)))))) -> Corleone (elox.)- maksymalna zalecana długość profilu 1500 mm | C17: =IF($D$1=1,E17,IF(OR($D$1=2,$D$1=5,),G17,IF($D$1=3,I17,IF($D$1=4,K17,IF($D$1=6,G17*1.3,0))))) -> 61.184376 | D17: =IF($D$1=1,F17,IF(OR($D$1=2,$D$1=5),H17,IF($D$1=3,J17,IF($D$1=4,L17,IF($D$1=6,H17*1.3,0))))) -> 41.634 | E17: 452.05646 | F17: 264.79224 | G17: 15.623862 | H17: 9.1744383 | I17: 61.184376 | J17: 41.634 | K17: 5700.8636 | L17: 3561.7215 | M17: Corleone (elox.) - maximální doporučená délka profilu 1500 mm | N17: Corleone (elox.) - maximálna odporúčaná dĺžka profilu 1500 mm | O17: Corleone (elox.)- maksymalna zalecana długość profilu 1500 mm | P17: Corleone (elox.) - maximális ajánlott profilhosszúság 1500 mm | Q17: Corleone (elox.) - maximum profile length 1500 mm | R17: Corleone (elox.) - longueur maximale recommandée du profil 1500 mm | S17: 1500 | T17: 1500 | U17: 1500 | V17: 700 | AA17: Modena (elox.) - maximální doporučená délka profilu 2500 mm | AB17: Modena (elox.) | AH17: Zrcadlo | AI17: Lustro
B18: =IF($D$1=1,M18, IF($D$1=2,N18, IF($D$1=3,O18, IF($D$1=4,P18, IF($D$1=5,Q18, IF($D$1=6,R18,0)))))) -> Corleone czarny matowy - maksymalna zalecana długość profilu 1500 mm | C18: =IF($D$1=1,E18,IF(OR($D$1=2,$D$1=5,),G18,IF($D$1=3,I18,IF($D$1=4,K18,IF($D$1=6,G18*1.3,0))))) -> 91.709133 | D18: =IF($D$1=1,F18,IF(OR($D$1=2,$D$1=5),H18,IF($D$1=3,J18,IF($D$1=4,L18,IF($D$1=6,H18*1.3,0))))) -> 42.01875 | E18: 677.58649 | F18: 267.23925 | G18: 23.418574 | H18: 9.2592216 | I18: 91.709133 | J18: 42.01875 | K18: 8545.0125 | L18: 3594.6363 | M18: Corleone černá mat - maximální doporučená délka profilu 1500 mm | N18: Corleone čierne mat - maximálna odporúčaná dĺžka profilu 1500 mm | O18: Corleone czarny matowy - maksymalna zalecana długość profilu 1500 mm | P18: Corleone fekete matt - maximális ajánlott profilhosszúság 1500 mm | Q18: Corleone black matt - maximum profile length 1500 mm | R18: Corleone noir mat - longueur maximale recommandée du profil 1500 mm | S18: 1500 | T18: 1500 | U18: 1500 | V18: 700 | AA18: Modena černá mat - maximální doporučená délka profilu 2500 mm | AB18: Modena Czarny matowy | AH18: Zrcadlo hnědé | AI18: Lustro brązowe
... B27: =IF($D$1=1,M27, IF($D$1=2,N27, IF($D$1=3,O27, IF($D$1=4,P27, IF($D$1=5,Q27, IF($D$1=6,R27,0)))))) -> Palio (elox.) - maksymalna zalecana długość profilu 2500 mm | C27: =IF($D$1=1,E27,IF(OR($D$1=2,$D$1=5,),G27,IF($D$1=3,I27,IF($D$1=4,K27,IF($D$1=6,G27*1.3,0))))) -> 69.827028 | D27: =IF($D$1=1,F27,IF(OR($D$1=2,$D$1=5),H27,IF($D$1=3,J27,IF($D$1=4,L27,IF($D$1=6,H27*1.3,0))))) -> 41.634 | E27: 515.91209 | F27: 264.79224 | G27: 17.830824 | H27: 9.1744383 | I27: 69.827028 | J27: 41.634 | K27: 6506.1441 | L27: 3561.7215 | M27: Palio (elox.) - maximální doporučená délka profilu 2500 mm | N27: Palio (elox.) - maximálna odporúčaná dĺžka profilu 2500 mm | O27: Palio (elox.) - maksymalna zalecana długość profilu 2500 mm | P27: Palio (elox.) - maximális ajánlott profilhosszúság 2500 mm | Q27: Palio (elox.) - maximum profile length 2500 mm | R27: Palio (elox.) - longueur maximale recommandée du profil 2500 mm | S27: 2500 | T27: 2500 | U27: 2700 | V27: 700 | AA27: Siena (elox.) - maximální doporučená délka profilu 2500 mm | AB27: Siena (elox.) | AH27: Master Ligne vertikálně | AI27: Master Ligne pionowo
C28: =IF($D$1=1,E28,IF(OR($D$1=2,$D$1=5,),G28,IF($D$1=3,I28,IF($D$1=4,K28,IF($D$1=6,G28*1.3,0))))) -> 81.272506 | D28: =IF($D$1=1,F28,IF(OR($D$1=2,$D$1=5),H28,IF($D$1=3,J28,IF($D$1=4,L28,IF($D$1=6,H28*1.3,0))))) -> 42.01875 | E28: 600.4762 | F28: 267.23925 | G28: 20.753508 | H28: 9.2592216 | I28: 81.272506 | J28: 42.01875 | K28: 7572.5782 | L28: 3594.6363 | M28: Palio černá mat - maximální doporučená délka profilu 2500 mm | N28: Palio čierna matt - maximálna odporúčaná dĺžka profilu 2500 mm | O28: Palio Czarny matowy - maksymalna zalecana długość profilu 2500 mm | P28: Palio fekete matt - maximális ajánlott profilhosszúság 2500 mm | Q28: Palio black matt - maximum profile length 2500 mm | R28: Palio noir mat - longueur maximale recommandée du profil 2500 mm | S28: 2500 | T28: 2500 | U28: 2700 | V28: 700 | AA28: Siena černá mat - maximální doporučená délka profilu 2500 mm | AB28: Siena czarny matowy | AH28: Lacobel RAL 1013 | AI28: Lacobel RAL 1013
B29: =IF($D$1=1,M29, IF($D$1=2,N29, IF($D$1=3,O29, IF($D$1=4,P29, IF($D$1=5,Q29, IF($D$1=6,R29,0)))))) -> Pisa (elox.) - maksymalna zalecana długość profilu 2500 mm | C29: =IF($D$1=1,E29,IF(OR($D$1=2,$D$1=5,),G29,IF($D$1=3,I29,IF($D$1=4,K29,IF($D$1=6,G29*1.3,0))))) -> 62.988596 | D29: =IF($D$1=1,F29,IF(OR($D$1=2,$D$1=5),H29,IF($D$1=3,J29,IF($D$1=4,L29,IF($D$1=6,H29*1.3,0))))) -> 41.634 | E29: 465.38682 | F29: 264.79224 | G29: 16.084582 | H29: 9.1744383 | I29: 62.988596 | J29: 41.634 | K29: 5868.9721 | L29: 3561.7215 | M29: Pisa (elox.) - maximální doporučená délka profilu 2500 mm | N29: Pisa (elox.) - maximálna odporúčaná dĺžka profilu 2500 mm | O29: Pisa (elox.) - maksymalna zalecana długość profilu 2500 mm | P29: Pisa (elox.) - maximális ajánlott profilhosszúság 2500 mm | Q29: Pisa (elox.) - maximum profile length 2500 mm | R29: Pisa (elox.) - longueur maximale recommandée du profil 2500 mm | S29: 2500 | T29: 2500 | U29: 2700 | V29: 700 | AA29: Verona (elox.) - maximální doporučená délka profilu 2500 mm | AB29: Verona (elox.) | AH29: Lacobel RAL 1015 | AI29: Lacobel RAL 1015
B30: =IF($D$1=1,M30, IF($D$1=2,N30, IF($D$1=3,O30, IF($D$1=4,P30, IF($D$1=5,Q30, IF($D$1=6,R30,0)))))) -> Pisa Czarny matowy - maksymalna zalecana długość profilu 2500 mm | C30: =IF($D$1=1,E30,IF(OR($D$1=2,$D$1=5,),G30,IF($D$1=3,I30,IF($D$1=4,K30,IF($D$1=6,G30*1.3,0))))) -> 80.318515 | D30: =IF($D$1=1,F30,IF(OR($D$1=2,$D$1=5),H30,IF($D$1=3,J30,IF($D$1=4,L30,IF($D$1=6,H30*1.3,0))))) -> 42.01875 | E30: 593.42771 | F30: 267.23925 | G30: 20.5099 | H30: 9.2592216 | I30: 80.318515 | J30: 42.01875 | K30: 7483.69 | L30: 3594.6363 | M30: Pisa černá mat - maximální doporučená délka profilu 2500 mm | N30: Pisa čierna matt - maximálna odporúčaná dĺžka profilu 2500 mm | O30: Pisa Czarny matowy - maksymalna zalecana długość profilu 2500 mm | P30: Pisa fekete matt - maximális ajánlott profilhosszúság 2500 mm | Q30: Pisa black matt - maximum profile length 2500 mm | R30: Pisa noir mat - longueur maximale recommandée du profil 2500 mm | S30: 2500 | T30: 2500 | U30: 2700 | V30: 700 | AA30: Verona broušený hliník - maximální doporučená délka profilu 2500 mm | AB30: Verona szczotkowany | AH30: FLUTES vertikálně | AI30: FLUTES pionowo
B31: =IF($D$1=1,M31, IF($D$1=2,N31, IF($D$1=3,O31, IF($D$1=4,P31, IF($D$1=5,Q31, IF($D$1=6,R31,0)))))) -> Vivaro złota - maksymalna zalecana zalecana długość profilu 2150 mm | C31: =IF($D$1=1,E31,IF(OR($D$1=2,$D$1=5,),G31,IF($D$1=3,I31,IF($D$1=4,K31,IF($D$1=6,G31*1.3,0))))) -> 138.90565 | D31: =IF($D$1=1,F31,IF(OR($D$1=2,$D$1=5),H31,IF($D$1=3,J31,IF($D$1=4,L31,IF($D$1=6,H31*1.3,0))))) -> 41.634 | E31: 1026.2947 | F31: 264.79224 | G31: 35.470538 | H31: 9.1744383 | I31: 138.90565 | J31: 41.634 | K31: 12942.555 | L31: 3561.7215 | M31: Vivaro zlatá - maximální doporučená délka profilu 2150 mm | N31: Vivaro zlatá - maximálna odporúčaná dĺžka profilu 2150 mm | O31: Vivaro złota - maksymalna zalecana zalecana długość profilu 2150 mm | P31: Vivaro arany - maximális ajánlott profilhosszúság 2150 mm | Q31: Vivaro gold - maximum profile length 2150 mm | R31: Vivaro doré - longueur maximale recommandée du profil 2150 mm | S31: 2150 | T31: 2150 | U31: 2150 | V31: 700 | AA31: Verona černá lesk - maximální doporučená délka profilu 2500 mm | AB31: Verona czarny połysk | AH31: VISIOSUN vertikálně | AI31: VISIOSUN pionowo
B32: =IF($D$1=1,M32, IF($D$1=2,N32, IF($D$1=3,O32, IF($D$1=4,P32, IF($D$1=5,Q32, IF($D$1=6,R32,0)))))) -> Siena (elox.) - maksymalna zalecana zalecana długość profilu 2500 mm | C32: =IF($D$1=1,E32,IF(OR($D$1=2,$D$1=5,),G32,IF($D$1=3,I32,IF($D$1=4,K32,IF($D$1=6,G32*1.3,0))))) -> 69.827028 | D32: =IF($D$1=1,F32,IF(OR($D$1=2,$D$1=5),H32,IF($D$1=3,J32,IF($D$1=4,L32,IF($D$1=6,H32*1.3,0))))) -> 41.634 | E32: 515.91209 | F32: 264.79224 | G32: 17.830824 | H32: 9.1744383 | I32: 69.827028 | J32: 41.634 | K32: 6506.1441 | L32: 3561.7215 | M32: Siena (elox.) - maximální doporučená délka profilu 2500 mm | N32: Siena (elox.) - maximálna odporúčaná dĺžka profilu 2500 mm | O32: Siena (elox.) - maksymalna zalecana zalecana długość profilu 2500 mm | P32: Siena (elox.) - maximális ajánlott profilhosszúság 2500 mm | Q32: Siena (elox.) - maximum profile length 2500 mm | R32: Siena (elox.) - longueur maximale recommandée du profil 2500 mm | S32: 2500 | T32: 2500 | U32: 2700 | V32: 700 | AA32: Verona černá mat - maximální doporučená délka profilu 2500 mm | AB32: Verona czarny matowy | AH32: Lacobel RAL 7035 | AI32: Lacobel RAL 7035
C33: =IF($D$1=1,E33,IF(OR($D$1=2,$D$1=5,),G33,IF($D$1=3,I33,IF($D$1=4,K33,IF($D$1=6,G33*1.3,0))))) -> 81.272506 | D33: =IF($D$1=1,F33,IF(OR($D$1=2,$D$1=5),H33,IF($D$1=3,J33,IF($D$1=4,L33,IF($D$1=6,H33*1.3,0))))) -> 42.01875 | E33: 600.4762 | F33: 267.23925 | G33: 20.753508 | H33: 9.2592216 | I33: 81.272506 | J33: 42.01875 | K33: 7572.5782 | L33: 3594.6363 | M33: Siena černá mat - maximální doporučená délka profilu 2500 mm | N33: Siena čierna mat - maximálna odporúčaná dĺžka profilu 2500 mm | O33: Siena czarny matowy - maksymalna zalecana zalecana długość profilu 2500 mm | P33: Siena fekete matt - maximális ajánlott profilhosszúság 2500 mm | Q33: Siena black matt - maximum profile length 2500 mm | R33: Siena noir mat - longueur maximale recommandée du profil 2500 mm | S33: 2500 | T33: 2500 | U33: 2700 | V33: 700 | AA33: Verona hnědá - maximální doporučená délka profilu 2500 mm | AB33: Verona braz | AH33: Lacobel RAL 9003 | AI33: Lacobel RAL 9003
B34: =IF($D$1=1,M34, IF($D$1=2,N34, IF($D$1=3,O34, IF($D$1=4,P34, IF($D$1=5,Q34, IF($D$1=6,R34,0)))))) -> Verona (elox.) - maksymalna zalecana zalecana długość profilu 2500 mm | C34: =IF($D$1=1,E34,IF(OR($D$1=2,$D$1=5,),G34,IF($D$1=3,I34,IF($D$1=4,K34,IF($D$1=6,G34*1.3,0))))) -> 42.349468 | D34: =IF($D$1=1,F34,IF(OR($D$1=2,$D$1=5),H34,IF($D$1=3,J34,IF($D$1=4,L34,IF($D$1=6,H34*1.3,0))))) -> 33.2505 | E34: 312.89607 | F34: 211.47318 | G34: 10.814235 | H34: 7.3270563 | I34: 42.349468 | J34: 33.2505 | K34: 3945.9181 | L34: 2844.5266 | M34: Verona (elox.) - maximální doporučená délka profilu 2500 mm | N34: Verona (elox.) - maximálna odporúčaná dĺžka profilu 2500 mm | O34: Verona (elox.) - maksymalna zalecana zalecana długość profilu 2500 mm | P34: Verona (elox.) - maximális ajánlott profilhosszúság 2500 mm | Q34: Verona (elox.) - maximum profile length 2500 mm | R34: Verona (elox.) - longueur maximale recommandée du profil 2500 mm | S34: 2500 | T34: 2500 | U34: 2500 | V34: 700 | AA34: Verona champagne - maximální doporučená délka profilu 2500 mm | AB34: Verona szampański | AH34: Lacobel RAL 9005 | AI34: Lacobel RAL 9005
B35: =IF($D$1=1,M35, IF($D$1=2,N35, IF($D$1=3,O35, IF($D$1=4,P35, IF($D$1=5,Q35, IF($D$1=6,R35,0)))))) -> Verona szczotkowany - maksymalna zalecana zalecana długość profilu 2500 mm | C35: =IF($D$1=1,E35,IF(OR($D$1=2,$D$1=5,),G35,IF($D$1=3,I35,IF($D$1=4,K35,IF($D$1=6,G35*1.3,0))))) -> 64.78657 | D35: =IF($D$1=1,F35,IF(OR($D$1=2,$D$1=5),H35,IF($D$1=3,J35,IF($D$1=4,L35,IF($D$1=6,H35*1.3,0))))) -> 33.2505 | E35: 478.67102 | F35: 211.47318 | G35: 16.543708 | H35: 7.3270563 | I35: 64.78657 | J35: 33.2505 | K35: 6036.4986 | L35: 2844.5266 | M35: Verona broušený hliník - maximální doporučená délka profilu 2500 mm | N35: Verona brúsená - maximálna odporúčaná dĺžka profilu 2500 mm | O35: Verona szczotkowany - maksymalna zalecana zalecana długość profilu 2500 mm | P35: Verona csiszolt - maximális ajánlott profilhosszúság 2500 mm | Q35: Verona brushed aluminium - maximum profile length 2500 mm | R35: Verona aluminium brossé - longueur maximale recommandée du profil 2500 mm | S35: 2500 | T35: 2500 | U35: 2500 | V35: 700 | AA35: Verona tmavá nerez broušená (Inox Lija)- maximální doporučená délka profilu 2500 mm | AB35: Verona Inox szczotkowany (Inox Lija) | AH35: Lacobel RAL 9006 | AI35: Lacobel RAL 9006
B36: =IF($D$1=1,M36, IF($D$1=2,N36, IF($D$1=3,O36, IF($D$1=4,P36, IF($D$1=5,Q36, IF($D$1=6,R36,0)))))) -> Verona czarny połysk - maksymalna zalecana zalecana długość profilu 2500 mm | C36: =IF($D$1=1,E36,IF(OR($D$1=2,$D$1=5,),G36,IF($D$1=3,I36,IF($D$1=4,K36,IF($D$1=6,G36*1.3,0))))) -> 90.422719 | D36: =IF($D$1=1,F36,IF(OR($D$1=2,$D$1=5),H36,IF($D$1=3,J36,IF($D$1=4,L36,IF($D$1=6,H36*1.3,0))))) -> 33.63525 | E36: 668.08191 | F36: 213.92019 | G36: 23.090079 | H36: 7.4118395 | I36: 90.422719 | J36: 33.63525 | K36: 8425.1507 | L36: 2877.4414 | M36: Verona černá lesk - maximální doporučená délka profilu 2500 mm | N36: Verona čierna lesk - maximálna odporúčaná dĺžka profilu 2500 mm | O36: Verona czarny połysk - maksymalna zalecana zalecana długość profilu 2500 mm | P36: Verona fekete fényes - maximális ajánlott profilhosszúság 2500 mm | Q36: Verona black gloss - maximum profile length 2500 mm | R36: Verona noir brillant - longueur maximale recommandée du profil 2500 mm | S36: 2500 | T36: 2500 | U36: 2500 | V36: 700 | AA36: Verona světlá nerez (Acier gratta) - maximální doporučená délka profilu 2500 mm | AB36: Verona Acier Gratta | AH36: Lacobel RAL 9007 | AI36: Lacobel RAL 9007
B37: =IF($D$1=1,M37, IF($D$1=2,N37, IF($D$1=3,O37, IF($D$1=4,P37, IF($D$1=5,Q37, IF($D$1=6,R37,0)))))) -> Verona czarny matowy - maksymalna zalecana zalecana długość profilu 2500 mm | C37: =IF($D$1=1,E37,IF(OR($D$1=2,$D$1=5,),G37,IF($D$1=3,I37,IF($D$1=4,K37,IF($D$1=6,G37*1.3,0))))) -> 52.192939 | D37: =IF($D$1=1,F37,IF(OR($D$1=2,$D$1=5),H37,IF($D$1=3,J37,IF($D$1=4,L37,IF($D$1=6,H37*1.3,0))))) -> 33.63525 | E37: 385.62386 | F37: 213.92019 | G37: 13.327835 | H37: 7.4118395 | I37: 52.192939 | J37: 33.63525 | K37: 4863.0851 | L37: 2877.4414 | M37: Verona černá mat - maximální doporučená délka profilu 2500 mm | N37: Verona čierna mat - maximálna odporúčaná dĺžka profilu 2500 mm | O37: Verona czarny matowy - maksymalna zalecana zalecana długość profilu 2500 mm | P37: Verona fekete matt - maximális ajánlott profilhosszúság 2500 mm | Q37: Verona black matt - maximum profile length 2500 mm | R37: Verona noir mat - longueur maximale recommandée du profil 2500 mm | S37: 2500 | T37: 2500 | U37: 2500 | V37: 700 | AA37: Rocca černá mat - maximální doporučená délka profilu 2150 mm | AB37: Rocca czarny matowy | AH37: Lacobel RAL 9010 | AI37: Lacobel RAL 9010
B38: =IF($D$1=1,M38, IF($D$1=2,N38, IF($D$1=3,O38, IF($D$1=4,P38, IF($D$1=5,Q38, IF($D$1=6,R38,0)))))) -> Verona braz - maksymalna zalecana zalecana długość profilu 2500 mm | C38: =IF($D$1=1,E38,IF(OR($D$1=2,$D$1=5,),G38,IF($D$1=3,I38,IF($D$1=4,K38,IF($D$1=6,G38*1.3,0))))) -> 54.280656 | D38: =IF($D$1=1,F38,IF(OR($D$1=2,$D$1=5),H38,IF($D$1=3,J38,IF($D$1=4,L38,IF($D$1=6,H38*1.3,0))))) -> 33.2505 | E38: 401.04881 | F38: 211.47318 | G38: 13.860948 | H38: 7.3270563 | I38: 54.280656 | J38: 33.2505 | K38: 5057.6085 | L38: 2844.5266 | M38: Verona hnědá - maximální doporučená délka profilu 2500 mm | N38: Verona hnědá - maximálna odporúčaná dĺžka profilu 2500 mm | O38: Verona braz - maksymalna zalecana zalecana długość profilu 2500 mm | P38: Verona barna - maximális ajánlott profilhosszúság 2500 mm | Q38: Verona brown - maximum profile length 2500 mm | R38: Verona marron - longueur maximale recommandée du profil 2500 mm | S38: 2500 | T38: 2500 | U38: 2500 | V38: 700 | AA38: Vivaro (elox.) - maximální doporučená délka profilu 2500 mm | AB38: Vivaro (elox.) | AH38: Moru hnědá vertikálně | AI38: Moru brąz pionowo
B39: =IF($D$1=1,M39, IF($D$1=2,N39, IF($D$1=3,O39, IF($D$1=4,P39, IF($D$1=5,Q39, IF($D$1=6,R39,0)))))) -> Verona szampański - maksymalna zalecana zalecana długość profilu 2500 mm | C39: =IF($D$1=1,E39,IF(OR($D$1=2,$D$1=5,),G39,IF($D$1=3,I39,IF($D$1=4,K39,IF($D$1=6,G39*1.3,0))))) -> 56.687573 | D39: =IF($D$1=1,F39,IF(OR($D$1=2,$D$1=5),H39,IF($D$1=3,J39,IF($D$1=4,L39,IF($D$1=6,H39*1.3,0))))) -> 33.2505 | E39: 418.83215 | F39: 211.47318 | G39: 14.475572 | H39: 7.3270563 | I39: 56.687573 | J39: 33.2505 | K39: 5281.8733 | L39: 2844.5266 | M39: Verona champagne - maximální doporučená délka profilu 2500 mm | N39: Verona champagne - maximálna odporúčaná dĺžka profilu 2500 mm | O39: Verona szampański - maksymalna zalecana zalecana długość profilu 2500 mm | P39: Verona champagne - maximális ajánlott profilhosszúság 2500 mm | Q39: Verona champagne - maximum profile length 2500 mm | R39: Verona champagne - longueur maximale recommandée du profil 2500 mm | S39: 2500 | T39: 2500 | U39: 2500 | V39: 700 | AA39: Vivaro černá mat - maximální doporučená délka profilu 2500 mm | AB39: Vivaro czarny matowy | AH39: Moru grafit vertikálně | AI39: Moru grafit pionowo
B40: =IF($D$1=1,M40, IF($D$1=2,N40, IF($D$1=3,O40, IF($D$1=4,P40, IF($D$1=5,Q40, IF($D$1=6,R40,0)))))) -> Verona Inox szczotkowany (Inox Lija)- maksymalna zalecana zalecana długość profilu 2500 mm | C40: =IF($D$1=1,E40,IF(OR($D$1=2,$D$1=5,),G40,IF($D$1=3,I40,IF($D$1=4,K40,IF($D$1=6,G40*1.3,0))))) -> 69.336508 | D40: =IF($D$1=1,F40,IF(OR($D$1=2,$D$1=5),H40,IF($D$1=3,J40,IF($D$1=4,L40,IF($D$1=6,H40*1.3,0))))) -> 33.2505 | E40: 512.28792 | F40: 211.47318 | G40: 17.705566 | H40: 7.3270563 | I40: 69.336508 | J40: 33.2505 | K40: 6460.4398 | L40: 2844.5266 | M40: Verona tmavá nerez broušená (Inox Lija)- maximální doporučená délka profilu 2500 mm | N40: Verona nerez brúsená (Inox Lija) - maximálna odporúčaná dĺžka profilu 2500 mm | O40: Verona Inox szczotkowany (Inox Lija)- maksymalna zalecana zalecana długość profilu 2500 mm | P40: Verona nemesacél csiszolt (Inox Lija) - maximális ajánlott profilhosszúság 2500 mm | Q40: Verona dark stainless steel brushed (Inox Lija) - maximum profile length 2500 mm | R40: Verona inox foncé brossé (Inox Lija) - longueur maximale recommandée du profil 2500 mm | S40: 2500 | T40: 2500 | U40: 2500 | V40: 700 | AA40: Imola zlatá - maximální doporučená délka profilu 2150 mm | AB40: Imola złota | AH40: Lacobel REF 0337 | AI40: Lacobel REF 0337
B41: =IF($D$1=1,M41, IF($D$1=2,N41, IF($D$1=3,O41, IF($D$1=4,P41, IF($D$1=5,Q41, IF($D$1=6,R41,0)))))) -> Verona Acier Gratta - maksymalna zalecana zalecana długość profilu 2500 mm | C41: =IF($D$1=1,E41,IF(OR($D$1=2,$D$1=5,),G41,IF($D$1=3,I41,IF($D$1=4,K41,IF($D$1=6,G41*1.3,0))))) -> 70.074994 | D41: =IF($D$1=1,F41,IF(OR($D$1=2,$D$1=5),H41,IF($D$1=3,J41,IF($D$1=4,L41,IF($D$1=6,H41*1.3,0))))) -> 33.2505 | E41: 517.74417 | F41: 211.47318 | G41: 17.894144 | H41: 7.3270563 | I41: 70.074994 | J41: 33.2505 | K41: 6529.2483 | L41: 2844.5266 | M41: Verona světlá nerez (Acier gratta) - maximální doporučená délka profilu 2500 mm | N41: Verona svetlá nerez brúsená Acier - maximálna odporúčaná dĺžka profilu 2500 mm | O41: Verona Acier Gratta - maksymalna zalecana zalecana długość profilu 2500 mm | P41: Verona nemesacél csiszolt Acier gratta - maximális ajánlott profilhosszúság 2500 mm | Q41: Verona light stainless steel (Acier gratta) - maximum profile length 2500 mm | R41: Verona inox clair (Acier gratta) - longueur maximale recommandée du profil 2500 mm | S41: 2500 | T41: 2500 | U41: 2500 | V41: 700 | AA41: Vivaro tmavá nerez br. (inox lija) - maximální doporučená délka profilu 2500 mm | AB41: Vivaro INOX LIJA | AH41: Lacobel REF 0627 | AI41: Lacobel REF 0627
B42: =IF($D$1=1,M42, IF($D$1=2,N42, IF($D$1=3,O42, IF($D$1=4,P42, IF($D$1=5,Q42, IF($D$1=6,R42,0)))))) -> Rocca czarny matowy - maksymalna zalecana zalecana długość profilu 2150 mm | C42: =IF($D$1=1,E42,IF(OR($D$1=2,$D$1=5,),G42,IF($D$1=3,I42,IF($D$1=4,K42,IF($D$1=6,G42*1.3,0))))) -> 99.151495 | D42: =IF($D$1=1,F42,IF(OR($D$1=2,$D$1=5),H42,IF($D$1=3,J42,IF($D$1=4,L42,IF($D$1=6,H42*1.3,0))))) -> 31.9545 | E42: 732.57386 | F42: 203.23062 | G42: 25.319034 | H42: 7.0414707 | I42: 99.151495 | J42: 31.9545 | K42: 9238.4557 | L42: 2733.6559 | M42: Rocca černá mat - maximální doporučená délka profilu 2150 mm | N42: Rocca čierna mat - maximálna odporúčaná dĺžka profilu 2150 mm | O42: Rocca czarny matowy - maksymalna zalecana zalecana długość profilu 2150 mm | P42: Rocca fekete matt - maximális ajánlott profilhosszúság 2150 mm | Q42: Rocca black matt - maximum profile length 2150 mm | R42: Rocca noir mat - longueur maximale recommandée du profil 2150 mm | S42: 2150 | T42: 2150 | U42: 2150 | V42: 700 | AA42: Vivaro bílá mat RAL 9003 - maximální doporučená délka profilu 2500 mm | AB42: Vivaro biały matowy RAL 9003 | AH42: Moru hnědá hozintálně | AI42: Moru brąz poziomo
B43: =IF($D$1=1,M43, IF($D$1=2,N43, IF($D$1=3,O43, IF($D$1=4,P43, IF($D$1=5,Q43, IF($D$1=6,R43,0)))))) -> Vivaro (elox.) - maksymalna zalecana zalecana długość profilu 2500 mm | C43: =IF($D$1=1,E43,IF(OR($D$1=2,$D$1=5,),G43,IF($D$1=3,I43,IF($D$1=4,K43,IF($D$1=6,G43*1.3,0))))) -> 72.459969 | D43: =IF($D$1=1,F43,IF(OR($D$1=2,$D$1=5),H43,IF($D$1=3,J43,IF($D$1=4,L43,IF($D$1=6,H43*1.3,0))))) -> 41.634 | E43: 535.36539 | F43: 264.79224 | G43: 18.503164 | H43: 9.1744383 | I43: 72.459969 | J43: 41.634 | K43: 6751.4687 | L43: 3561.7215 | M43: Vivaro (elox.) - maximální doporučená délka profilu 2500 mm | N43: Vivaro (elox.) - maximálna odporúčaná dĺžka profilu 2500 mm | O43: Vivaro (elox.) - maksymalna zalecana zalecana długość profilu 2500 mm | P43: Vivaro (elox.) - maximális ajánlott profilhosszúság 2500 mm | Q43: Vivaro (elox.) - maximum profile length 2500 mm | R43: Vivaro (elox.) - longueur maximale recommandée du profil 2500 mm | S43: 2500 | T43: 2500 | U43: 2700 | V43: 700 | AA43: Vivaro bílá lesk RAL 9003 - maximální doporučená délka profilu 2500 mm | AB43: Vivaro biały połysk RAL 9003 | AH43: Moru grafit horizontálně | AI43: Moru grafit poziomo
B44: =IF($D$1=1,M44, IF($D$1=2,N44, IF($D$1=3,O44, IF($D$1=4,P44, IF($D$1=5,Q44, IF($D$1=6,R44,0)))))) -> Vivaro czarny matowy - maksymalna zalecana zalecana długość profilu 2500 mm | C44: =IF($D$1=1,E44,IF(OR($D$1=2,$D$1=5,),G44,IF($D$1=3,I44,IF($D$1=4,K44,IF($D$1=6,G44*1.3,0))))) -> 96.198514 | D44: =IF($D$1=1,F44,IF(OR($D$1=2,$D$1=5),H44,IF($D$1=3,J44,IF($D$1=4,L44,IF($D$1=6,H44*1.3,0))))) -> 42.01875 | E44: 710.75596 | F44: 267.23925 | G44: 24.564969 | H44: 9.2592216 | I44: 96.198514 | J44: 42.01875 | K44: 8963.3113 | L44: 3594.6363 | M44: Vivaro černá mat - maximální doporučená délka profilu 2500 mm | N44: Vivaro čierne mat - maximálna odporúčaná dĺžka profilu 2500 mm | O44: Vivaro czarny matowy - maksymalna zalecana zalecana długość profilu 2500 mm | P44: Vivaro fekete matt - maximális ajánlott profilhosszúság 2500 mm | Q44: Vivaro black matt - maximum profile length 2500 mm | R44: Vivaro noir mat - longueur maximale recommandée du profil 2500 mm | S44: 2500 | T44: 2500 | U44: 2700 | V44: 700 | AA44: Varna (elox.) - maximální doporučená délka profilu 2500 mm | AB44: Varna elox | AH44: Lacobel REF 1236 | AI44: Lacobel REF 1236
B45: =IF($D$1=1,M45, IF($D$1=2,N45, IF($D$1=3,O45, IF($D$1=4,P45, IF($D$1=5,Q45, IF($D$1=6,R45,0)))))) -> Imola złota - maksymalna zalecana zalecana długość profilu 2150 mm | C45: =IF($D$1=1,E45,IF(OR($D$1=2,$D$1=5,),G45,IF($D$1=3,I45,IF($D$1=4,K45,IF($D$1=6,G45*1.3,0))))) -> 137.9739 | D45: =IF($D$1=1,F45,IF(OR($D$1=2,$D$1=5),H45,IF($D$1=3,J45,IF($D$1=4,L45,IF($D$1=6,H45*1.3,0))))) -> 41.634 | E45: 1019.4105 | F45: 264.79224 | G45: 35.23261 | H45: 9.1744383 | I45: 137.9739 | J45: 41.634 | K45: 12855.74 | L45: 3561.7215 | M45: Imola zlatá - maximální doporučená délka profilu 2150 mm | N45: Imola zlatá - maximálna odporúčaná dĺžka profilu 2150 mm | O45: Imola złota - maksymalna zalecana zalecana długość profilu 2150 mm | P45: Imola arany - maximális ajánlott profilhosszúság 2150 mm | Q45: Imola gold - maximum profile length 2150 mm | R45: Imola doré - longueur maximale recommandée du profil 2150 mm | S45: 2150 | T45: 2150 | U45: 2150 | V45: 700 | AA45: Rocca (elox.) - maximální doporučená délka profilu 2150 mm | AB45: Rocca (elox.) | AH45: Lacobel REF 1586 | AI45: Lacobel REF 1586
... B50: =IF($D$1=1,M50, IF($D$1=2,N50, IF($D$1=3,O50, IF($D$1=4,P50, IF($D$1=5,Q50, IF($D$1=6,R50,0)))))) -> Rocca (elox.) - maksymalna zalecana zalecana długość profilu 2150 mm | C50: =IF($D$1=1,E50,IF(OR($D$1=2,$D$1=5,),G50,IF($D$1=3,I50,IF($D$1=4,K50,IF($D$1=6,G50*1.3,0))))) -> 66.49185 | D50: =IF($D$1=1,F50,IF(OR($D$1=2,$D$1=5),H50,IF($D$1=3,J50,IF($D$1=4,L50,IF($D$1=6,H50*1.3,0))))) -> 31.9545 | E50: 491.27036 | F50: 203.23062 | G50: 16.979163 | H50: 7.0414707 | I50: 66.49185 | J50: 31.9545 | K50: 6195.3883 | L50: 2733.6559 | M50: Rocca (elox.) - maximální doporučená délka profilu 2150 mm | N50: Rocca (elox.) - maximálna odporúčaná dĺžka profilu 2150 mm | O50: Rocca (elox.) - maksymalna zalecana zalecana długość profilu 2150 mm | P50: Rocca (elox.) - maximális ajánlott profilhosszúság 2150 mm | Q50: Rocca (elox.) - maximum profile length 2150 mm | R50: Rocca (elox.) - longueur maximale recommandée du profil 2150 mm | S50: 2150 | T50: 2150 | U50: 2150 | V50: 700 | AA50: Verona zlatá broušená - maximální doporučená délka profilu 2150 mm | AB50: Verona złota szczotkowany | AH50: Matelac zrcadlo grafit | AI50: Matelac lustro grafit
B51: =IF($D$1=1,M51, IF($D$1=2,N51, IF($D$1=3,O51, IF($D$1=4,P51, IF($D$1=5,Q51, IF($D$1=6,R51,0)))))) -> Předěl | E51: 1365.7451 | F51: 279.98394 | G51: 46.553394 | H51: 9.6840045 | I51: 199.68129 | J51: 42.368314 | K51: 18261.973 | L51: 3483.2971 | M51: Předěl | N51: Předěl | O51: Předěl | P51: Předěl | Q51: Předěl | AA51: Vivaro zlatá broušená - maximální doporučená délka profilu 2150 mm | AB51: Vivaro złota szczotkowany | AH51: Matelac zrcadlo stříbr. | AI51: Matelac lustro srebrny
B52: =IF($D$1=1,M52, IF($D$1=2,N52, IF($D$1=3,O52, IF($D$1=4,P52, IF($D$1=5,Q52, IF($D$1=6,R52,0)))))) -> Pisa biały matowy RAL 9003 - maksymalna zalecana zalecana długość profilu 2500 mm | C52: =IF($D$1=1,E52,IF(OR($D$1=2,$D$1=5,),G52,IF($D$1=3,I52,IF($D$1=4,K52,IF($D$1=6,G52*1.3,0))))) -> 124.36587 | D52: =IF($D$1=1,F52,IF(OR($D$1=2,$D$1=5),H52,IF($D$1=3,J52,IF($D$1=4,L52,IF($D$1=6,H52*1.3,0))))) -> 41.634 | E52: 918.86849 | F52: 264.79224 | G52: 31.757702 | H52: 9.1744383 | I52: 124.36587 | J52: 41.634 | K52: 11587.809 | L52: 3561.7215 | M52: Pisa bílá mat RAL 9003 - maximální doporučená délka profilu 2500 mm | N52: Pisa biela mat RAL 9003 - maximálna odporúčaná dĺžka profilu 2500 mm | O52: Pisa biały matowy RAL 9003 - maksymalna zalecana zalecana długość profilu 2500 mm | P52: Pisa fehér matt RAL 9003 - maximális ajánlott profilhosszúság 2500 mm | Q52: Pisa white matt RAL 9003 - maximum profile length 2500 mm | R52: Pisa blanc mat RAL 9003 - longueur maximale recommandée du profil 2500 mm | S52: 2500 | T52: 2500 | U52: 2700 | V52: 700 | AA52: Pisa zlatá - maximální doporučená délka profilu 2150 mm | AB52: Pisa złota | AH52: Číre | AI52: Czyste
B53: =IF($D$1=1,M53, IF($D$1=2,N53, IF($D$1=3,O53, IF($D$1=4,P53, IF($D$1=5,Q53, IF($D$1=6,R53,0)))))) -> Pisa biały połysk RAL 9003 - maksymalna zalecana zalecana długość profilu 2500 mm | C53: =IF($D$1=1,E53,IF(OR($D$1=2,$D$1=5,),G53,IF($D$1=3,I53,IF($D$1=4,K53,IF($D$1=6,G53*1.3,0))))) -> 124.36587 | D53: =IF($D$1=1,F53,IF(OR($D$1=2,$D$1=5),H53,IF($D$1=3,J53,IF($D$1=4,L53,IF($D$1=6,H53*1.3,0))))) -> 41.634 | E53: 918.86849 | F53: 264.79224 | G53: 31.757702 | H53: 9.1744383 | I53: 124.36587 | J53: 41.634 | K53: 11587.809 | L53: 3561.7215 | M53: Pisa bílá lesk RAL 9003 - maximální doporučená délka profilu 2500 mm | N53: Pisa biela lesk RAL 9003 - maximálna odporúčaná dĺžka profilu 2500 mm | O53: Pisa biały połysk RAL 9003 - maksymalna zalecana zalecana długość profilu 2500 mm | P53: Pisa fehér fényes RAL 9003 - maximális ajánlott profilhosszúság 2500 mm | Q53: Pisa white gloss RAL 9003 - maximum profile length 2500 mm | R53: Pisa blanc brillant RAL 9003 - longueur maximale recommandée du profil 2500 mm | S53: 2500 | T53: 2500 | U53: 2700 | V53: 700 | AA53: ASTI černá mat - maximální doporučená délka profilu 2150 mm | AB53: ASTI czarne | AH53: Číre kalené (dodanie 3 týždne) | AI53: Czyste hartowane
B54: =IF($D$1=1,M54, IF($D$1=2,N54, IF($D$1=3,O54, IF($D$1=4,P54, IF($D$1=5,Q54, IF($D$1=6,R54,0)))))) -> Varna czarny - maksymalna zalecana zalecana długość profilu 1200 mm | C54: =IF($D$1=1,E54,IF(OR($D$1=2,$D$1=5,),G54,IF($D$1=3,I54,IF($D$1=4,K54,IF($D$1=6,G54*1.3,0))))) -> 82.3284 | D54: =IF($D$1=1,F54,IF(OR($D$1=2,$D$1=5),H54,IF($D$1=3,J54,IF($D$1=4,L54,IF($D$1=6,H54*1.3,0))))) -> 0 | E54: 608.2776 | F54: 0 | G54: 21.023138 | H54: 0 | I54: 82.3284 | J54: 0 | K54: 7670.9613 | L54: 0 | M54: Varna černá - maximální doporučená délka profilu 1200 mm | N54: Varna čierna - maximálna odporúčaná dĺžka profilu 1200 mm | O54: Varna czarny - maksymalna zalecana zalecana długość profilu 1200 mm | P54: Várna fekete - maximális ajánlott profilhosszúság 1200 mm | Q54: Varna black - maximum profile length 1200 mm | R54: Varna noir - longueur maximale recommandée du profil 1200 mm | S54: 1200 | T54: 1200 | U54: 1200 | V54: 700 | AA54: ASTI antracit RAL 7021 mat - maximální doporučená délka profilu 2500 mm | AB54: ASTI antracyt mat RAL 7021 mat lakier | AH54: Satinato hnedé | AI54: Satinato brązowe
B55: =IF($D$1=1,M55, IF($D$1=2,N55, IF($D$1=3,O55, IF($D$1=4,P55, IF($D$1=5,Q55, IF($D$1=6,R55,0)))))) -> BRW złota szczotkowany - maksymalna zalecana zalecana długość profilu 2500 mm | C55: =IF($D$1=1,E55,IF(OR($D$1=2,$D$1=5,),G55,IF($D$1=3,I55,IF($D$1=4,K55,IF($D$1=6,G55*1.3,0))))) -> 125.17314 | D55: =IF($D$1=1,F55,IF(OR($D$1=2,$D$1=5),H55,IF($D$1=3,J55,IF($D$1=4,L55,IF($D$1=6,H55*1.3,0))))) -> 33.2505 | E55: 924.83299 | F55: 211.47318 | G55: 31.963846 | H55: 7.3270563 | I55: 125.17314 | J55: 33.2505 | K55: 11663.027 | L55: 2844.5266 | M55: BRW zlatá broušená - maximální doporučená délka profilu 2500 mm | N55: BRW zlatá brúsená - maximálna odporúčaná dĺžka profilu 2500 mm | O55: BRW złota szczotkowany - maksymalna zalecana zalecana długość profilu 2500 mm | P55: BRW arany csiszolt - maximális ajánlott profilhosszúság 2500 mm | Q55: BRW arany csiszolt - maximum profile length 2500 mm | R55: BRW doré brossé - longueur maximale recommandée du profil 2500 mm | S55: 2500 | T55: 2500 | U55: 2700 | V55: 700 | AA55: Modena hnědá - maximální doporučená délka profilu 2500 mm | AB55: Modena brąz | AH55: Satinato grafit | AI55: Satinato grafit
B56: =IF($D$1=1,M56, IF($D$1=2,N56, IF($D$1=3,O56, IF($D$1=4,P56, IF($D$1=5,Q56, IF($D$1=6,R56,0)))))) -> Verona złota szczotkowany - maksymalna zalecana zalecana długość profilu 2150 mm | C56: =IF($D$1=1,E56,IF(OR($D$1=2,$D$1=5,),G56,IF($D$1=3,I56,IF($D$1=4,K56,IF($D$1=6,G56*1.3,0))))) -> 114.07305 | D56: =IF($D$1=1,F56,IF(OR($D$1=2,$D$1=5),H56,IF($D$1=3,J56,IF($D$1=4,L56,IF($D$1=6,H56*1.3,0))))) -> 33.2505 | E56: 842.82075 | F56: 211.47318 | G56: 29.129359 | H56: 7.3270563 | I56: 114.07305 | J56: 33.2505 | K56: 10628.774 | L56: 2844.5266 | M56: Verona zlatá broušená - maximální doporučená délka profilu 2150 mm | N56: Verona zlatá brúsená - maximálna odporúčaná dĺžka profilu 2150 mm | O56: Verona złota szczotkowany - maksymalna zalecana zalecana długość profilu 2150 mm | P56: Verona arany csiszolt - maximális ajánlott profilhosszúság 2150 mm | Q56: Verona gold brushed - maximum profile length 2150 mm | R56: Verona doré brossé - longueur maximale recommandée du profil 2150 mm | S56: 2150 | T56: 2150 | U56: 2150 | V56: 700 | AA56: Verona Ivory mat - maximální doporučená délka profilu 2150 mm | AB56: Verona Ivory mat | AH56: Zrkadlo | AI56: Lustro
B57: =IF($D$1=1,M57, IF($D$1=2,N57, IF($D$1=3,O57, IF($D$1=4,P57, IF($D$1=5,Q57, IF($D$1=6,R57,0)))))) -> Vivaro złota szczotkowany - maksymalna zalecana zalecana długość profilu 2150 mm | C57: =IF($D$1=1,E57,IF(OR($D$1=2,$D$1=5,),G57,IF($D$1=3,I57,IF($D$1=4,K57,IF($D$1=6,G57*1.3,0))))) -> 165.3102 | D57: =IF($D$1=1,F57,IF(OR($D$1=2,$D$1=5),H57,IF($D$1=3,J57,IF($D$1=4,L57,IF($D$1=6,H57*1.3,0))))) -> 41.634 | E57: 1221.3828 | F57: 264.79224 | G57: 42.213126 | H57: 9.1744383 | I57: 165.3102 | J57: 41.634 | K57: 15402.803 | L57: 3561.7215 | M57: Vivaro zlatá broušená - maximální doporučená délka profilu 2150 mm | N57: Vivaro zlatá brúsená - maximálna odporúčaná dĺžka profilu 2150 mm | O57: Vivaro złota szczotkowany - maksymalna zalecana zalecana długość profilu 2150 mm | P57: Vivaro arany csiszolt - maximális ajánlott profilhosszúság 2150 mm | Q57: Vivaro gold brushed - maximum profile length 2150 mm | R57: Vivaro doré brossé - longueur maximale recommandée du profil 2150 mm | S57: 2150 | T57: 2150 | U57: 2150 | V57: 700 | AA57: Treviso černá mat - maximální doporučená délka profilu 2750 mm | AB57: Treviso czarny matowy | AH57: Zrkadlo hnedé | AI57: Lustro brązowe
B58: =IF($D$1=1,M58, IF($D$1=2,N58, IF($D$1=3,O58, IF($D$1=4,P58, IF($D$1=5,Q58, IF($D$1=6,R58,0)))))) -> Pisa złota - maksymalna zalecana długość profilu 2150 mm | C58: =IF($D$1=1,E58,IF(OR($D$1=2,$D$1=5,),G58,IF($D$1=3,I58,IF($D$1=4,K58,IF($D$1=6,G58*1.3,0))))) -> 114.35979 | D58: =IF($D$1=1,F58,IF(OR($D$1=2,$D$1=5),H58,IF($D$1=3,J58,IF($D$1=4,L58,IF($D$1=6,H58*1.3,0))))) -> 41.634 | E58: 844.9393 | F58: 264.79224 | G58: 29.20258 | H58: 9.1744383 | I58: 114.35979 | J58: 41.634 | K58: 10655.491 | L58: 3561.7215 | M58: Pisa zlatá - maximální doporučená délka profilu 2150 mm | N58: Pisa zlatá - maximálna odporúčaná dĺžka profilu 2150 mm | O58: Pisa złota - maksymalna zalecana długość profilu 2150 mm | P58: Pisa arany - maximális ajánlott profilhosszúság 2150 mm | Q58: Pisa gold - maximum profile length 2150 mm | R58: Pisa doré - longueur maximale recommandée du profil 2150 mm | S58: 2150 | T58: 2150 | U58: 2150 | V58: 700 | AA58: BRW kašmír - maximální doporučená délka profilu 2500 mm | AB58: BRW kaszmirowy | AH58: Zrkadlo grafit | AI58: Lustro grafit
B59: =IF($D$1=1,M59, IF($D$1=2,N59, IF($D$1=3,O59, IF($D$1=4,P59, IF($D$1=5,Q59, IF($D$1=6,R59,0)))))) -> ASTI czarne - maksymalna zalecana długość profilu 2150 | C59: =IF($D$1=1,E59,IF(OR($D$1=2,$D$1=5,),G59,IF($D$1=3,I59,IF($D$1=4,K59,IF($D$1=6,G59*1.3,0))))) -> 96.0498 | D59: =IF($D$1=1,F59,IF(OR($D$1=2,$D$1=5),H59,IF($D$1=3,J59,IF($D$1=4,L59,IF($D$1=6,H59*1.3,0))))) -> 33.63525 | E59: 709.6572 | F59: 213.92019 | G59: 24.526994 | H59: 7.4118395 | I59: 96.0498 | J59: 33.63525 | K59: 8949.4548 | L59: 2877.4414 | M59: ASTI černá mat - maximální doporučená délka profilu 2150 mm | N59: ASTI čierna mat - maximálna odporúčaná dĺžka profilu 2150 | O59: ASTI czarne - maksymalna zalecana długość profilu 2150 | P59: ASTI fekete matt - maximális ajánlott profilhosszúság 2150 mm | Q59: ASTI black matt - maximum profile length 2150 mm | R59: ASTI noir mat - longueur maximale recommandée du profil 2150 mm | S59: 2150 | T59: 2150 | U59: 2150 | V59: 700 | AA59: Verona kašmír - maximální doporučená délka profilu 2150 mm | AB59: Verona kaszmirowy | AH59: Master Ligne vertikálne | AI59: Master Ligne pionowo
B60: =IF($D$1=1,M60, IF($D$1=2,N60, IF($D$1=3,O60, IF($D$1=4,P60, IF($D$1=5,Q60, IF($D$1=6,R60,0)))))) -> ASTI antracyt mat RAL 7021 mat lakier - maksymalna zalecana długość profilu 2500 mm | C60: =IF($D$1=1,E60,IF(OR($D$1=2,$D$1=5,),G60,IF($D$1=3,I60,IF($D$1=4,K60,IF($D$1=6,G60*1.3,0))))) -> 142.56535 | D60: =IF($D$1=1,F60,IF(OR($D$1=2,$D$1=5),H60,IF($D$1=3,J60,IF($D$1=4,L60,IF($D$1=6,H60*1.3,0))))) -> 33.63525 | E60: 1053.334 | F60: 213.92019 | G60: 36.405067 | H60: 7.4118395 | I60: 142.56535 | J60: 33.63525 | K60: 13283.548 | L60: 2877.4414 | M60: ASTI antracit RAL 7021 mat - maximální doporučená délka profilu 2500 mm | N60: ASTI antracit RAL 7021 mat - maximálna odporúčaná dĺžka profilu 2500 mm | O60: ASTI antracyt mat RAL 7021 mat lakier - maksymalna zalecana długość profilu 2500 mm | P60: ASTI antracit RAL 7021 matt - maximális ajánlott profilhosszúság 2500 mm | Q60: ASTI anthracite RAL 7021 matt - maximum profile length 2500 mm | R60: ASTI antracite RAL 7021 mat - longueur maximale recommandée du profil 2500 mm | S60: 2500 | T60: 2500 | U60: 2500 | V60: 700 | AA60: Rimini elox - max délka profilu 1100 mm | AB60: Rimini elox naturalna | AH60: FLUTES vertikálne | AI60: FLUTES pionowo
B61: =IF($D$1=1,M61, IF($D$1=2,N61, IF($D$1=3,O61, IF($D$1=4,P61, IF($D$1=5,Q61, IF($D$1=6,R61,0)))))) -> Modena brąz - maksymalna zalecana długość profilu 2500 mm | C61: =IF($D$1=1,E61,IF(OR($D$1=2,$D$1=5,),G61,IF($D$1=3,I61,IF($D$1=4,K61,IF($D$1=6,G61*1.3,0))))) -> 87.8571 | D61: =IF($D$1=1,F61,IF(OR($D$1=2,$D$1=5),H61,IF($D$1=3,J61,IF($D$1=4,L61,IF($D$1=6,H61*1.3,0))))) -> 39.1275 | E61: 620.15897 | F61: 266.6664 | G61: 22.787073 | H61: 9.7579918 | I61: 87.8571 | J61: 39.1275 | K61: 8327.4112 | L61: 3560.2991 | M61: Modena hnědá - maximální doporučená délka profilu 2500 mm | N61: Modena hnědá - maximálna odporúčaná dĺžka profilu 2500 mm | O61: Modena brąz - maksymalna zalecana długość profilu 2500 mm | P61: Modena barna - maximális ajánlott profilhosszúság 2500 mm | Q61: Modena brown - maximum profile length 2500 mm | R61: Modena marron - longueur maximale recommandée du profil 2500 mm | S61: 2500 | T61: 2500 | U61: 2500 | V61: 700 | AA61: Rimini černý mat - max délka profilu 1100 mm | AB61: Rimini czarny mat | AH61: VISIOSUN vertikálne | AI61: VISIOSUN pionowo
B62: =IF($D$1=1,M62, IF($D$1=2,N62, IF($D$1=3,O62, IF($D$1=4,P62, IF($D$1=5,Q62, IF($D$1=6,R62,0)))))) -> Verona Ivory mat - maksymalna zalecana zalecana długość profilu 2150 mm | C62: =IF($D$1=1,E62,IF(OR($D$1=2,$D$1=5,),G62,IF($D$1=3,I62,IF($D$1=4,K62,IF($D$1=6,G62*1.3,0))))) -> 60.8133 | D62: =IF($D$1=1,F62,IF(OR($D$1=2,$D$1=5),H62,IF($D$1=3,J62,IF($D$1=4,L62,IF($D$1=6,H62*1.3,0))))) -> 31.25547 | E62: 429.26426 | F62: 213.016 | G62: 15.772853 | H62: 7.7947893 | I62: 60.8133 | J62: 31.25547 | K62: 5764.1028 | L62: 2844.0054 | M62: Verona Ivory mat - maximální doporučená délka profilu 2150 mm | N62: Verona Ivory mat - maximálna odporúčaná dĺžka profilu 2150 mm | O62: Verona Ivory mat - maksymalna zalecana zalecana długość profilu 2150 mm | P62: Verona Ivory mat - maximális ajánlott profilhosszúság 2150 mm | Q62: Verona Ivory mat - maximum profile length 2150 mm | R62: Verona doré brossé - longueur maximale recommandée du profil 2150 mm | S62: 2150 | T62: 2150 | U62: 2150 | V62: 700 | AA62: Rimini champagne - max délka profilu 1100 mm | AB62: Rimini champagne | AH62: Moru hnedá vertikálne | AI62: Moru brąz pionowo
B63: =IF($D$1=1,M63, IF($D$1=2,N63, IF($D$1=3,O63, IF($D$1=4,P63, IF($D$1=5,Q63, IF($D$1=6,R63,0)))))) -> Treviso czarny matowy - maksymalna zalecana długość profilu 2750 mm | C63: =IF($D$1=1,E63,IF(OR($D$1=2,$D$1=5,),G63,IF($D$1=3,I63,IF($D$1=4,K63,IF($D$1=6,G63*1.3,0))))) -> 118.32485 | D63: =IF($D$1=1,F63,IF(OR($D$1=2,$D$1=5),H63,IF($D$1=3,J63,IF($D$1=4,L63,IF($D$1=6,H63*1.3,0))))) -> 87.9417 | E63: 835.22239 | F63: 599.35075 | G63: 30.689347 | H63: 21.931746 | I63: 118.32485 | J63: 87.9417 | K63: 11215.254 | L63: 8002.0127 | M63: Treviso černá mat - maximální doporučená délka profilu 2750 mm | N63: Treviso čierna mat - maximálna odporúčaná dĺžka profilu 2750 mm | O63: Treviso czarny matowy - maksymalna zalecana długość profilu 2750 mm | P63: Treviso fekete matt - maximális ajánlott profilhosszúság 2750 mm | Q63: Treviso black matt - maximum profile length 2750 mm | R63: Treviso noir mat - longueur maximale recommandée du profil 2750 mm | S63: 2750 | T63: 2750 | U63: 2750 | V63: 700 | AA63: Rimini zlatá - max délka profilu 1100 mm | AB63: Rimini zlota | AH63: Moru grafit vertikálne | AI63: Moru grafit pionowo
... B65: =IF($D$1=1,M65, IF($D$1=2,N65, IF($D$1=3,O65, IF($D$1=4,P65, IF($D$1=5,Q65, IF($D$1=6,R65,0)))))) -> Verona kaszmirowy - maksymalna zalecana długość profilu 2150 mm | C65: =IF($D$1=1,E65,IF(OR($D$1=2,$D$1=5,),G65,IF($D$1=3,I65,IF($D$1=4,K65,IF($D$1=6,G65*1.3,0))))) -> 90.534925 | D65: =IF($D$1=1,F65,IF(OR($D$1=2,$D$1=5),H65,IF($D$1=3,J65,IF($D$1=4,L65,IF($D$1=6,H65*1.3,0))))) -> 31.25547 | E65: 639.06099 | F65: 213.016 | G65: 23.481608 | H65: 7.7947893 | I65: 90.534925 | J65: 31.25547 | K65: 8581.2251 | L65: 2844.0054 | M65: Verona kašmír - maximální doporučená délka profilu 2150 mm | N65: Verona kašmír - maximálna odporúčaná dĺžka profilu 2150 mm | O65: Verona kaszmirowy - maksymalna zalecana długość profilu 2150 mm | P65: Verona kasmír - maximális ajánlott profilhosszúság 2150 mm | Q65: Verona cashmere - maximum profile length 2150 mm | R65: Verona cachemire - longueur maximale recommandée du profil 2150 mm | S65: 2150 | T65: 2150 | U65: 2150 | V65: 700 | AA65: BRW champagne - maximální doporučená délka profilu 2500 mm | AB65: BRW champagne | AH65: Moru grafit horizontálne | AI65: Moru grafit poziomo
B66: =IF($D$1=1,M66, IF($D$1=2,N66, IF($D$1=3,O66, IF($D$1=4,P66, IF($D$1=5,Q66, IF($D$1=6,R66,0)))))) -> Rimini elox naturalna - maksymalna długość profilu 1100 mm | C66: =IF($D$1=1,E66,IF(OR($D$1=2,$D$1=5,),G66,IF($D$1=3,I66,IF($D$1=4,K66,IF($D$1=6,G66*1.3,0))))) -> 36,21 | D66: =IF($D$1=1,F66,IF(OR($D$1=2,$D$1=5),H66,IF($D$1=3,J66,IF($D$1=4,L66,IF($D$1=6,H66*1.3,0))))) -> 24,75 | E66: 280,52 | F66: 170,53 | G66: 9,95 | H66: 6,07 | I66: 36,21 | J66: 24,75 | K66: 3 416,39 | L66: 2 215,16 | M66: Rimini elox - max délka profilu 1100 mm | N66: Rimini elox - maximálna dĺžka profilu 1100 mm | O66: Rimini elox naturalna - maksymalna długość profilu 1100 mm | P66: Rimini elox - maximális profilhosszúság 1100 mm | Q66: Rimini natural - maximum profile length 1100 mm | R66: Rimini elox - longueur maximale du profil 1100 mm | S66: 1100 | T66: 1100 | U66: 1100 | V66: 500 | AA66: BRW champagne light - maximální doporučená délka profilu 2500 mm | AB66: BRW champagne light | AH66: Matelac zrkadlo bronz | AI66: Matelac lustro bronz
B67: =IF($D$1=1,M67, IF($D$1=2,N67, IF($D$1=3,O67, IF($D$1=4,P67, IF($D$1=5,Q67, IF($D$1=6,R67,0)))))) -> Rimini czarny mat - maksymalna długość profilu 1100 mm | C67: =IF($D$1=1,E67,IF(OR($D$1=2,$D$1=5,),G67,IF($D$1=3,I67,IF($D$1=4,K67,IF($D$1=6,G67*1.3,0))))) -> 67,59 | D67: =IF($D$1=1,F67,IF(OR($D$1=2,$D$1=5),H67,IF($D$1=3,J67,IF($D$1=4,L67,IF($D$1=6,H67*1.3,0))))) -> 24,75 | E67: 523,69 | F67: 170,53 | G67: 18,58 | H67: 6,07 | I67: 67,59 | J67: 24,75 | K67: 6 377,94 | L67: 2 215,16 | M67: Rimini černý mat - max délka profilu 1100 mm | N67: Rimini čierna mat - maximálna dĺžka profilu 1100 mm | O67: Rimini czarny mat - maksymalna długość profilu 1100 mm | P67: Rimini fekete matt - maximális profilhosszúság 1100 mm | Q67: Rimini black matt - maximum profile length 1100 mm | R67: Rimini noir - longueur maximale du profil 1100 mm | S67: 1100 | T67: 1100 | U67: 1100 | V67: 500 | AA67: ROMA černá mat - maximální doporučená délka profilu 2696 mm | AB67: ROMA czarna matowa | AH67: Matelac zrkadlo grafit | AI67: Matelac lustro grafit
B68: =IF($D$1=1,M68, IF($D$1=2,N68, IF($D$1=3,O68, IF($D$1=4,P68, IF($D$1=5,Q68, IF($D$1=6,R68,0)))))) -> Rimini champagne - maksymalna długość profilu 1100 mm | C68: =IF($D$1=1,E68,IF(OR($D$1=2,$D$1=5,),G68,IF($D$1=3,I68,IF($D$1=4,K68,IF($D$1=6,G68*1.3,0))))) -> 64,09 | D68: =IF($D$1=1,F68,IF(OR($D$1=2,$D$1=5),H68,IF($D$1=3,J68,IF($D$1=4,L68,IF($D$1=6,H68*1.3,0))))) -> 24,75 | E68: 496,61 | F68: 170,53 | G68: 17,62 | H68: 6,07 | I68: 64,09 | J68: 24,75 | K68: 6 048,07 | L68: 2 215,16 | M68: Rimini champagne - max délka profilu 1100 mm | N68: Rimini champagne - maximálna dĺžka profilu 1100 mm | O68: Rimini champagne - maksymalna długość profilu 1100 mm | P68: Rimini champagne - maximális profilhosszúság 1100 mm | Q68: Rimini champagne - maximum profile length 1100 mm | R68: Rimini champagne - longueur maximale du profil 1100 mm | S68: 1100 | T68: 1100 | U68: 1100 | V68: 500 | AA68: ROMA champagne mat - maximální doporučená délka profilu 2696 mm | AB68: ROMA champagne mat | AH68: Matelac zrkadlo strieb. | AI68: Matelac lustro srebrny
B69: =IF($D$1=1,M69, IF($D$1=2,N69, IF($D$1=3,O69, IF($D$1=4,P69, IF($D$1=5,Q69, IF($D$1=6,R69,0)))))) -> Rimini zlota - maksymalna długość profilu 1100 mm | C69: =IF($D$1=1,E69,IF(OR($D$1=2,$D$1=5,),G69,IF($D$1=3,I69,IF($D$1=4,K69,IF($D$1=6,G69*1.3,0))))) -> 73,47 | D69: =IF($D$1=1,F69,IF(OR($D$1=2,$D$1=5),H69,IF($D$1=3,J69,IF($D$1=4,L69,IF($D$1=6,H69*1.3,0))))) -> 24,75 | E69: 569,27 | F69: 170,53 | G69: 20,20 | H69: 6,07 | I69: 73,47 | J69: 24,75 | K69: 6 933,05 | L69: 2 215,16 | M69: Rimini zlatá - max délka profilu 1100 mm | N69: Rimini zlatá - maximálna dĺžka profilu 1100 mm | O69: Rimini zlota - maksymalna długość profilu 1100 mm | P69: Rimini arany - maximális profilhosszúság 1100 mm | Q69: Rimini gold - maximum profile length 1100 mm | R69: Rimini doré - longueur maximale du profil 1100 mm | S69: 1100 | T69: 1100 | U69: 1100 | V69: 500 | AA69: ROMA GRIP černá mat - maximální doporučená délka profilu 2696 mm | AB69: ROMA GRIP czarna matowa
B70: =IF($D$1=1,M70, IF($D$1=2,N70, IF($D$1=3,O70, IF($D$1=4,P70, IF($D$1=5,Q70, IF($D$1=6,R70,0)))))) -> Rimini zlota szczotkowana - maksymalna długość profilu 1100 mm | C70: =IF($D$1=1,E70,IF(OR($D$1=2,$D$1=5,),G70,IF($D$1=3,I70,IF($D$1=4,K70,IF($D$1=6,G70*1.3,0))))) -> 86,41 | D70: =IF($D$1=1,F70,IF(OR($D$1=2,$D$1=5),H70,IF($D$1=3,J70,IF($D$1=4,L70,IF($D$1=6,H70*1.3,0))))) -> 24,75 | E70: 669,50 | F70: 170,53 | G70: 23,76 | H70: 6,07 | I70: 86,41 | J70: 24,75 | K70: 8 153,71 | L70: 2 215,16 | M70: Rimini zlatá broušená - max délka profilu 1100 mm | N70: Rimini zlatá brúsená - maximálna dĺžka profilu 1100 mm | O70: Rimini zlota szczotkowana - maksymalna długość profilu 1100 mm | P70: Rimini arany csiszolt - maximális profilhosszúság 1100 mm | Q70: Rimini gold brushed - maximum profile length 1100 mm | R70: Rimini doré brossé - longueur maximale du profil 1100 mm | S70: 1100 | T70: 1100 | U70: 1100 | V70: 500 | AA70: ROMA GRIP champagne mat - maximální doporučená délka profilu 2696 mm | AB70: ROMA GRIP champagne mat
B71: =IF($D$1=1,M71, IF($D$1=2,N71, IF($D$1=3,O71, IF($D$1=4,P71, IF($D$1=5,Q71, IF($D$1=6,R71,0)))))) -> BRW champagne - maksymalna zalecana długość profilu 2500 mm | C71: =IF($D$1=1,E71,IF(OR($D$1=2,$D$1=5,),G71,IF($D$1=3,I71,IF($D$1=4,K71,IF($D$1=6,G71*1.3,0))))) -> 54.088452 | D71: =IF($D$1=1,F71,IF(OR($D$1=2,$D$1=5),H71,IF($D$1=3,J71,IF($D$1=4,L71,IF($D$1=6,H71*1.3,0))))) -> 33.2505 | E71: 399.62873 | F71: 211.47318 | G71: 13.811868 | H71: 7.3270563 | I71: 54.088452 | J71: 33.2505 | K71: 5039.6998 | L71: 2844.5266 | M71: BRW champagne - maximální doporučená délka profilu 2500 mm | N71: BRW champagne - maximálna odporúčaná dĺžka profilu 2500 mm | O71: BRW champagne - maksymalna zalecana długość profilu 2500 mm | P71: BRW champagne - maximális ajánlott profilhosszúság 2500 mm | Q71: BRW champagne - maximum profile length 2500 mm | R71: BRW champagne - longueur maximale recommandée du profil 2500 mm | S71: 2500 | T71: 2500 | U71: 2700 | V71: 700 | AA71: Siena elox (Vlevo a vpravo) + Varna elox (Nahoře a dole) | AB71: Siena elox (lewa i prawa) + Varna elox (góra i dół) | AH71: Czyste | AI71: Czyste
B72: =IF($D$1=1,M72, IF($D$1=2,N72, IF($D$1=3,O72, IF($D$1=4,P72, IF($D$1=5,Q72, IF($D$1=6,R72,0)))))) -> BRW champagne light - maksymalna zalecana długość profilu 2500 mm | C72: =IF($D$1=1,E72,IF(OR($D$1=2,$D$1=5,),G72,IF($D$1=3,I72,IF($D$1=4,K72,IF($D$1=6,G72*1.3,0))))) -> 77.461877 | D72: =IF($D$1=1,F72,IF(OR($D$1=2,$D$1=5),H72,IF($D$1=3,J72,IF($D$1=4,L72,IF($D$1=6,H72*1.3,0))))) -> 33.2505 | E72: 572.32164 | F72: 211.47318 | G72: 19.780437 | H72: 7.3270563 | I72: 77.461877 | J72: 33.2505 | K72: 7217.5222 | L72: 2844.5266 | M72: BRW champagne light - maximální doporučená délka profilu 2500 mm | N72: BRW champagne light - maximálna odporúčaná dĺžka profilu 2500 mm | O72: BRW champagne light - maksymalna zalecana długość profilu 2500 mm | P72: BRW champagne világos - maximális ajánlott profilhosszúság 2500 mm | Q72: BRW champagne light - maximum profile length 2500 mm | R72: BRW champagne light - longueur maximale recommandée du profil 2500 mm | S72: 2500 | T72: 2500 | U72: 2700 | V72: 700 | AA72: Siena černá (Vlevo a vpravo) + Varna černá (Nahoře a dole) | AB72: Siena czarny (lewa i prawa) + Varna czarny (góra i dół) | AH72: Bez modyfikacji | AI72: Bez modyfikacji
B73: =IF($D$1=1,M73, IF($D$1=2,N73, IF($D$1=3,O73, IF($D$1=4,P73, IF($D$1=5,Q73, IF($D$1=6,R73,0)))))) -> ROMA czarna matowa - maksymalna zalecana długość profilu 2696 mm | C73: =IF($D$1=1,E73,IF(OR($D$1=2,$D$1=5,),G73,IF($D$1=3,I73,IF($D$1=4,K73,IF($D$1=6,G73*1.3,0))))) -> 115.25976 | D73: =IF($D$1=1,F73,IF(OR($D$1=2,$D$1=5),H73,IF($D$1=3,J73,IF($D$1=4,L73,IF($D$1=6,H73*1.3,0))))) -> 93.555 | E73: 851.58864 | F73: 595.0098 | G73: 29.432393 | H73: 20.615713 | I73: 115.25976 | J73: 93.555 | K73: 10739.346 | L73: 8003.4794 | M73: ROMA černá mat - maximální doporučená délka profilu 2696 mm | N73: ROMA čierna mat - maximálna odporúčaná dĺžka profilu 2696 mm | O73: ROMA czarna matowa - maksymalna zalecana długość profilu 2696 mm | P73: ROMA fekete matt - maximális ajánlott profilhosszúság 2696 mm | Q73: ROMA black matt - maximum profile length 2696 mm | R73: ROMA noir mat - longueur maximale recommandée du profil 2696 mm | S73: 2696 | T73: 2696 | U73: 2696 | V73: 700 | AA73: Palio elox (Vlevo a vpravo) + Varna elox (Nahoře a dole) | AB73: Palio elox (lewy i prawy) + Varna elox (góra i dół) | AH73: Hartowane | AI73: Hartowane
B74: =IF($D$1=1,M74, IF($D$1=2,N74, IF($D$1=3,O74, IF($D$1=4,P74, IF($D$1=5,Q74, IF($D$1=6,R74,0)))))) -> ROMA champagne mat - maksymalna zalecana długość profilu 2696 mm | C74: =IF($D$1=1,E74,IF(OR($D$1=2,$D$1=5,),G74,IF($D$1=3,I74,IF($D$1=4,K74,IF($D$1=6,G74*1.3,0))))) -> 115.25976 | D74: =IF($D$1=1,F74,IF(OR($D$1=2,$D$1=5),H74,IF($D$1=3,J74,IF($D$1=4,L74,IF($D$1=6,H74*1.3,0))))) -> 93.555 | E74: 851.58864 | F74: 595.0098 | G74: 29.432393 | H74: 20.615713 | I74: 115.25976 | J74: 93.555 | K74: 10739.346 | L74: 8003.4794 | M74: ROMA champagne mat - maximální doporučená délka profilu 2696 mm | N74: ROMA champagne mat - maximálna odporúčaná dĺžka profilu 2696 mm | O74: ROMA champagne mat - maksymalna zalecana długość profilu 2696 mm | P74: ROMA champagne matt - maximális ajánlott profilhosszúság 2696 mm | Q74: ROMA champagne matt - maximum profile length 2696 mm | R74: ROMA champagne mat - longueur maximale recommandée du profil 2696 mm | S74: 2696 | T74: 2696 | U74: 2696 | V74: 700 | AA74: Rocca elox (Vlevo a vpravo) + Varna elox (Nahoře a dole) | AB74: Rocca elox (lewa i prawa) + Varna elox (góra i dół) | AH74: Folia | AI74: Folia
B75: =IF($D$1=1,M75, IF($D$1=2,N75, IF($D$1=3,O75, IF($D$1=4,P75, IF($D$1=5,Q75, IF($D$1=6,R75,0)))))) -> ROMA GRIP czarna matowa - maksymalna zalecana długość profilu 2696 mm | C75: =IF($D$1=1,E75,IF(OR($D$1=2,$D$1=5,),G75,IF($D$1=3,I75,IF($D$1=4,K75,IF($D$1=6,G75*1.3,0))))) -> 115.25976 | D75: =IF($D$1=1,F75,IF(OR($D$1=2,$D$1=5),H75,IF($D$1=3,J75,IF($D$1=4,L75,IF($D$1=6,H75*1.3,0))))) -> 93.555 | E75: 851.58864 | F75: 595.0098 | G75: 29.432393 | H75: 20.615713 | I75: 115.25976 | J75: 93.555 | K75: 10739.346 | L75: 8003.4794 | M75: ROMA GRIP černá mat - maximální doporučená délka profilu 2696 mm | N75: ROMA GRIP čierna mat - maximálna odporúčaná dĺžka profilu 2696 mm | O75: ROMA GRIP czarna matowa - maksymalna zalecana długość profilu 2696 mm | P75: ROMA GRIP fekete matt - maximális ajánlott profilhosszúság 2696 mm | Q75: ROMA GRIP black matt - maximum profile length 2696 mm | R75: ROMA GRIP noir mat - longueur maximale recommandée du profil 2696 mm | S75: 2696 | T75: 2696 | U75: 2696 | V75: 700 | AA75: Rocca černá (Vlevo a vpravo) + Varna černá (Nahoře a dole) | AB75: Rocca czarny (lewa i prawa) + Varna czarny (góra i dół) | AH75: Czyste hartowane (dostawa 3 tygodnie) | AI75: Czyste hartowane
B76: =IF($D$1=1,M76, IF($D$1=2,N76, IF($D$1=3,O76, IF($D$1=4,P76, IF($D$1=5,Q76, IF($D$1=6,R76,0)))))) -> ROMA GRIP champagne mat - maksymalna zalecana długość profilu 2696 mm | C76: =IF($D$1=1,E76,IF(OR($D$1=2,$D$1=5,),G76,IF($D$1=3,I76,IF($D$1=4,K76,IF($D$1=6,G76*1.3,0))))) -> 115.25976 | D76: =IF($D$1=1,F76,IF(OR($D$1=2,$D$1=5),H76,IF($D$1=3,J76,IF($D$1=4,L76,IF($D$1=6,H76*1.3,0))))) -> 93.555 | E76: 851.58864 | F76: 595.0098 | G76: 29.432393 | H76: 20.615713 | I76: 115.25976 | J76: 93.555 | K76: 10739.346 | L76: 8003.4794 | M76: ROMA GRIP champagne mat - maximální doporučená délka profilu 2696 mm | N76: ROMA GRIP champagne mat - maximálna odporúčaná dĺžka profilu 2696 mm | O76: ROMA GRIP champagne mat - maksymalna zalecana długość profilu 2696 mm | P76: ROMA GRIP champagne matt - maximális ajánlott profilhosszúság 2696 mm | Q76: ROMA GRIP champagne matt - maximum profile length 2696 mm | R76: ROMA GRIP champagne mat - longueur maximale recommandée du profil 2696 mm | S76: 2696 | T76: 2696 | U76: 2696 | V76: 700 | AA76: Palio černá (Vlevo a vpravo) + Varna černá (Nahoře a dole) | AB76: Palio czarny (lewa i prawa) + Varna czarny (góra i dół) | AH76: Satinato brązowe | AI76: Satinato brązowe
AA77: BRW (elox.) - maximálna odporúčaná odporúčaná dĺžka profilu 2500 mm | AB77: BRW (elox.) | AH77: Stopsol brąz | AI77: Stopsol brąz
C78: Vlevo a vpravo | D78: Nahoře a dole | AA78: BRW antracit RAL 7021 - maximálna odporúčaná dĺžka profilu 2500 mm | AB78: BRW antracyt RAL 7021 | AH78: Antisol brąz | AI78: Antisol brąz
A79: Kombinace dvou profilů | C79: =$B$32 -> Siena (elox.) - maksymalna zalecana zalecana długość profilu 2500 mm | D79: =B49 -> Varna elox - maksymalna zalecana zalecana długość profilu 2500 mm | M79: Siena elox (Vlevo a vpravo) + Varna elox (Nahoře a dole) | N79: Siena elox (Vľavo a vpravo) + Varna elox (Hore a dole) | O79: Siena elox (lewa i prawa) + Varna elox (góra i dół) | P79: Siena elox (bal és jobb) + Várna elox (felső és alsó) | Q79: Siena elox (Left and Right) + Varna elox (Top and Bottom) | R79: Siena elox (à gauche et à droite) + Varna elox (en haut et en bas) | S79: 2500 | T79: 2500 | U79: 2700 | V79: 700 | AA79: BRW biela matt RAL 9003 - maximálna odporúčaná dĺžka profilu 2500 mm | AB79: BRW bialy matowy RAL 9003 | AH79: Lustro | AI79: Lustro
C80: =$B$33 -> 0 | D80: =$B$54 -> Varna czarny - maksymalna zalecana zalecana długość profilu 1200 mm | M80: Siena černá (Vlevo a vpravo) + Varna černá (Nahoře a dole) | N80: Siena čierna (Vľavo a vpravo) + Varna čierna (Hore a dole) | O80: Siena czarny (lewa i prawa) + Varna czarny (góra i dół) | P80: Siena fekete (bal és jobb) + Várna fekete (felső és alsó) | Q80: Siena black (Left and right) + Varna black (Top and bottom) | R80: Siena noir (à gauche et à droite) + Varna noir (en haut et en bas) | S80: 1200 | T80: 2500 | U80: 2700 | V80: 700 | AA80: BRW biela lesk RAL 9003 - maximálna odporúčaná dĺžka profilu 2500 mm | AB80: BRW bialy połysk RAL 9003 | AH80: Lustro brązowe | AI80: Lustro brązowe
C81: =$B$27 -> Palio (elox.) - maksymalna zalecana długość profilu 2500 mm | D81: =B49 -> Varna elox - maksymalna zalecana zalecana długość profilu 2500 mm | M81: Palio elox (Vlevo a vpravo) + Varna elox (Nahoře a dole) | N81: Palio elox (Vľavo a vpravo) + Varna elox (Hore a dole) | O81: Palio elox (lewy i prawy) + Varna elox (góra i dół) | P81: Palio elox (bal és jobb) + Várna elox (felső és alsó) | Q81: Palio elox (Left and Right) + Varna elox (Top and Bottom) | R81: Palio elox (à gauche et à droite) + Varna elox (en haut et en bas) | S81: 2500 | T81: 2500 | U81: 2700 | V81: 700 | AA81: BRW hnědá - maximálna odporúčaná dĺžka profilu 2500 mm | AB81: BRW brąz | AH81: Lustro grafit | AI81: Lustro grafit
B82: =IF($D$1=1,M82, IF($D$1=2,N82, IF($D$1=3,O82, IF($D$1=4,P82, IF($D$1=5,Q82, IF($D$1=6,R82,0)))))) -> Rocca elox (lewa i prawa) + Varna elox (góra i dół) | C82: =B50 -> Rocca (elox.) - maksymalna zalecana zalecana długość profilu 2150 mm | D82: =B49 -> Varna elox - maksymalna zalecana zalecana długość profilu 2500 mm | M82: Rocca elox (Vlevo a vpravo) + Varna elox (Nahoře a dole) | N82: Rocca elox (Vľavo a vpravo) + Varna elox (Hore a dole) | O82: Rocca elox (lewa i prawa) + Varna elox (góra i dół) | P82: Rocca elox (bal és jobb) + Várna elox (felső és alsó) | Q82: Rocca elox (Left and Right) + Varna elox (Top and Bottom) | R82: Rocca elox (à gauche et à droite) + Varna elox (en haut et en bas) | S82: 2500 | T82: 2500 | U82: 2150 | V82: 700 | AA82: BRW brúsené - maximálna odporúčaná dĺžka profilu 2500 mm | AB82: BRW szczotkowany | AH82: VISIOSUN poziomo | AI82: VISIOSUN poziomo
B83: =IF($D$1=1,M83, IF($D$1=2,N83, IF($D$1=3,O83, IF($D$1=4,P83, IF($D$1=5,Q83, IF($D$1=6,R83,0)))))) -> Rocca czarny (lewa i prawa) + Varna czarny (góra i dół) | C83: =B42 -> Rocca czarny matowy - maksymalna zalecana zalecana długość profilu 2150 mm | D83: =$B$54 -> Varna czarny - maksymalna zalecana zalecana długość profilu 1200 mm | M83: Rocca černá (Vlevo a vpravo) + Varna černá (Nahoře a dole) | N83: Rocca čierna (Vľavo a vpravo) + Varna čierna (Hore a dole) | O83: Rocca czarny (lewa i prawa) + Varna czarny (góra i dół) | P83: Rocca fekete (bal és jobb) + Várna fekete (felső és alsó) | Q83: Rocca black (Left and right) + Varna black (Top and bottom) | R83: Rocca noir (à gauche et à droite) + Varna noir (en haut et en bas) | S83: 1200 | T83: 2150 | U83: 2150 | V83: 700 | AA83: BRW čierna matt - maximálna odporúčaná dĺžka profilu 2500 mm | AB83: BRW Czarny matowy | AH83: Master Ligne poziomo | AI83: Master Ligne poziomo
C84: =$B$28 -> 0 | D84: =$B$54 -> Varna czarny - maksymalna zalecana zalecana długość profilu 1200 mm | M84: Palio černá (Vlevo a vpravo) + Varna černá (Nahoře a dole) | N84: Palio čierna (Vľavo a vpravo) + Varna čierna (Hore a dole) | O84: Palio czarny (lewa i prawa) + Varna czarny (góra i dół) | P84: Palio fekete (bal és jobb) + Várna fekete (felső és alsó) | Q84: Palio black (Left and right) + Varna black (Top and bottom) | R84: Palio noir (à gauche et à droite) + Varna noir (en haut et en bas) | S84: 1200 | T84: 2500 | U84: 2700 | V84: 700 | AA84: BRW zlatá - maximálna odporúčaná dĺžka profilu 2500 mm | AB84: BRW złota | AH84: FLUTES poziomo | AI84: FLUTES poziomo
AA85: BRW čierna brúsená - maximálna odporúčaná dĺžka profilu 2500 mm | AB85: BRW czarna szczotka | AH85: Master Ligne pionowo | AI85: Master Ligne pionowo
B86: Varna nemůže být na výšku, protože se do něho nadá vyfrézovat pant ani závěs | AA86: BRW svetlá nerez (INOX ACIER gratta)- maximálna odporúčaná dĺžka profilu 2500 mm | AB86: BRW INOX ACIER gratta | AH86: FLUTES pionowo | AI86: FLUTES pionowo
AA87: BRW tmavá nerez brúsená (INOX LIJA) - maximálna odporúčaná dĺžka profilu 2500 mm | AB87: BRW INOX LIJA | AH87: VISIOSUN pionowo | AI87: VISIOSUN pionowo
AA88: Corleone (elox.) - maximálna odporúčaná dĺžka profilu 1500 mm | AB88: Corleone (elox.) | AH88: Moru brąz pionowo | AI88: Moru brąz pionowo
AA89: Corleone čierne mat - maximálna odporúčaná dĺžka profilu 1500 mm | AB89: Corleone czarny matowy | AH89: Moru grafit pionowo | AI89: Moru grafit pionowo
AA90: Imola (elox.) - maximálna odporúčaná dĺžka profilu 2500 mm | AB90: Imola (elox.) | AH90: Moru brąz poziomo | AI90: Moru brąz poziomo
AA91: Imola čierna mat - maximálna odporúčaná dĺžka profilu 2500 mm | AB91: Imola Czarny matowy | AH91: Moru grafit poziomo | AI91: Moru grafit poziomo
B92: Profil | C92: ZC nová/profil | E92: CZ | G92: SK | I92: PL | K92: HU | AA92: Imola biela matt RAL 9003 - maximálna odporúčaná dĺžka profilu 2500 mm | AB92: Imola bialy matowy RAL 9003 | AH92: Matelac lustro bronz | AI92: Matelac lustro bronz
B93: =B565 -> transparentna | C93: =IF($D$1=1,E93,IF(OR($D$1=2,$D$1=5),G93,IF($D$1=3,I93,IF($D$1=4,K93,IF($D$1=6,G93*1.3,0))))) -> 22.842 | E93: 148.716 | G93: 5.168479 | I93: 22.842 | K93: 2116.4516 | AA93: Modena (elox.) - maximálna odporúčaná dĺžka profilu 2500 mm | AB93: Modena (elox.) | AH93: Matelac lustro grafit | AI93: Matelac lustro grafit
B94: =B566 -> Biała | C94: =IF($D$1=1,E94,IF(OR($D$1=2,$D$1=5),G94,IF($D$1=3,I94,IF($D$1=4,K94,IF($D$1=6,G94*1.3,0))))) -> 19.035 | E94: 123.93 | G94: 4.3070659 | I94: 19.035 | K94: 1763.7097 | AA94: Modena čierna matt - maximálna odporúčaná dĺžka profilu 2500 mm | AB94: Modena Czarny matowy | AH94: Matelac lustro srebrny | AI94: Matelac lustro srebrny
B95: =B567 -> czarna | C95: =IF($D$1=1,E95,IF(OR($D$1=2,$D$1=5),G95,IF($D$1=3,I95,IF($D$1=4,K95,IF($D$1=6,G95*1.3,0))))) -> 22.842 | E95: 148.716 | G95: 5.168479 | I95: 22.842 | K95: 2116.4516 | AA95: Verona zlatá - maximálna odporúčaná dĺžka profilu 2150 mm | AB95: Verona złota | AH95: Átlátszó Üveg | AI95: Czyste
B96: Kalení | C96: =IF($D$1=1,E96,IF(OR($D$1=2,$D$1=5),G96,IF($D$1=3,I96,IF($D$1=4,K96,IF($D$1=6,G96*1.3,0))))) -> 100.8855 | E96: 656.829 | G96: 22.827449 | I96: 100.8855 | K96: 9347.6613 | AA96: Modena čierna brúsená - maximálna odporúčaná dĺžka profilu 2500 mm | AB96: Modena czarna szczotka | AH96: Módosítások nélkül | AI96: Bez modyfikacji
B97: =IF($D$1=1,M97, IF($D$1=2,N97, IF($D$1=3,O97, IF($D$1=4,P97, IF($D$1=5,Q97, IF($D$1=6,R97,0)))))) -> Połysk | C97: =IF($D$1=1,E97,IF(OR($D$1=2,$D$1=5),G97,IF($D$1=3,I97,IF($D$1=4,K97,IF($D$1=6,G97*1.3,0))))) -> 9.90525 | E97: 64.4895 | G97: 2.2412695 | I97: 9.90525 | K97: 917.78226 | M97: Lesk | N97: Lesk | O97: Połysk | P97: Fényes | Q97: Gloss | R97: Brillant | AA97: Modena tmavá nerez brúsená INOX LIJA - maximálna odporúčaná dĺžka profilu 2500 mm | AB97: Modena INOX LIJA | AH97: Edzett | AI97: Hartowane
B98: =IF($D$1=1,M98, IF($D$1=2,N98, IF($D$1=3,O98, IF($D$1=4,P98, IF($D$1=5,Q98, IF($D$1=6,R98,0)))))) -> Matowy | C98: =IF($D$1=1,E98,IF(OR($D$1=2,$D$1=5),G98,IF($D$1=3,I98,IF($D$1=4,K98,IF($D$1=6,G98*1.3,0))))) -> 6.574125 | E98: 42.80175 | G98: 1.4875329 | I98: 6.574125 | K98: 609.13306 | M98: Mat | N98: Mat | O98: Matowy | P98: Matt | Q98: Matt | R98: Mat | AA98: Palio (elox.) - maximálna odporúčaná dĺžka profilu 2500 mm | AB98: Palio (elox.) | AH98: Fólia | AI98: Folia
B99: Broušení skla pro předěly | C99: =IF($D$1=1,E99,IF(OR($D$1=2,$D$1=5),G99,IF($D$1=3,I99,IF($D$1=4,K99,IF($D$1=6,G99*1.3,0))))) -> 3.9123 | E99: 23.538438 | G99: 0.8505 | I99: 3.9123 | K99: 311.88402 | AA99: Palio čierna matt - maximálna odporúčaná dĺžka profilu 2500 mm | AB99: Palio Czarny matowy | AH99: Edzett üveg (szállítási idő 3 hét) | AI99: Czyste hartowane
B100: Sklo | C100: ZC nová | E100: ZC nová | G100: ZC nová | I100: ZC nová | K100: ZC nová | AA100: Pisa (elox.) - maximálna odporúčaná dĺžka profilu 2500 mm | AB100: Pisa (elox.) | AH100: Satinato barna | AI100: Satinato brązowe
A101: Skla | B101: =IF($D$1=1,M101, IF($D$1=2,N101, IF($D$1=3,O101, IF($D$1=4,P101, IF($D$1=5,Q101, IF($D$1=6,R101,0)))))) -> Czyste | C101: =IF($D$1=1,E101,IF(OR($D$1=2,$D$1=5),G101,IF($D$1=3,I101,IF($D$1=4,K101,IF($D$1=6,G101*1.3,0))))) -> 203.8608 | E101: 1288.872 | G101: 44.793485 | I101: 203.8608 | K101: 18342.581 | M101: Čiré | N101: Číre | O101: Czyste | P101: Átlátszó Üveg | Q101: Transparent | R101: Clair | T101: 2550 | U101: 1605 | AA101: Pisa čierna matt - maximálna odporúčaná dĺžka profilu 2500 mm | AB101: Pisa Czarny matowy | AH101: Tükör | AI101: Lustro
B102: Příslušenství u broušení 1x | C102: =IF($D$1=1,E102,IF(OR($D$1=2,$D$1=5),G102,IF($D$1=3,I102,IF($D$1=4,K102,IF($D$1=6,G102*1.3,0))))) -> 27.538704 | E102: 157.12619 | G102: 6.18192 | I102: 27.538704 | K102: 2137.5913 | M102: Bez úprav | N102: Bez úprav | O102: Bez modyfikacji | P102: Módosítások nélkül | Q102: Not treated | R102: Sans modification | AA102: Vivaro zlatá - maximálna odporúčaná dĺžka profilu 2150 mm | AB102: Vivaro złota | AH102: Tükör barna | AI102: Lustro brązowe
B103: Montáž okének - předěly za ks | C103: =IF($D$1=1,E103,IF(OR($D$1=2,$D$1=5),G103,IF($D$1=3,I103,IF($D$1=4,K103,IF($D$1=6,G103*1.3,0))))) -> 29.113344 | E103: 166.14552 | G103: 6.53184 | I103: 29.113344 | K103: 2260.2966 | M103: Kalené | N103: Kalené | O103: Hartowane | P103: Edzett | Q103: harded | R103: Trempé | AA103: Siena (elox.) - maximálna odporúčaná dĺžka profilu 2500 mm | AB103: Siena (elox.) | AH103: Tükör grafit | AI103: Lustro grafit
B104: =IF($D$1=1,M104, IF($D$1=2,N104, IF($D$1=3,O104, IF($D$1=4,P104, IF($D$1=5,Q104, IF($D$1=6,R104,0)))))) -> Folia | C104: =IF($D$1=1,E104,IF(OR($D$1=2,$D$1=5),G104,IF($D$1=3,I104,IF($D$1=4,K104,IF($D$1=6,G104*1.3,0))))) -> 30.279744 | E104: 167.31192 | G104: 7.69824 | I104: 30.279744 | K104: 2261.463 | M104: Folie | N104: Folie | O104: Folia | P104: Fólia | Q104: Foil | R104: Film | AA104: Siena čierna mat - maximálna odporúčaná dĺžka profilu 2500 mm | AB104: Siena czarny matowy | AH104: VISIOSUN vízszintesen | AI104: VISIOSUN poziomo
B105: =IF($D$1=1,M105, IF($D$1=2,N105, IF($D$1=3,O105, IF($D$1=4,P105, IF($D$1=5,Q105, IF($D$1=6,R105,0)))))) -> Czyste hartowane (dostawa 3 tygodnie) | C105: =IF($D$1=1,E105,IF(OR($D$1=2,$D$1=5),G105,IF($D$1=3,I105,IF($D$1=4,K105,IF($D$1=6,G105*1.3,0))))) -> 31.446144 | E105: 168.47832 | G105: 8.86464 | I105: 31.446144 | K105: 2262.6294 | M105: Čiré kalené (dodání 3 týdny) | N105: Číre kalené (dodanie 3 týždne) | O105: Czyste hartowane (dostawa 3 tygodnie) | P105: Edzett üveg (szállítási idő 3 hét) | Q105: Transparent harded (delivery 3 weeks) | R105: Clair trempé (livraison sous 3 semaines) | AA105: Verona (elox.) - maximálna odporúčaná dĺžka profilu 2500 mm | AB105: Verona (elox.) | AH105: Master Ligne vízszintesen | AI105: Master Ligne poziomo
B106: =IF($D$1=1,M106, IF($D$1=2,N106, IF($D$1=3,O106, IF($D$1=4,P106, IF($D$1=5,Q106, IF($D$1=6,R106,0)))))) -> Satinato | C106: =IF($D$1=1,E106,IF(OR($D$1=2,$D$1=5),G106,IF($D$1=3,I106,IF($D$1=4,K106,IF($D$1=6,G106*1.3,0))))) -> 260.0532 | E106: 1644.138 | G106: 57.140407 | I106: 260.0532 | K106: 23398.548 | M106: Satinato | N106: Satinato | O106: Satinato | P106: Satinato | Q106: Satinato | R106: Satinato | T106: 2550 | U106: 1605 | AA106: Verona brúsená - maximálna odporúčaná dĺžka profilu 2500 mm | AB106: Verona szczotkowany | AH106: FLUTES vízszintesen | AI106: FLUTES poziomo
B107: =IF($D$1=1,M107, IF($D$1=2,N107, IF($D$1=3,O107, IF($D$1=4,P107, IF($D$1=5,Q107, IF($D$1=6,R107,0)))))) -> MASTER SOFT | C107: =IF($D$1=1,E107,IF(OR($D$1=2,$D$1=5),G107,IF($D$1=3,I107,IF($D$1=4,K107,IF($D$1=6,G107*1.3,0))))) -> 337.1544 | E107: 2131.596 | G107: 74.081533 | I107: 337.1544 | K107: 30335.806 | M107: MASTER SOFT | N107: MASTER SOFT | O107: MASTER SOFT | P107: MASTER SOFT | Q107: MASTER SOFT | R107: MASTER SOFT | T107: 2700 | U107: 1605 | AA107: Verona čierna lesk - maximálna odporúčaná dĺžka profilu 2500 mm | AB107: Verona czarny połysk | AH107: Master Ligne függőlegesen | AI107: Master Ligne pionowo
B108: =IF($D$1=1,M108, IF($D$1=2,N108, IF($D$1=3,O108, IF($D$1=4,P108, IF($D$1=5,Q108, IF($D$1=6,R108,0)))))) -> Satinato brązowe/Decormat Braz | C108: =IF($D$1=1,E108,IF(OR($D$1=2,$D$1=5),G108,IF($D$1=3,I108,IF($D$1=4,K108,IF($D$1=6,G108*1.3,0))))) -> 330.6204 | E108: 2090.286 | G108: 72.645844 | I108: 330.6204 | K108: 29747.903 | M108: Satinato hnědé / Decormat Braz | N108: Satinato hnedé / Decormat Braz | O108: Satinato brązowe/Decormat Braz | P108: Satinato barna / Decormat Braz | Q108: Satinato brown / Decormat Braz | R108: Satinato marron / Decormat Braz | T108: 2700 | U108: 1605 | AA108: Verona čierna mat - maximálna odporúčaná dĺžka profilu 2500 mm | AB108: Verona czarny matowy | AH108: FLUTES függőlegesen | AI108: FLUTES pionowo
B109: =IF($D$1=1,M109, IF($D$1=2,N109, IF($D$1=3,O109, IF($D$1=4,P109, IF($D$1=5,Q109, IF($D$1=6,R109,0)))))) -> Satinato grafit Decormat grafit | C109: =IF($D$1=1,E109,IF(OR($D$1=2,$D$1=5),G109,IF($D$1=3,I109,IF($D$1=4,K109,IF($D$1=6,G109*1.3,0))))) -> 330.6204 | E109: 2090.286 | G109: 72.645844 | I109: 330.6204 | K109: 29747.903 | M109: Satinato grafit / Decormat grafit | N109: Satinato grafit / Decormat grafit | O109: Satinato grafit Decormat grafit | P109: Satinato grafit / Decormat grafit | Q109: Satinato graphite / Decormat grafit | R109: Satinato graphite / Decormat graphite | T109: 2700 | U109: 1605 | AA109: Verona hnědá - maximálna odporúčaná dĺžka profilu 2500 mm | AB109: Verona braz | AH109: VISIOSUN függőlegesen | AI109: VISIOSUN pionowo
B110: =IF($D$1=1,M110, IF($D$1=2,N110, IF($D$1=3,O110, IF($D$1=4,P110, IF($D$1=5,Q110, IF($D$1=6,R110,0)))))) -> Masterscreen - maksymalne wymiary 2160 x 1650 mm | C110: =IF($D$1=1,E110,IF(OR($D$1=2,$D$1=5),G110,IF($D$1=3,I110,IF($D$1=4,K110,IF($D$1=6,G110*1.3,0))))) -> 360.6768 | E110: 2280.312 | G110: 79.250012 | I110: 360.6768 | K110: 32452.258 | M110: Masterscreen - max rozměr 2160x1650 mm | N110: Masterscreen - max rozmer 2160 x 1650 mm | O110: Masterscreen - maksymalne wymiary 2160 x 1650 mm | P110: Masterscreen - maximális mérete 2160 x 1650 mm | Q110: Masterscreen - maximum possible size 2160 x 1650 mm | R110: Masterscreen - dimension maximale 2160 x 1650 mm | T110: 2160 | U110: 1650 | AA110: Verona champagne - maximálna odporúčaná dĺžka profilu 2500 mm | AB110: Verona szampański | AH110: Moru barna függőlegesen | AI110: Moru brąz pionowo
B111: =IF($D$1=1,M111, IF($D$1=2,N111, IF($D$1=3,O111, IF($D$1=4,P111, IF($D$1=5,Q111, IF($D$1=6,R111,0)))))) -> Venus VG10 | C111: =IF($D$1=1,E111,IF(OR($D$1=2,$D$1=5),G111,IF($D$1=3,I111,IF($D$1=4,K111,IF($D$1=6,G111*1.3,0))))) -> 326.17728 | E111: 2062.1952 | G111: 71.669576 | I111: 326.17728 | K111: 29348.129 | M111: Venus VG10 | N111: Venus VG10 | O111: Venus VG10 | P111: Venus VG10 | Q111: Venus VG10 | R111: Venus VG10 | T111: 3210 | U111: 2250 | AA111: Verona nerez brúsená (Inox Lija) - maximálna odporúčaná dĺžka profilu 2500 mm | AB111: Verona Inox szczotkowany (Inox Lija) | AH111: Moru grafit függőlegesen | AI111: Moru grafit pionowo
B112: =IF($D$1=1,M112, IF($D$1=2,N112, IF($D$1=3,O112, IF($D$1=4,P112, IF($D$1=5,Q112, IF($D$1=6,R112,0)))))) -> Stopsol brąz - maksymalne wymiary 2250 x 1605 mm | C112: =IF($D$1=1,E112,IF(OR($D$1=2,$D$1=5),G112,IF($D$1=3,I112,IF($D$1=4,K112,IF($D$1=6,G112*1.3,0))))) -> 439.0848 | E112: 2776.032 | G112: 96.478275 | I112: 439.0848 | K112: 39507.097 | M112: Stopsol bronz - max rozměr 2250x1605 mm | N112: Stopsol bronz - max rozmer 2250 x 1605 mm | O112: Stopsol brąz - maksymalne wymiary 2250 x 1605 mm | P112: Stopsol bronz - maximális mérete 2250 x 1605 mm | Q112: Stopsol bronze - maximum possible size 2250 x 1605 mm | R112: Stopsol bronze - dimension maximale 2250 x 1605 mm | T112: 2250 | U112: 1605 | AA112: Verona svetlá nerez brúsená Acier - maximálna odporúčaná dĺžka profilu 2500 mm | AB112: Verona Acier Gratta | AH112: Moru barna vízszintesen | AI112: Moru brąz poziomo
B113: =IF($D$1=1,M113, IF($D$1=2,N113, IF($D$1=3,O113, IF($D$1=4,P113, IF($D$1=5,Q113, IF($D$1=6,R113,0)))))) -> Lakomat | C113: =IF($D$1=1,E113,IF(OR($D$1=2,$D$1=5),G113,IF($D$1=3,I113,IF($D$1=4,K113,IF($D$1=6,G113*1.3,0))))) -> 288.8028 | E113: 1825.902 | G113: 63.457437 | I113: 288.8028 | K113: 25985.323 | M113: Lakomat | N113: Lakomat | O113: Lakomat | P113: Lakomat | Q113: Lacomatt | R113: Lakomat | T113: 2550 | U113: 1605 | AA113: Rocca čierna mat - maximálna odporúčaná dĺžka profilu 2150 mm | AB113: Rocca czarny matowy | AH113: Moru grafit vízszintesen | AI113: Moru grafit poziomo
...

Sheet Potvrzení
Q2: ='Translate&Prices&Logo'!$B$542 -> Wprowadzenie | W2: FALSE
B5: ='Translate&Prices&Logo'!B682 -> Warunki i zalecenia dotyczące prawidłowego zamawiania ramek aluminiowych.
B7: ='Translate&Prices&Logo'!B683 -> Ogólne zalecenia:
B8: ='Translate&Prices&Logo'!$B$304 -> Zawsze korzystaj z aktualnej wersji formularza, który jest umieszczony na naszej stronie web.
B9: ='Translate&Prices&Logo'!B684 -> Podczas wypełniania formularza wypełniaj zawsze od góry do dołu.
B10: ='Translate&Prices&Logo'!B685 -> Jeśli dokonasz zmiany wstecz, konieczne będzie ponowne wpisanie danych poniżej zmiany.
B11: ='Translate&Prices&Logo'!B686 -> Przed wysłaniem zamówienia sprawdź formularz, czy są wpisane tylko te ramki, które chcesz zamówić.
B12: ='Translate&Prices&Logo'!$B$316&" "&'Translate&Prices&Logo'!$B$317 -> Wypełniony formularz wyślij pod adres email: zamowienia@demos-trade.com
B13: ='Translate&Prices&Logo'!B687 -> Standardowy czas realizacji zamówienia wynosi maksymalnie trzy tygodnie. Aby uzyskać dokładniejsze informacje na temat terminu dostawy, prosimy o kontakt z pracownikami Biura Obsługi Klienta tel. 32 790 85 82.
B14: ='Translate&Prices&Logo'!B673 -> Przy odbiorze przesyłki kupujący powinien sprawdzić towar i w przypadku stwierdzenia widocznych uszkodzeń transportowych niezwłocznie zgłosić je kurierowi, spisując protokół. W przeciwnym razie reklamacja może zostać odrzucona.
B15: ='Translate&Prices&Logo'!$B$173 -> Podane ceny nie zawierają podatku VAT ani nie zawierają ceny okuć!
B16: =IF(Zakaznik!K23="Dostawa na adres","W przypadku wyboru DOSTAWA NA ADRES do zamówienia zostanie automatycznie doliczona opłata transportowa. Cena zależna od rozmiaru ramki. Aby zobaczyć ostateczną cenę, kliknij na Podsumowanie. ","") | M16: =IF(Zakaznik!K23="Dostawa na adres","W przypadku wyboru DOSTAWA NA ADRES w jednym zamówieniu nie można łączyć ramki ze szkłem i bez szkła. ","")
B17: ='Translate&Prices&Logo'!B574 -> Ważne informacje:
B18: ='Translate&Prices&Logo'!$B$303 -> Do zamocowania okuć do ramki aluminiowej należy stosować specjalnie do tego przeznaczone wkręty (np. kod 13681)
B19: ='Translate&Prices&Logo'!$B$333 -> Jeśli uchwyt będzie zamocowany w wierceniach w szkle, należy zastosować podkładkę dystansową (np. kod 144516, 191970, C0315)
B21: ='Translate&Prices&Logo'!$B$313 -> Maksymalny zalecany rozmiar ramki to 2500 x 1250 mm (w wypadku ramek ze szkłem wklejanym, np. Corleone 1500 x 600 mm)
B22: ='Translate&Prices&Logo'!B689 -> Dla większych wymiarów ramki niż 2500 mm zalecamy użycie szprosów, w przeciwnym razie istnieje ryzyko wygięcia profilu lub wysunięcia szkła z profilu.
B23: ='Translate&Prices&Logo'!$B$329 -> Do ramek ponadgabarytowych (ponad rozmiar 1200 x 800 mm) może być doliczana opłata za specjalne zapakowanie i transport (dodatkowe informacje w Biurze Obsługi Klienta tel. 32 790 85 82)
B24: ='Translate&Prices&Logo'!$B$302 -> Reklamacja nie będzie uwzględniana w przypadku, gdy ramka została już zamontowana..
B25: ='Translate&Prices&Logo'!$B$691 -> Siatka w ramce jest standardowo ustawiona poziomo. Jeśli otwory siatki mają być ustawione pionowo, prosimy o wskazanie tego w uwagach.
B26: ='Translate&Prices&Logo'!B696 -> Kolor profilu i siatki może się różnić z powodu tolerancji w procesie produkcji.
B27: ='Translate&Prices&Logo'!$B$692 -> Potwierdzam, że rozumiem i akceptuję powyższe warunki i zalecenia.
B31: ="<"&" "&'Translate&Prices&Logo'!$B$576 -> < Powrót | R31: =IF(W2=TRUE,(CONCATENATE('Translate&Prices&Logo'!$B$568," >"))," ")

Sheet závěsy dle výklopu
A1: Závěsy k výklopům | T1: Závěsy | Y1: Podložky | BQ1: Značka | BW1: Umístění závěsů
A2: Typ ALU | B2: Výklop | D2: 1 | E2: 2 | F2: 3 | G2: 4 | H2: 5 | I2: 6 | J2: 7 | K2: 8 | L2: 9 | M2: 10 | N2: 11 | O2: 12 | P2: 13 | Q2: 14 | R2: 15 | T2: Úzky (1) / Široký (2)? | U2: Značka | V2: Typ závěsu | W2: Typ podložky - skupina | Y2: 1 | Z2: 2 | AA2: 3 | AB2: 4 | AC2: 5 | AD2: 6 | AE2: 7 | AO2: ='Translate&Prices&Logo'!B229 -> W górę | AP2: ='Translate&Prices&Logo'!B231 -> W prawo | BQ2: ='Translate&Prices&Logo'!$B$553 -> Zawiasy | BR2: ='Translate&Prices&Logo'!$B$554 -> Podnośniki | BW2: ='Translate&Prices&Logo'!$B$232 -> W lewo | CG2: Úzký | CH2: široký | CI2: Úzký | CJ2: široký | CK2: Úzký | CL2: široký | CM2: Úzký | CN2: široký | CO2: Úzký | CP2: široký | CQ2: Úzký | CR2: široký | CS2: Úzký | CT2: široký | CU2: Úzký | CV2: široký | CW2: Úzký | CX2: široký | CY2: Úzký | CZ2: široký | DA2: Úzký | DB2: široký | DC2: Úzký | DD2: široký | DE2: Úzký | DF2: široký | DG2: Úzký | DH2: široký | DI2: Úzký | DJ2: široký | DK2: Úzký | DL2: široký
A3: Úzký ALU rámeček | B3: Aventos HF | C3: =CONCATENATE("_",A3,"_",B3) -> _Úzký ALU rámeček_Aventos HF | D3: korpusový závěs 13764 | E3: podložka korpus 203387 | F3: středový závěs 13765 | G3: adaptér středového závěsu 13768 | H3: adaptér teleskopu P 13767 | I3: adaptér teleskopu L 13766 | T3: 1 | U3: BLUM | V3: naložený | W3: obyčejná | AO3: ='Translate&Prices&Logo'!B230 -> W dół | AP3: ='Translate&Prices&Logo'!B232 -> W lewo | BQ3: Hettich | BR3: Blum | BW3: ='Translate&Prices&Logo'!$B$231 -> W prawo | CG3: Aventos_HF_TOP | CH3: Aventos_HF_TOP | CI3: Aventos_HK_XS | CJ3: Aventos_HK_XS | CK3: FREElight | CL3: FREElight | CM3: FREEfold | CN3: FREEfold | CO3: Maxi | CP3: Maxi | CQ3: Duo_Forte | CR3: Duo_Forte | CS3: Duo | CT3: Duo | CU3: K12 | CV3: K12 | CW3: spodní_K12 | CX3: spodní_K12 | CY3: Kraby | CZ3: Kraby | DA3: spodní_Kraby | DB3: spodní_Kraby | DC3: Kiaro | DD3: Kiaro | DE3: Link | DF3: Link | DG3: Stronglift_horní | DH3: Stronglift_horní | DI3: Stronglift_spodní | DJ3: Stronglift_spodní | DK3: LiftMini | DL3: LiftMini
A4: Široký ALU rámeček | B4: Aventos HF | C4: =CONCATENATE("_",A4,"_",B4) -> _Široký ALU rámeček_Aventos HF | D4: korpusový závěs 12023 | E4: podložka korpus 203387 | F4: středový závěs 12024 | G4: podložka středová 12340 | H4: podložky teleskopu 203387 | I4: samořezný vrut alu 13681 | V4: polonaložený | W4: s excentrem | AO4: ='Translate&Prices&Logo'!B231 -> W prawo | BQ4: Blum | BR4: ITALIANA ferramenta | BW4: ='Translate&Prices&Logo'!$B$229 -> W górę | CG4: _Úzký_Aventos_HF_TOP | CH4: _široký_Aventos_HF_TOP | CI4: _Úzký_Aventos_HK_XS | CJ4: _široký_Aventos_HK_XS | CK4: _Úzký_FREElight | CL4: _široký_FREElight | CM4: _Úzký_FREEfold | CN4: _široký_FREEfold | CO4: _Úzký_Maxi | CP4: _široký_Maxi | CQ4: _Úzký_Duo_Forte | CR4: _široký_Duo_Forte | CS4: _Úzký_Duo | CT4: _široký_Duo | CU4: _Úzký_K12 | CV4: _široký_K12 | CW4: _Úzký_spodní_K12 | CX4: _široký_spodní_K12 | CY4: _Úzký_Kraby | CZ4: _široký_Kraby | DA4: _Úzký_spodní_Kraby | DB4: _široký_spodní_Kraby | DC4: _Úzký_Kiaro | DD4: _široký_Kiaro | DE4: _Úzký_Link | DF4: _široký_Link | DG4: _Úzký_Stronglift_horní | DH4: _široký_Stronglift_horní | DI4: _Úzký_Stronglift_spodní | DJ4: _široký_Stronglift_spodní | DK4: _Úzký_LiftMini | DL4: _široký_LiftMini | DM4: _široký_Stronglift_dolny | DN4: _Úzký_Stronglift_gorny | DO4: _široký_Stronglift_gorny | DP4: _Úzký_Stronglift_dolny | DQ4: _Úzký_dolny_Kraby | DR4: _široký_dolny_Kraby | DS4: _Úzký_dolny_K12 | DT4: _široký_dolny_K12 | DU4: _Úzký_alsó_K12 | DV4: _široký_alsó_K12 | DW4: _Úzký_alsó_Kraby | DX4: _široký_alsó_Kraby | DY4: _Úzký_Stronglift_felső | DZ4: _široký_Stronglift_felső | EA4: _Úzký_Stronglift_alsó | EB4: _široký_Stronglift_alsó | EC4: _Úzký_StrongLift_haut | ED4: _Široký_StrongLift_haut | EE4: _Úzký_StrongLift_bas | EF4: _Široký_StrongLift_bas | EG4: _Úzký_inférieure_kraby | EH4: _Široký_inférieure_kraby | EI4: _Úzký_inférieure_K12 | EJ4: _Široký_inférieure_K12 | EK4: _Úzký_StrongLift_upper | EL4: _Široký_StrongLift_upper | EM4: _Úzký_StrongLift_bottom | EN4: _Široký_StrongLift_bottom | EO4: _Úzký_bottom_kraby | EP4: _Široký_bottom_kraby | EQ4: _Úzký_bottom_K12 | ER4: _Široký_bottom_K12 | ES4: _Úzký_StrongLift_horný | ET4: _Široký_StrongLift_horný | EU4: _Úzký_StrongLift_spodný | EV4: _Široký_StrongLift_spodný | EW4: _Úzký_dolný_kraby | EX4: _Široký_dolný_kraby | EY4: _Úzký_dolný_K12 | EZ4: _Široký_dolný_K12
A5: Úzký ALU rámeček | B5: Aventos_HK_XS | C5: =CONCATENATE("_",A5,"_",B5) -> _Úzký ALU rámeček_Aventos_HK_XS | D5: korpusový závěs 13764 | E5: podložka korpus 203387 | F5: čelní kování alu 247131 | G5: čep na korpus 247127 | V5: vložený | W5: X | AO5: ='Translate&Prices&Logo'!B232 -> W lewo | BQ5: StrongHingesS5 | BR5: StrongLift | BW5: ='Translate&Prices&Logo'!$B$230 -> W dół | CG5: blum tip-on 13764 | CH5: blum tip-on 12023 | CI5: =CONCATENATE("blum ",'Translate&Prices&Logo'!B664," 118033") -> blum z tłumieniem 118033 | CJ5: =CONCATENATE("blum ",'Translate&Prices&Logo'!B664," 12047") -> blum z tłumieniem 12047 | CK5: hettich P2O 300285 | CL5: hettich P2O 245723 | CM5: hettich P2O 300285 | CN5: hettich P2O 245723 | CO5: hettich P2O 300285 | CP5: hettich P2O 245723 | CQ5: =CONCATENATE("hettich ",'Translate&Prices&Logo'!B666," 300282") -> hettich dolny 300282 | CR5: =CONCATENATE("hettich ",'Translate&Prices&Logo'!B666," 232346") -> hettich dolny 232346 | CS5: =CONCATENATE("hettich ",'Translate&Prices&Logo'!B666," 300282") -> hettich dolny 300282 | CT5: =CONCATENATE("hettich ",'Translate&Prices&Logo'!B666," 232346") -> hettich dolny 232346 | CU5: hettich P2O 300285 | CV5: hettich P2O 245723 | CW5: hettich spodní 300282 | CX5: kimana 224888 | CY5: hettich P2O 300285 | CZ5: hettich P2O 245723 | DA5: hettich spodní 300282 | DB5: kimana 224888 | DC5: =CONCATENATE("hettich ",'Translate&Prices&Logo'!B666," 300282") -> hettich dolny 300282 | DD5: kimana 224888 | DE5: =CONCATENATE("hettich ",'Translate&Prices&Logo'!B666," 300282") -> hettich dolny 300282 | DF5: kimana 224888 | DG5: hettich P2O 300285 | DH5: hettich P2O 245723 | DI5: hettich P2O 300285 | DJ5: hettich P2O 245723 | DK5: =CONCATENATE("hettich ",'Translate&Prices&Logo'!B666," 300282") -> hettich dolny 300282 | DL5: kimana 224888 | DM5: hettich P2O 245723 | DN5: hettich P2O 300285 | DO5: hettich P2O 245723 | DP5: hettich P2O 300285 | DQ5: hettich dolny 300282 | DR5: kimana 224888 | DS5: hettich dolny 300282 | DT5: kimana 224888 | DU5: hettich alsó 300282 | DV5: kimana 224888 | DW5: hettich alsó 300282 | DX5: kimana 224888 | DY5: hettich P2O 300285 | DZ5: hettich P2O 245723 | EA5: hettich P2O 300285 | EB5: hettich P2O 245723 | EC5: hettich P2O 300285 | ED5: hettich P2O 245723 | EE5: hettich P2O 300285 | EF5: hettich P2O 245723 | EG5: hettich inférieure 300282 | EH5: kimana 224888 | EI5: hettich inférieure 300282 | EJ5: kimana 224888 | EK5: hettich P2O 300285 | EL5: hettich P2O 245723 | EM5: hettich P2O 300285 | EN5: hettich P2O 245723 | EO5: hettich bottom 300282 | EP5: kimana 224888 | EQ5: hettich bottom 300282 | ER5: kimana 224888 | ES5: hettich P2O 300285 | ET5: hettich P2O 245723 | EU5: hettich P2O 300285 | EV5: hettich P2O 245723 | EW5: hettich spodný 300282 | EX5: kimana 224888 | EY5: hettich spodný 300282 | EZ5: kimana 224888
A6: Široký ALU rámeček | B6: Aventos_HK_XS | C6: =CONCATENATE("_",A6,"_",B6) -> _Široký ALU rámeček_Aventos_HK_XS | D6: korpusový závěs 12047 | E6: podložka korpus 203387 | F6: čelní kování alu 247129 | G6: samořezný vrut alu 13681 | H6: čep na korpus 247127 | V6: X | W6: vrut | BQ6: StrongHingesS3 | BR6: Kesseböhmer | CG6: blum tip-on 13764 | CH6: blum tip-on 12023 | CI6: blum tip-on 13764 | CJ6: =CONCATENATE("blum ",'Translate&Prices&Logo'!B664," 12047") -> blum z tłumieniem 12047 | CK6: =CONCATENATE("hettich ",'Translate&Prices&Logo'!B664," 300279") -> hettich z tłumieniem 300279 | CL6: =CONCATENATE("hettich ",'Translate&Prices&Logo'!B664," 104717") -> hettich z tłumieniem 104717 | CM6: =CONCATENATE("hettich ",'Translate&Prices&Logo'!B664," 300279") -> hettich z tłumieniem 300279 | CN6: =CONCATENATE("hettich ",'Translate&Prices&Logo'!B664," 104717") -> hettich z tłumieniem 104717 | CO6: =CONCATENATE("hettich ",'Translate&Prices&Logo'!B664," 300279") -> hettich z tłumieniem 300279 | CP6: =CONCATENATE("hettich ",'Translate&Prices&Logo'!B664," 104717") -> hettich z tłumieniem 104717 | CQ6: =CONCATENATE("hettich ",'Translate&Prices&Logo'!B665," 300279") -> hettich gorny 300279 | CR6: =CONCATENATE("hettich ",'Translate&Prices&Logo'!B665," 104717") -> hettich gorny 104717 | CS6: =CONCATENATE("hettich ",'Translate&Prices&Logo'!B665," 300279") -> hettich gorny 300279 | CT6: =CONCATENATE("hettich ",'Translate&Prices&Logo'!B665," 104717") -> hettich gorny 104717 | CU6: =CONCATENATE("hettich ",'Translate&Prices&Logo'!B664," 300279") -> hettich z tłumieniem 300279 | CV6: =CONCATENATE("hettich ",'Translate&Prices&Logo'!B664," 104717") -> hettich z tłumieniem 104717 | CW6: blum spodní 12106 | CX6: hettich spodní 232346 | CY6: =CONCATENATE("hettich ",'Translate&Prices&Logo'!B664," 300279") -> hettich z tłumieniem 300279 | CZ6: =CONCATENATE("hettich ",'Translate&Prices&Logo'!B664," 104717") -> hettich z tłumieniem 104717 | DA6: blum spodní 12106 | DB6: hettich spodní 232346 | DC6: =CONCATENATE("blum ",'Translate&Prices&Logo'!B666," 12106") -> blum dolny 12106 | DD6: =CONCATENATE("hettich ",'Translate&Prices&Logo'!B666," 232346") -> hettich dolny 232346 | DE6: =CONCATENATE("blum ",'Translate&Prices&Logo'!B666," 12106") -> blum dolny 12106 | DF6: =CONCATENATE("hettich ",'Translate&Prices&Logo'!B666," 232346") -> hettich dolny 232346 | DG6: hettich tlumený 300279 | DH6: =CONCATENATE("hettich ",'Translate&Prices&Logo'!B664," 104717") -> hettich z tłumieniem 104717 | DI6: =CONCATENATE("hettich ",'Translate&Prices&Logo'!B664," 300279") -> hettich z tłumieniem 300279 | DJ6: =CONCATENATE("hettich ",'Translate&Prices&Logo'!B664," 104717") -> hettich z tłumieniem 104717 | DK6: =CONCATENATE("blum ",'Translate&Prices&Logo'!B666," 12106") -> blum dolny 12106 | DL6: =CONCATENATE("hettich ",'Translate&Prices&Logo'!B666," 232346") -> hettich dolny 232346 | DM6: hettich z z tłumieniem 104717 | DN6: hettich z z tłumieniem 300279 | DO6: hettich z z tłumieniem 104717 | DP6: hettich z z tłumieniem 300279 | DQ6: blum dolny 12106 | DR6: hettich dolny 232346 | DS6: blum dolny 12106 | DT6: hettich dolny 232346 | DU6: blum alsó 12106 | DV6: hettich alsó 232346 | DW6: blum alsó 12106 | DX6: hettich alsó 232346 | DY6: hettich közézáródó csillapítós 300279 | DZ6: hettich közézáródó csillapítós 104717 | EA6: hettich közézáródó csillapítós 300279 | EB6: hettich közézáródó csillapítós 104717 | EC6: hettich amortisseur 300279 | ED6: hettich amortisseur 104717 | EE6: hettich amortisseur 300279 | EF6: hettich amortisseur 104717 | EG6: blum inférieure 12106 | EH6: hettich inférieure 232346 | EI6: blum inférieure 12106 | EJ6: hettich inférieure 232346 | EK6: hettich soft-closing 300279 | EL6: hettich soft-closing 104717 | EM6: hettich soft-closing 300279 | EN6: hettich soft-closing 104717 | EO6: blum bottom 12106 | EP6: hettich bottom 232346 | EQ6: blum bottom 12106 | ER6: hettich bottom 232346 | ES6: hettich tlmený 300279 | ET6: hettich tlmený 104717 | EU6: hettich tlmený 300279 | EV6: hettich tlmený 104717 | EW6: blum spodný 12106 | EX6: hettich spodný 232346 | EY6: blum spodný 12106 | EZ6: hettich spodný 232346
A7: Úzký ALU rámeček | B7: FREElight | C7: =CONCATENATE("_",A7,"_",B7) -> _Úzký ALU rámeček_FREElight | D7: hettich tip-on 300285 | E7: hettich tlumený 300279 | F7: blum tip-on 12109 | G7: blum tlumený 118033 | I7: strong tip-on 350864 | J7: strong tlumený 92584T | V7: tlumený | W7: eurošroub | BQ7: StrongHingesS3 | BR7: Hettich | CG7: blum tip-on 13764 | CH7: blum tip-on 12023 | CI7: blum tip-on 13764 | CJ7: =CONCATENATE("blum ",'Translate&Prices&Logo'!B664," 12047") -> blum z tłumieniem 12047 | CK7: blum tip-on 12109 | CL7: blum tip-on 226668 | CM7: blum tip-on 12109 | CN7: blum tip-on 226668 | CO7: blum tip-on 12109 | CP7: blum tip-on 226668 | CQ7: =CONCATENATE("blum ",'Translate&Prices&Logo'!B666," 12106") -> blum dolny 12106 | CR7: =CONCATENATE("blum ",'Translate&Prices&Logo'!B666," 12052") -> blum dolny 12052 | CS7: =CONCATENATE("blum ",'Translate&Prices&Logo'!B666," 12106") -> blum dolny 12106 | CT7: =CONCATENATE("blum ",'Translate&Prices&Logo'!B666," 12052") -> blum dolny 12052 | CU7: blum tip-on 12109 | CV7: blum tip-on 226668 | CW7: strong spodní 92584T | CX7: blum spodní 12052 | CY7: blum tip-on 12109 | CZ7: blum tip-on 226668 | DA7: strong spodní 92584T | DB7: blum spodní 12052 | DC7: =CONCATENATE("strong ",'Translate&Prices&Logo'!B666," 92584T") -> strong dolny 92584T | DD7: =CONCATENATE("blum ",'Translate&Prices&Logo'!B666," 12052") -> blum dolny 12052 | DE7: =CONCATENATE("strong ",'Translate&Prices&Logo'!B666," 92584T") -> strong dolny 92584T | DF7: =CONCATENATE("blum ",'Translate&Prices&Logo'!B666," 12052") -> blum dolny 12052 | DG7: blum tip-on 12109 | DH7: blum tip-on 226668 | DI7: blum tip-on 12109 | DJ7: blum tip-on 226668 | DK7: =CONCATENATE("strong ",'Translate&Prices&Logo'!B666," 92584T") -> strong dolny 92584T | DL7: =CONCATENATE("blum ",'Translate&Prices&Logo'!B666," 12052") -> blum dolny 12052 | DM7: blum tip-on 226668 | DN7: blum tip-on 12109 | DO7: blum tip-on 226668 | DP7: blum tip-on 12109 | DQ7: strong dolny 92584T | DR7: blum dolny 12052 | DS7: strong dolny 92584T | DT7: blum dolny 12052 | DU7: strong alsó 92584T | DV7: blum alsó 12052 | DW7: strong alsó 92584T | DX7: blum alsó 12052 | DY7: blum tip-on 12109 | DZ7: blum tip-on 226668 | EA7: blum tip-on 12109 | EB7: blum tip-on 226668 | EC7: blum tip-on 12109 | ED7: blum tip-on 226668 | EE7: blum tip-on 12109 | EF7: blum tip-on 226668 | EG7: strong inférieure 92584T | EH7: blum inférieure 12052 | EI7: strong inférieure 92584T | EJ7: blum inférieure 12052 | EK7: blum tip-on 12109 | EL7: blum tip-on 226668 | EM7: blum tip-on 12109 | EN7: blum tip-on 226668 | EO7: strong bottom 92584T | EP7: blum bottom 12052 | EQ7: strong bottom 92584T | ER7: blum bottom 12052 | ES7: blum tip-on 12109 | ET7: blum tip-on 226668 | EU7: blum tip-on 12109 | EV7: blum tip-on 226668 | EW7: strong spodný 92584T | EX7: blum spodný 12052 | EY7: strong spodný 92584T | EZ7: blum spodný 12052
A8: Široký ALU rámeček | B8: FREElight | C8: =CONCATENATE("_",A8,"_",B8) -> _Široký ALU rámeček_FREElight | D8: hettich tip-on 245723 | E8: hettich tlumený 104717 | F8: blum tip-on 226668 | G8: blum tlumený 12047 | H8: strong tip-on 350837 | I8: strong tlumený 350827 | V8: netlumený | W8: hmoždinka (jaká?) | CG8: blum tip-on 13764 | CH8: blum tip-on 12023 | CI8: blum tip-on 13764 | CJ8: =CONCATENATE("blum ",'Translate&Prices&Logo'!B664," 12047") -> blum z tłumieniem 12047 | CK8: strong tip-on 350864 | CL8: =CONCATENATE("blum ",'Translate&Prices&Logo'!B664," 12047") -> blum z tłumieniem 12047 | CM8: strong tip-on 350864 | CN8: =CONCATENATE("blum ",'Translate&Prices&Logo'!B664," 12047") -> blum z tłumieniem 12047 | CO8: strong tip-on 350864 | CP8: =CONCATENATE("blum ",'Translate&Prices&Logo'!B664," 12047") -> blum z tłumieniem 12047 | CQ8: =CONCATENATE("strong ",'Translate&Prices&Logo'!B666," 92584T") -> strong dolny 92584T | CR8: =CONCATENATE("blum ",'Translate&Prices&Logo'!B665," 12047") -> blum gorny 12047 | CS8: =CONCATENATE("strong ",'Translate&Prices&Logo'!B666," 92584T") -> strong dolny 92584T | CT8: =CONCATENATE("blum ",'Translate&Prices&Logo'!B665," 12047") -> blum gorny 12047 | CU8: strong tip-on 350864 | CV8: =CONCATENATE("blum ",'Translate&Prices&Logo'!B664," 12047") -> blum z tłumieniem 12047 | CW8: strong spodní 92584T | CX8: strong spodní 350834 | CY8: strong tip-on 350864 | CZ8: =CONCATENATE("blum ",'Translate&Prices&Logo'!B664," 12047") -> blum z tłumieniem 12047 | DA8: strong spodní 92584T | DB8: strong spodní 350834 | DC8: =CONCATENATE("strong ",'Translate&Prices&Logo'!B666," 92584T") -> strong dolny 92584T | DD8: =CONCATENATE("strong ",'Translate&Prices&Logo'!B666," 350834") -> strong dolny 350834 | DE8: =CONCATENATE("strong ",'Translate&Prices&Logo'!B666," 92584T") -> strong dolny 92584T | DF8: =CONCATENATE("strong ",'Translate&Prices&Logo'!B666," 350834") -> strong dolny 350834 | DG8: strong tip-on 350864 | DH8: =CONCATENATE("blum ",'Translate&Prices&Logo'!B664," 12047") -> blum z tłumieniem 12047 | DI8: strong tip-on 350864 | DJ8: =CONCATENATE("blum ",'Translate&Prices&Logo'!B664," 12047") -> blum z tłumieniem 12047 | DK8: =CONCATENATE("strong ",'Translate&Prices&Logo'!B666," 92584T") -> strong dolny 92584T | DL8: =CONCATENATE("strong ",'Translate&Prices&Logo'!B666," 350834") -> strong dolny 350834 | DM8: blum z z tłumieniem 12047 | DN8: strong tip-on 350864 | DO8: blum z z tłumieniem 12047 | DP8: strong tip-on 350864 | DR8: strong dolny 350834 | DS8: strong dolny 92584T | DT8: strong dolny 350834 | DU8: strong alsó 92584T | DV8: strong alsó 350834 | DW8: strong alsó 92584T | DX8: strong alsó 350834 | DY8: strong tip-on 350864 | DZ8: blum közézáródó csillapítós 12047 | EA8: strong tip-on 350864 | EB8: blum közézáródó csillapítós 12047 | EC8: strong tip-on 350864 | ED8: blum amortisseur 12047 | EE8: strong tip-on 350864 | EF8: blum amortisseur 12047 | EG8: strong inférieure 92584T | EH8: strong inférieure 350834 | EI8: strong inférieure 92584T | EJ8: strong inférieure 350834 | EK8: strong tip-on 350864 | EL8: blum soft-closing 12047 | EM8: strong tip-on 350864 | EN8: blum soft-closing 12047 | EO8: strong bottom 92584T | EP8: strong bottom 350834 | EQ8: strong bottom 92584T | ER8: strong bottom 350834 | ES8: strong tip-on 350864 | ET8: blum tlmený 12047 | EU8: strong tip-on 350864 | EV8: blum tlmený 12047 | EW8: strong spodný 92584T | EX8: strong spodný 350834 | EY8: strong spodný 92584T | EZ8: strong spodný 350834
A9: Úzký ALU rámeček | B9: FREEfold | C9: =CONCATENATE("_",A9,"_",B9) -> _Úzký ALU rámeček_FREEfold | D9: hettich tip-on 300285 | E9: hettich tlumený 300279 | F9: blum tip-on 12109 | G9: blum tlumený 118033 | I9: strong tip-on 350864 | J9: strong tlumený 92584T | V9: tip-on | W9: X | CG9: blum tip-on 13764 | CH9: blum tip-on 12023 | CI9: blum tip-on 13764 | CJ9: =CONCATENATE("blum ",'Translate&Prices&Logo'!B664," 12047") -> blum z tłumieniem 12047 | CK9: =CONCATENATE("strong ",'Translate&Prices&Logo'!B664," 92584T") -> strong z tłumieniem 92584T | CL9: strong tip-on 350837 | CM9: =CONCATENATE("strong ",'Translate&Prices&Logo'!B664," 92584T") -> strong z tłumieniem 92584T | CN9: strong tip-on 350837 | CO9: =CONCATENATE("strong ",'Translate&Prices&Logo'!B664," 92584T") -> strong z tłumieniem 92584T | CP9: strong tip-on 350837 | CQ9: =CONCATENATE("strong ",'Translate&Prices&Logo'!B665," 92584T") -> strong gorny 92584T | CR9: =CONCATENATE("strong ",'Translate&Prices&Logo'!B666," 350834") -> strong dolny 350834 | CS9: =CONCATENATE("strong ",'Translate&Prices&Logo'!B665," 92584T") -> strong gorny 92584T | CT9: =CONCATENATE("strong ",'Translate&Prices&Logo'!B666," 350834") -> strong dolny 350834 | CU9: =CONCATENATE("strong ",'Translate&Prices&Logo'!B664," 92584T") -> strong z tłumieniem 92584T | CV9: strong tip-on 350837 | CW9: strong spodní 92584T | CX9: strong spodní 350834 | CY9: =CONCATENATE("strong ",'Translate&Prices&Logo'!B664," 92584T") -> strong z tłumieniem 92584T | CZ9: strong tip-on 350837 | DA9: strong spodní 92584T | DB9: strong spodní 350834 | DC9: =CONCATENATE("strong ",'Translate&Prices&Logo'!B666," 92584T") -> strong dolny 92584T | DD9: =CONCATENATE("strong ",'Translate&Prices&Logo'!B666," 350834") -> strong dolny 350834 | DE9: =CONCATENATE("strong ",'Translate&Prices&Logo'!B666," 92584T") -> strong dolny 92584T | DF9: =CONCATENATE("strong ",'Translate&Prices&Logo'!B666," 350834") -> strong dolny 350834 | DG9: strong tlumený 92584T | DH9: strong tip-on 350837 | DI9: =CONCATENATE("strong ",'Translate&Prices&Logo'!B664," 92584T") -> strong z tłumieniem 92584T | DJ9: strong tip-on 350837 | DK9: =CONCATENATE("strong ",'Translate&Prices&Logo'!B666," 92584T") -> strong dolny 92584T | DL9: =CONCATENATE("strong ",'Translate&Prices&Logo'!B666," 350834") -> strong dolny 350834 | DM9: strong tip-on 350837 | DN9: strong z z tłumieniem 92584T | DO9: strong tip-on 350837 | DP9: strong z z tłumieniem 92584T | DR9: strong dolny 350834 | DS9: strong dolny 92584T | DT9: strong dolny 350834 | DU9: strong alsó 92584T | DV9: strong alsó 350834 | DW9: strong alsó 92584T | DX9: strong alsó 350834 | DY9: strong közézáródó csillapítós 92584T | DZ9: strong tip-on 350837 | EA9: strong közézáródó csillapítós 92584T | EB9: strong tip-on 350837 | EC9: strong amortisseur 92584T | ED9: strong tip-on 350837 | EE9: strong amortisseur 92584T | EF9: strong tip-on 350837 | EG9: strong inférieure 92584T | EH9: strong inférieure 350834 | EI9: strong inférieure 92584T | EJ9: strong inférieure 350834 | EK9: strong soft-closing 92584T | EL9: strong tip-on 350837 | EM9: strong soft-closing 92584T | EN9: strong tip-on 350837 | EO9: strong bottom 92584T | EP9: strong bottom 350834 | EQ9: strong bottom 92584T | ER9: strong bottom 350834 | ES9: strong tlmený 92584T | ET9: strong tip-on 350837 | EU9: strong tlmený 92584T | EV9: strong tip-on 350837 | EW9: strong spodný 92584T | EX9: strong spodný 350834 | EY9: strong spodný 92584T | EZ9: strong spodný 350834
A10: Široký ALU rámeček | B10: FREEfold | C10: =CONCATENATE("_",A10,"_",B10) -> _Široký ALU rámeček_FREEfold | D10: hettich tip-on 245723 | E10: hettich tlumený 104717 | F10: blum tip-on 226668 | G10: blum tlumený 12047 | H10: strong tip-on 350837 | I10: strong tlumený 350827 | W10: základní | CG10: blum tip-on 13764 | CH10: blum tip-on 12023 | CI10: blum tip-on 13764 | CJ10: =CONCATENATE("blum ",'Translate&Prices&Logo'!B664," 12047") -> blum z tłumieniem 12047 | CK10: =CONCATENATE("strong ",'Translate&Prices&Logo'!B664," 92584T") -> strong z tłumieniem 92584T | CL10: =CONCATENATE("strong ",'Translate&Prices&Logo'!B664," 350827") -> strong z tłumieniem 350827 | CM10: =CONCATENATE("strong ",'Translate&Prices&Logo'!B664," 92584T") -> strong z tłumieniem 92584T | CN10: =CONCATENATE("strong ",'Translate&Prices&Logo'!B664," 350827") -> strong z tłumieniem 350827 | CO10: =CONCATENATE("strong ",'Translate&Prices&Logo'!B664," 92584T") -> strong z tłumieniem 92584T | CP10: =CONCATENATE("strong ",'Translate&Prices&Logo'!B664," 350827") -> strong z tłumieniem 350827 | CQ10: =CONCATENATE("strong ",'Translate&Prices&Logo'!B665," 92584T") -> strong gorny 92584T | CR10: =CONCATENATE("strong ",'Translate&Prices&Logo'!B665," 350827") -> strong gorny 350827 | CS10: =CONCATENATE("strong ",'Translate&Prices&Logo'!B665," 92584T") -> strong gorny 92584T | CT10: =CONCATENATE("strong ",'Translate&Prices&Logo'!B665," 350827") -> strong gorny 350827 | CU10: =CONCATENATE("strong ",'Translate&Prices&Logo'!B664," 92584T") -> strong z tłumieniem 92584T | CV10: =CONCATENATE("strong ",'Translate&Prices&Logo'!B664," 350827") -> strong z tłumieniem 350827 | CW10: strong spodní 92584T | CX10: strong spodní 350834 | CY10: =CONCATENATE("strong ",'Translate&Prices&Logo'!B664," 92584T") -> strong z tłumieniem 92584T | CZ10: =CONCATENATE("strong ",'Translate&Prices&Logo'!B664," 350827") -> strong z tłumieniem 350827 | DA10: strong spodní 92584T | DB10: strong spodní 350834 | DC10: =CONCATENATE("strong ",'Translate&Prices&Logo'!B666," 92584T") -> strong dolny 92584T | DD10: =CONCATENATE("strong ",'Translate&Prices&Logo'!B666," 350834") -> strong dolny 350834 | DE10: =CONCATENATE("strong ",'Translate&Prices&Logo'!B666," 92584T") -> strong dolny 92584T | DF10: =CONCATENATE("strong ",'Translate&Prices&Logo'!B666," 350834") -> strong dolny 350834 | DG10: strong tlumený 92584T | DH10: =CONCATENATE("strong ",'Translate&Prices&Logo'!B664," 350827") -> strong z tłumieniem 350827 | DI10: =CONCATENATE("strong ",'Translate&Prices&Logo'!B664," 92584T") -> strong z tłumieniem 92584T | DJ10: =CONCATENATE("strong ",'Translate&Prices&Logo'!B664," 350827") -> strong z tłumieniem 350827 | DK10: =CONCATENATE("strong ",'Translate&Prices&Logo'!B666," 92584T") -> strong dolny 92584T | DL10: =CONCATENATE("strong ",'Translate&Prices&Logo'!B666," 350834") -> strong dolny 350834 | DM10: strong z z tłumieniem 350827 | DN10: strong z z tłumieniem 92584T | DO10: strong z z tłumieniem 350827 | DP10: strong z z tłumieniem 92584T | DR10: strong dolny 350834 | DS10: strong dolny 92584T | DT10: strong dolny 350834 | DU10: strong alsó 92584T | DV10: strong alsó 350834 | DW10: strong alsó 92584T | DX10: strong alsó 350834 | DY10: strong közézáródó csillapítós 92584T | DZ10: strong közézáródó csillapítós 350827 | EA10: strong közézáródó csillapítós 92584T | EB10: strong közézáródó csillapítós 350827 | EC10: strong amortisseur 92584T | ED10: strong amortisseur 350827 | EE10: strong amortisseur 92584T | EF10: strong amortisseur 350827 | EG10: strong inférieure 92584T | EH10: strong inférieure 350834 | EI10: strong inférieure 92584T | EJ10: strong inférieure 350834 | EK10: strong soft-closing 92584T | EL10: strong soft-closing 350827 | EM10: strong soft-closing 92584T | EN10: strong soft-closing 350827 | EO10: strong bottom 92584T | EP10: strong bottom 350834 | EQ10: strong bottom 92584T | ER10: strong bottom 350834 | ES10: strong tlmený 92584T | ET10: strong tlmený 350827 | EU10: strong tlmený 92584T | EV10: strong tlmený 350827 | EW10: strong spodný 92584T | EX10: strong spodný 350834 | EY10: strong spodný 92584T | EZ10: strong spodný 350834
A11: Úzký ALU rámeček | B11: Maxi | C11: =CONCATENATE("_",A11,"_",B11) -> _Úzký ALU rámeček_Maxi | D11: hettich tip-on 300285 | E11: hettich tlumený 300279 | F11: blum tip-on 12109 | G11: blum tlumený 118033 | I11: strong tip-on 350864 | J11: strong tlumený 92584T | W11: zvýšená (jak moc?)
A12: Široký ALU rámeček | B12: Maxi | C12: =CONCATENATE("_",A12,"_",B12) -> _Široký ALU rámeček_Maxi | D12: hettich tip-on 245723 | E12: hettich tlumený 104717 | F12: blum tip-on 226668 | G12: blum tlumený 12047 | H12: strong tip-on 350837 | I12: strong tlumený 350827 | T12: 2 | U12: BLUM | V12: naložený | W12: obyčejná
A13: Úzký ALU rámeček | B13: Duo Forte | C13: =CONCATENATE("_",A13,"_",B13) -> _Úzký ALU rámeček_Duo Forte | D13: hettich spodní 300282 | E13: hettich horní 300279 | F13: blum spodní 12106 | G13: blum horní 118033 | I13: strong spodní 92584T | J13: strong horní 92584T | V13: polonaložený | W13: s excentrem
A14: Široký ALU rámeček | B14: Duo Forte | C14: =CONCATENATE("_",A14,"_",B14) -> _Široký ALU rámeček_Duo Forte | D14: hettich spodní 232346 | E14: hettich horní 104717 | F14: blum spodní 12052 | G14: blum horní 12047 | H14: strong spodní 350834 | I14: strong horní 350827 | V14: vložený | W14: X
A15: Úzký ALU rámeček | B15: Duo | C15: =CONCATENATE("_",A15,"_",B15) -> _Úzký ALU rámeček_Duo | D15: hettich spodní 300282 | E15: hettich horní 300279 | F15: blum spodní 12106 | G15: blum horní 118033 | I15: strong spodní 92584T | J15: strong horní 92584T | V15: X | W15: vrut
A16: Široký ALU rámeček | B16: Duo | C16: =CONCATENATE("_",A16,"_",B16) -> _Široký ALU rámeček_Duo | D16: hettich spodní 232346 | E16: hettich horní 104717 | F16: blum spodní 12052 | G16: blum horní 12047 | H16: strong spodní 350834 | I16: strong horní 350827 | V16: tlumený | W16: eurošroub
A17: Úzký ALU rámeček | B17: K12 | C17: =CONCATENATE("_",A17,"_",B17) -> _Úzký ALU rámeček_K12 | D17: hettich tip-on 300285 | E17: hettich tlumený 300279 | F17: blum tip-on 12109 | G17: blum tlumený 118033 | I17: strong tip-on 350864 | J17: strong tlumený 92584T | V17: netlumený | W17: hmoždinka (jaká?)
A18: Široký ALU rámeček | B18: K12 | C18: =CONCATENATE("_",A18,"_",B18) -> _Široký ALU rámeček_K12 | D18: hettich tip-on 245723 | E18: hettich tlumený 104717 | F18: blum tip-on 226668 | G18: blum tlumený 12047 | H18: strong tip-on 350837 | I18: strong tlumený 350827 | V18: tip-on | W18: X
A19: Úzký ALU rámeček | B19: Spodní K12 | C19: =CONCATENATE("_",A19,"_",B19) -> _Úzký ALU rámeček_Spodní K12 | D19: hettich spodní 300282 | E19: blum spodní 12106 | F19: strong spodní 92584T | W19: základní
A20: Široký ALU rámeček | B20: Spodní K12 | C20: =CONCATENATE("_",A20,"_",B20) -> _Široký ALU rámeček_Spodní K12 | D20: kimana 224888 | E20: hettich spodní 232346 | F20: blum spodní 12052 | G20: strong spodní 350834 | W20: zvýšená (jak moc?)
A21: Úzký ALU rámeček | B21: Kraby | C21: =CONCATENATE("_",A21,"_",B21) -> _Úzký ALU rámeček_Kraby | D21: hettich tip-on 300285 | E21: hettich tlumený 300279 | F21: blum tip-on 12109 | G21: blum tlumený 118033 | I21: strong tip-on 350864 | J21: strong tlumený 92584T | T21: 1 | U21: HETTICH | V21: naložený | W21: obyčejná
A22: Široký ALU rámeček | B22: Kraby | C22: =CONCATENATE("_",A22,"_",B22) -> _Široký ALU rámeček_Kraby | D22: hettich tip-on 245723 | E22: hettich tlumený 104717 | F22: blum tip-on 226668 | G22: blum tlumený 12047 | H22: strong tip-on 350837 | I22: strong tlumený 350827 | V22: polonaložený | W22: s excentrem
A23: Úzký ALU rámeček | B23: Spodní Kraby | C23: =CONCATENATE("_",A23,"_",B23) -> _Úzký ALU rámeček_Spodní Kraby | D23: hettich spodní 300282 | E23: blum spodní 12106 | F23: strong spodní 92584T | V23: vložený | W23: X
A24: Široký ALU rámeček | B24: Spodní Kraby | C24: =CONCATENATE("_",A24,"_",B24) -> _Široký ALU rámeček_Spodní Kraby | D24: kimana 224888 | E24: hettich spodní 232346 | F24: blum spodní 12052 | G24: strong spodní 350834 | V24: X | W24: vrut
A25: Úzký ALU rámeček | B25: Kiaro | C25: =CONCATENATE("_",A25,"_",B25) -> _Úzký ALU rámeček_Kiaro | D25: hettich spodní 300282 | E25: blum spodní 12106 | F25: strong spodní 92584T | V25: tlumený | W25: eurošroub
A26: Široký ALU rámeček | B26: Kiaro | C26: =CONCATENATE("_",A26,"_",B26) -> _Široký ALU rámeček_Kiaro | D26: kimana 224888 | E26: hettich spodní 232346 | F26: blum spodní 12052 | G26: strong spodní 350834 | V26: netlumený | W26: hmoždinka (jaká?)
A27: Úzký ALU rámeček | B27: Link | C27: =CONCATENATE("_",A27,"_",B27) -> _Úzký ALU rámeček_Link | D27: hettich spodní 300282 | E27: blum spodní 12106 | F27: strong spodní 92584T | V27: tip-on | W27: X
A28: Široký ALU rámeček | B28: Link | C28: =CONCATENATE("_",A28,"_",B28) -> _Široký ALU rámeček_Link | D28: kimana 224888 | E28: hettich spodní 232346 | F28: blum spodní 12052 | G28: strong spodní 350834 | W28: základní
A29: Úzký ALU rámeček | B29: Automatická vzpěra | C29: =CONCATENATE("_",A29,"_",B29) -> _Úzký ALU rámeček_Automatická vzpěra | D29: hettich tip-on 300285 | E29: hettich tlumený 300279 | F29: blum tip-on 12109 | G29: blum tlumený 118033 | I29: strong tip-on 350864 | J29: strong tlumený 92584T | W29: zvýšená (jak moc?)
A30: Široký ALU rámeček | B30: Automatická vzpěra | C30: =CONCATENATE("_",A30,"_",B30) -> _Široký ALU rámeček_Automatická vzpěra | D30: hettich tip-on 245723 | E30: hettich tlumený 104717 | F30: blum tip-on 226668 | G30: blum tlumený 12047 | H30: strong tip-on 350837 | I30: strong tlumený 350827 | T30: 2 | U30: HETTICH | V30: naložený | W30: obyčejná
A31: Úzký ALU rámeček | B31: Polohovací vzpěra | C31: =CONCATENATE("_",A31,"_",B31) -> _Úzký ALU rámeček_Polohovací vzpěra | D31: hettich tip-on 300285 | E31: hettich tlumený 300279 | F31: blum tip-on 12109 | G31: blum tlumený 118033 | I31: strong tip-on 350864 | J31: strong tlumený 92584T | V31: polonaložený | W31: s excentrem
A32: Široký ALU rámeček | B32: Polohovací vzpěra | C32: =CONCATENATE("_",A32,"_",B32) -> _Široký ALU rámeček_Polohovací vzpěra | D32: hettich tip-on 245723 | E32: hettich tlumený 104717 | F32: blum tip-on 226668 | G32: blum tlumený 12047 | H32: strong tip-on 350837 | I32: strong tlumený 350827 | V32: vložený | W32: X
A33: Úzký ALU rámeček | B33: LiftMini | C33: =CONCATENATE("_",A33,"_",B33) -> _Úzký ALU rámeček_LiftMini | D33: hettich spodní 300282 | E33: blum spodní 12106 | F33: strong spodní 92584T | V33: X | W33: vrut
A34: Široký ALU rámeček | B34: LiftMini | C34: =CONCATENATE("_",A34,"_",B34) -> _Široký ALU rámeček_LiftMini | D34: kimana 224888 | E34: hettich spodní 232346 | F34: blum spodní 12052 | G34: strong spodní 350834 | V34: tlumený | W34: eurošroub
V35: netlumený | W35: hmoždinka (jaká?)
A36: 119043 HETTICH 41296 Šroub 3,5 x 9,5 mm DIN 7982 pro uchycení misky do (širokého) alu rámu | V36: tip-on | W36: X
A37: 13681 BLUM 660.0950 speciální vrut pro široké rámečky | W37: základní
W38: zvýšená (jak moc?)
T39: 1 | U39: STRONG(+) | V39: naložený | W39: obyčejná
V40: polonaložený | W40: s excentrem
V41: vložený | W41: X
V42: X | W42: vrut
V43: tlumený | W43: eurošroub
V44: netlumený | W44: hmoždinka (jaká?)
V45: tip-on | W45: X
W46: základní
W47: zvýšená (jak moc?)
T48: 2 | U48: STRONG(+) | V48: naložený | W48: obyčejná
V49: polonaložený | W49: s excentrem
V50: vložený | W50: X
V51: X | W51: vrut
V52: tlumený | W52: eurošroub
V53: netlumený | W53: hmoždinka (jaká?)
V54: tip-on | W54: X
W55: základní
W56: zvýšená (jak moc?)
A57: Úzký | B57: široký | C57: Úzký | D57: široký | E57: Úzký | F57: široký | G57: Úzký | H57: široký | I57: Úzký | J57: široký | K57: Úzký | L57: široký | M57: Úzký | N57: široký | O57: Úzký | P57: široký | Q57: Úzký | R57: široký | S57: Úzký | T57: široký | U57: Úzký | V57: široký | W57: Úzký | X57: široký | Y57: Úzký | Z57: široký | AA57: Úzký | AB57: široký | AC57: Úzký | AD57: široký | AE57: Úzký | AF57: široký
A58: Aventos HF | B58: Aventos HF | C58: Aventos HK-XS | D58: Aventos HK-XS | E58: FREElight | F58: FREElight | G58: FREEfold | H58: FREEfold | I58: Maxi | J58: Maxi | K58: Duo Forte | L58: Duo Forte | M58: Duo | N58: Duo | O58: K12 | P58: K12 | Q58: Spodní K12 | R58: Spodní K12 | S58: Kraby | T58: Kraby | U58: Spodní Kraby | V58: Spodní Kraby | W58: Kiaro | X58: Kiaro | Y58: Link | Z58: Link | AA58: Automatická vzpěra | AB58: Automatická vzpěra | AC58: Polohovací vzpěra | AD58: Polohovací vzpěra | AE58: LiftMini | AF58: LiftMini
A59: korpusový závěs 13764 | B59: korpusový závěs 12023 | C59: korpusový závěs 118033 | D59: korpusový závěs 12047 | E59: hettich tip-on 300285 | F59: hettich tip-on 245723 | G59: hettich tip-on 300285 | H59: hettich tip-on 245723 | I59: hettich tip-on 300285 | J59: hettich tip-on 245723 | K59: hettich spodní 300282 | L59: hettich spodní 232346 | M59: hettich spodní 300282 | N59: hettich spodní 232346 | O59: hettich tip-on 300285 | P59: hettich tip-on 245723 | Q59: hettich spodní 300282 | R59: kimana 224888 | S59: hettich tip-on 300285 | T59: hettich tip-on 245723 | U59: hettich spodní 300282 | V59: kimana 224888 | W59: hettich spodní 300282 | X59: kimana 224888 | Y59: hettich spodní 300282 | Z59: kimana 224888 | AA59: hettich tip-on 300285 | AB59: hettich tip-on 245723 | AC59: hettich tip-on 300285 | AD59: hettich tip-on 245723 | AE59: hettich spodní 300282 | AF59: kimana 224888
